Workbook

Sheet P. Adecuación
B2: ADECUACIÓN Y REMODELACIÓN DEL PUESTO DE SALUD DEL CORREGIMIENTO DE LA VICTORIA DE SAN ISIDRO DEL MUNICIPIO DE LA JAGUA DE IBIRICO, CESAR
B3: Nombre Entidad : MUNICIPIO DE LA JAGUA DE IBIRICO CESAR | F3: FECHA ELABORACION | G3: 45375
B4: Sede: | C4: PUESTO DE SALUD DEL CORREGIMIENTO DE LA VICTORIA DE SAN ISIDRO | K4: 0.014 | L4: 0.756 | M4: 0.01 | N4: 0.22 | O4: =SUM(K4:N4) -> 1
B5: ÍTEM | C5: ACTIVIDADES | D5: UNIDAD | E5: CANTIDAD | F5: VR UNITARIO | G5: VALOR TOTAL | H5: AIU | I5: 1.3 | J5: EQUIPO | K5: MATERIALES | L5: TRANSPORTE | M5: M. OBRA | N5: TOTAL
B6: 1. | C6: PRELIMINARES | H6: =+Tabla13[[#This Row],[ VALOR TOTAL]]*1.3 -> 0 | I6: =SUM(G7:G11)*I5 -> 37315715 | J6: =I6*0.3 -> 11194714 | M6: =I6*0.7 -> 26121000 | N6: =SUM(J6:M6) -> 37315715
B7: 1.1 | C7: DEMOLICIONES (PISOS) | D7: m2 | E7: =+'1.1'!AN45 -> 380.37 | F7: =+'1. PRELIMINARES'!I31 -> 25017 | G7: =Tabla13[[#This Row],[VR UNITARIO]]*Tabla13[[#This Row],[CANTIDAD]] -> 9515716.3 | H7: =+Tabla13[[#This Row],[ VALOR TOTAL]]*1.3 -> 12370431
B8: 1.2 | C8: DESMONTES (VENTANAS) | D8: und | E8: =+'1.2'!AN39 -> 23 | F8: =+'1. PRELIMINARES'!I114 -> 27756 | G8: =Tabla13[[#This Row],[VR UNITARIO]]*Tabla13[[#This Row],[CANTIDAD]] -> 638388 | H8: =+Tabla13[[#This Row],[ VALOR TOTAL]]*1.3 -> 829904.4
B9: 1.3 | C9: DESMONTE DE APARATOS SANITARIOS, LAVAMANOS Y LAVAPLATOS | D9: und | E9: =+'1.3'!AN36 -> 20 | F9: =+'1. PRELIMINARES'!G121 -> 34695 | G9: =Tabla13[[#This Row],[VR UNITARIO]]*Tabla13[[#This Row],[CANTIDAD]] -> 693900 | H9: =+Tabla13[[#This Row],[ VALOR TOTAL]]*1.3 -> 902070
B10: 1.4 | C10: DESMONTES (CIELO RASOS) | D10: m2 | E10: =+'1.4'!AN40 -> 488.57 | F10: =+'1. PRELIMINARES'!G159 -> 36406.25 | G10: =Tabla13[[#This Row],[VR UNITARIO]]*Tabla13[[#This Row],[CANTIDAD]] -> 17787002 | H10: =+Tabla13[[#This Row],[ VALOR TOTAL]]*1.3 -> 23123102
B11: 1.5 | C11: DESMONTES (PUERTAS) | D11: und | E11: =+'1.5'!AN34 -> 2 | F11: =+'1. PRELIMINARES'!G197 -> 34695 | G11: =Tabla13[[#This Row],[VR UNITARIO]]*Tabla13[[#This Row],[CANTIDAD]] -> 69390 | H11: =+Tabla13[[#This Row],[ VALOR TOTAL]]*1.3 -> 90207
B12: 2. | C12: OBRAS DE URBANISMO | H12: =+Tabla13[[#This Row],[ VALOR TOTAL]]*1.3 -> 0 | I12: =SUM(G13)*I5 -> 163006.43 | J12: =I12*$K$4 -> 2282.09 | K12: =I12*$L$4 -> 123232.86 | L12: =I12*$M$4 -> 1630.0643 | M12: =I12*$N$4 -> 35861.414 | N12: =SUM(J12:M12) -> 163006.43
B13: 2.1 | C13: RAMPA EN CONCRETO 3000 PSI; E=0,10mts | D13: m2 | E13: 2.1602502 | F13: =+'2. URBANISMO'!I38 -> 58044 | G13: =Tabla13[[#This Row],[VR UNITARIO]]*Tabla13[[#This Row],[CANTIDAD]] -> 125389.56 | H13: =+Tabla13[[#This Row],[ VALOR TOTAL]]*1.3 -> 163006.43
B14: 3. | C14: OBRAS EN CUBIERTA | H14: =+Tabla13[[#This Row],[ VALOR TOTAL]]*1.3 -> 0 | I14: =SUM(G15:G17)*I5 -> 59632378 | J14: =I14*$K$4 -> 834853.29 | K14: =I14*$L$4 -> 45082078 | L14: =I14*$M$4 -> 596323.78 | M14: =I14*$N$4 -> 13119123 | N14: =SUM(J14:M14) -> 59632378
B15: 3.1 | C15: CUBIERTA EN TEJA ARQUITECTONICA ACESCO O SIMILAR | D15: m2 | E15: =+'3.1'!AN45 -> 583.46 | F15: =+'3. CUBIERTA'!I37 -> 58212 | G15: =Tabla13[[#This Row],[VR UNITARIO]]*Tabla13[[#This Row],[CANTIDAD]] -> 33964374 | H15: =+Tabla13[[#This Row],[ VALOR TOTAL]]*1.3 -> 44153686
B16: 3.2 | C16: IMPERMEABILIZACION DE PLACA EN MANTO EDIL 3 MM STANDAR INCL. IMPRIMANTE Y PINTURA BITUMINOSA | D16: m2 | E16: =+'3.2'!AN46 -> 183.25 | F16: =+'3. CUBIERTA'!I82 -> 47736 | G16: =Tabla13[[#This Row],[VR UNITARIO]]*Tabla13[[#This Row],[CANTIDAD]] -> 8747622 | H16: =+Tabla13[[#This Row],[ VALOR TOTAL]]*1.3 -> 11371909
B17: 3.3 | C17: MEDIACAÑA EN MORTERO 1:4 | D17: ml | E17: =+'3.3'!AN45 -> 151.9 | F17: =+'3. CUBIERTA'!I127 -> 20797 | G17: =Tabla13[[#This Row],[VR UNITARIO]]*Tabla13[[#This Row],[CANTIDAD]] -> 3159064.3 | H17: =+Tabla13[[#This Row],[ VALOR TOTAL]]*1.3 -> 4106783.6
H18: =+Tabla13[[#This Row],[ VALOR TOTAL]]*1.3 -> 0
B19: 4. | C19: MAMPOSTERIA Y PINTURA | H19: =+Tabla13[[#This Row],[ VALOR TOTAL]]*1.3 -> 0 | I19: =SUM(G20:G24)*I5 -> 48795172 | J19: =I19*$K$4 -> 683132.4 | K19: =I19*$L$4 -> 36889150 | L19: =I19*$M$4 -> 487951.72 | M19: =I19*$N$4 -> 10734938 | N19: =SUM(J19:M19) -> 48795172
B20: 4.1 | C20: PAÑETE LISO MUROS 1:4 | D20: m2 | E20: =+'4.1'!AN53 -> 482.45 | F20: =+'4. MAMPOSTERIA'!I266 -> 28238 | G20: =Tabla13[[#This Row],[VR UNITARIO]]*Tabla13[[#This Row],[CANTIDAD]] -> 13623423 | H20: =+Tabla13[[#This Row],[ VALOR TOTAL]]*1.3 -> 17710450
B21: 4.2 | C21: PAÑETE IMPERMEABILIZADO 1:3 | D21: m2 | E21: =+'4.2'!AN45 -> 81.53 | F21: =+'4. MAMPOSTERIA'!I311 -> 33594 | G21: =Tabla13[[#This Row],[VR UNITARIO]]*Tabla13[[#This Row],[CANTIDAD]] -> 2738918.8 | H21: =+Tabla13[[#This Row],[ VALOR TOTAL]]*1.3 -> 3560594.5
B22: 4.3 | C22: FILOS Y DILATACIONES EN PAÑETES | D22: m2 | E22: =+'4.3'!AN45 -> 1335.88 | F22: =+'4. MAMPOSTERIA'!I356 -> 5855 | G22: =Tabla13[[#This Row],[VR UNITARIO]]*Tabla13[[#This Row],[CANTIDAD]] -> 7821577.4 | H22: =+Tabla13[[#This Row],[ VALOR TOTAL]]*1.3 -> 10168051
B23: 4.4 | C23: ESTUCO Y VINILO TRES MANOS EN MUROS (COLOR) | D23: m2 | E23: =+'4.4'!AN45 -> 239.36 | F23: =+'4. MAMPOSTERIA'!I401 -> 40195 | G23: =Tabla13[[#This Row],[VR UNITARIO]]*Tabla13[[#This Row],[CANTIDAD]] -> 9621075.2 | H23: =+Tabla13[[#This Row],[ VALOR TOTAL]]*1.3 -> 12507398
B24: 4.5 | C24: PINTURA FACHADA EN VINILO PARA EXTERIORES | D24: m2 | E24: =+'4.5'!AN45 -> 81.53 | F24: =+'4. MAMPOSTERIA'!I446 -> 45747 | G24: =Tabla13[[#This Row],[VR UNITARIO]]*Tabla13[[#This Row],[CANTIDAD]] -> 3729752.9 | H24: =+Tabla13[[#This Row],[ VALOR TOTAL]]*1.3 -> 4848678.8
B25: 5. | C25: PISOS Y CIELO RASO | H25: =+Tabla13[[#This Row],[ VALOR TOTAL]]*1.3 -> 0 | I25: =SUM(G26:G30)*I5 -> 1.5120341e+08 | J25: =I25*$K$4 -> 2116847.8 | K25: =I25*$L$4 -> 1.1430978e+08 | L25: =I25*$M$4 -> 1512034.1 | M25: =I25*$N$4 -> 33264751 | N25: =SUM(J25:M25) -> 1.5120341e+08
B26: 5.1 | C26: ALISTADO PISO 1:5 E=0.04 M | D26: m2 | E26: =+'5.1'!AN45 -> 380.37 | F26: =+'5. PISOS'!I37 -> 31511 | G26: =Tabla13[[#This Row],[VR UNITARIO]]*Tabla13[[#This Row],[CANTIDAD]] -> 11985839 | H26: =+Tabla13[[#This Row],[ VALOR TOTAL]]*1.3 -> 15581591
B27: 5.2 | C27: SUMINISTRO E INSTALACIÓN DE BALDOSIN 20 X 20 CM LINEA INSTITUCIONAL O SIMILAR BLANCO | D27: m2 | E27: =+'5.2'!AN45 -> 5.3 | F27: =+'5. PISOS'!I82 -> 73662 | G27: =Tabla13[[#This Row],[VR UNITARIO]]*Tabla13[[#This Row],[CANTIDAD]] -> 390408.6 | H27: =+Tabla13[[#This Row],[ VALOR TOTAL]]*1.3 -> 507531.18
B28: 5.3 | C28: GUARDAESCOBA MEDIA CAÑA EN GRANITO PULIDO | D28: ml | E28: =+'5.3'!AN45 -> 151.9 | F28: =+'5. PISOS'!I127 -> 39552 | G28: =Tabla13[[#This Row],[VR UNITARIO]]*Tabla13[[#This Row],[CANTIDAD]] -> 6007948.8 | H28: =+Tabla13[[#This Row],[ VALOR TOTAL]]*1.3 -> 7810333.4
B29: 5.4 | C29: PISO PORCELANATO 60 X 60 CM PRIMERA CALIDAD O SIMILAR | D29: m2 | E29: =+'5.4'!AN45 -> 380.37 | F29: =+'5. PISOS'!I173 -> 126752 | G29: =Tabla13[[#This Row],[VR UNITARIO]]*Tabla13[[#This Row],[CANTIDAD]] -> 48212658 | H29: =+Tabla13[[#This Row],[ VALOR TOTAL]]*1.3 -> 62676456
B30: 5.5 | C30: CIELO RASO EN PVC (INCLUYE ESTRUCTURA DE SOPORTE Y TODOS LOS ELEMENTOS NECESARIOS PARA SU CORRECTA INSTALACIÓN) | D30: m2 | E30: =+'5.5'!AN45 -> 488.57 | F30: =+'5. PISOS'!I218 -> 101753 | G30: =Tabla13[[#This Row],[VR UNITARIO]]*Tabla13[[#This Row],[CANTIDAD]] -> 49713463 | H30: =+Tabla13[[#This Row],[ VALOR TOTAL]]*1.3 -> 64627502
B31: 6. | C31: ENCHAPES Y ACCESORIOS BAÑOS | H31: =+Tabla13[[#This Row],[ VALOR TOTAL]]*1.3 -> 0 | I31: =SUM(G32:G38)*I5 -> 29679913 | J31: =I31*$K$4 -> 415518.79 | K31: =I31*$L$4 -> 22438015 | L31: =I31*$M$4 -> 296799.13 | M31: =I31*$N$4 -> 6529581 | N31: =SUM(J31:M31) -> 29679913
B32: 6.1 | C32: CERAMICA PARED (INCLUYE BOQUILLA COLOR, WING Y LINEALES) | D32: m2 | E32: =+'6.1'!AN45 -> 87.05 | F32: =+'6. BAÑOS'!I37 -> 65211 | G32: =Tabla13[[#This Row],[VR UNITARIO]]*Tabla13[[#This Row],[CANTIDAD]] -> 5676617.5 | H32: =+Tabla13[[#This Row],[ VALOR TOTAL]]*1.3 -> 7379602.8
B33: 6.2 | C33: CERAMICA PISO 33 X 33 CM LINEA INSTITUCIONAL O SIMILAR (INCLUYE BOQUILLA COLOR, LINEALES) | D33: m2 | E33: =+'6.2'!AN45 -> 108.81 | F33: =+'6. BAÑOS'!I82 -> 91468 | G33: =Tabla13[[#This Row],[VR UNITARIO]]*Tabla13[[#This Row],[CANTIDAD]] -> 9952633.1 | H33: =+Tabla13[[#This Row],[ VALOR TOTAL]]*1.3 -> 12938423
B34: 6.3 | C34: SUMINISTRO E INSTALACIÓN DE SANITARIO LINEA INSTITUCIONAL O SIMILAR (INCLUYE TODOS LOS ACCESORIOS NECESARIOS PARA SU CORRECTO FUNCIONAMIENTO) | D34: und | E34: =+'6.3'!AN45 -> 8 | F34: =+'6. BAÑOS'!I127 -> 389548 | G34: =Tabla13[[#This Row],[VR UNITARIO]]*Tabla13[[#This Row],[CANTIDAD]] -> 3116384 | H34: =+Tabla13[[#This Row],[ VALOR TOTAL]]*1.3 -> 4051299.2
B35: 6.4 | C35: SUMINISTRO E INSTALACIÓN DE LAVAMANOS LINEA INSTITUCIONAL O SIMILAR (INCLUYE GRIFO Y TODOS LOS ACCESORIOS NECESARIOS PARA SU CORRECTO FUNCIONAMIENTO) | D35: und | E35: =+'6.4'!AN45 -> 8 | F35: =+'6. BAÑOS'!I172 -> 282124 | G35: =Tabla13[[#This Row],[VR UNITARIO]]*Tabla13[[#This Row],[CANTIDAD]] -> 2256992 | H35: =+Tabla13[[#This Row],[ VALOR TOTAL]]*1.3 -> 2934089.6
B36: 6.5 | C36: SUMINISTRO E INSTALACIÓN DE PROTECTOR DE PAPEL HIGIENICO (INCLUYE TODOS LOS ACCESORIOS NECESARIOS PARA SU CORRECTO FUNCIONAMIENTO) | D36: und | E36: =+'6.5'!AN45 -> 8 | F36: =+'6. BAÑOS'!I217 -> 91751 | G36: =Tabla13[[#This Row],[VR UNITARIO]]*Tabla13[[#This Row],[CANTIDAD]] -> 734008 | H36: =+Tabla13[[#This Row],[ VALOR TOTAL]]*1.3 -> 954210.4
B37: 6.6 | C37: SUMINISTRO E INSTALACIÓN DE TOALLERO (INCLUYE TODOS LOS ACCESORIOS NECESARIOS PARA SU CORRECTO FUNCIONAMIENTO) | D37: und | E37: =+'6.6'!AN45 -> 8 | F37: =+'6. BAÑOS'!I262 -> 56651 | G37: =Tabla13[[#This Row],[VR UNITARIO]]*Tabla13[[#This Row],[CANTIDAD]] -> 453208 | H37: =+Tabla13[[#This Row],[ VALOR TOTAL]]*1.3 -> 589170.4
B38: 6.7 | C38: LAVAPLATOS A.INOX. 100 X 60CM (INCLUYE GRIFO Y TODOS LOS ACCESORIOS NECESARIOS PARA SU CORRECTO FUNCIONAMIENTO) | D38: und | E38: =+'6.7'!AN45 -> 2 | F38: =+'6. BAÑOS'!I307 -> 320430 | G38: =Tabla13[[#This Row],[VR UNITARIO]]*Tabla13[[#This Row],[CANTIDAD]] -> 640860 | H38: =+Tabla13[[#This Row],[ VALOR TOTAL]]*1.3 -> 833118
B39: 7. | C39: SUMINISTRO E INSTALACIÓN DE CARPINTERIA | H39: =+Tabla13[[#This Row],[ VALOR TOTAL]]*1.3 -> 0 | I39: =SUM(G40:G44)*I5 -> 25526453 | J39: =I39*$K$4 -> 357370.35 | K39: =I39*$L$4 -> 19297999 | L39: =I39*$M$4 -> 255264.53 | M39: =I39*$N$4 -> 5615819.8 | N39: =SUM(J39:M39) -> 25526453
B40: 7.1 | C40: MUEBLE SENCILLO EN MADERA | D40: ml | E40: =+'7.1'!AN45 -> 4.45 | F40: =+'7. CARPINTERIA'!I37 -> 761945 | G40: =Tabla13[[#This Row],[VR UNITARIO]]*Tabla13[[#This Row],[CANTIDAD]] -> 3390655.2 | H40: =+Tabla13[[#This Row],[ VALOR TOTAL]]*1.3 -> 4407851.8
B41: 7.2 | C41: PUERTAS LAMINA CON MARCO CAL. 18, INCL. ANTICORROSIVO Y ACABADO EN ESMALTE, INCLUYE CERRADURA E INSTALACION. | D41: und | E41: =+'7.2'!AN45 -> 2 | F41: =+'7. CARPINTERIA'!I82 -> 456016 | G41: =Tabla13[[#This Row],[VR UNITARIO]]*Tabla13[[#This Row],[CANTIDAD]] -> 912032 | H41: =+Tabla13[[#This Row],[ VALOR TOTAL]]*1.3 -> 1185641.6
B42: 7.3 | C42: VENTANA SENCILLA EN ALUMINIO | D42: und | E42: =+'7.3'!AN45 -> 23 | F42: =+'7. CARPINTERIA'!I127 -> 611307 | G42: =Tabla13[[#This Row],[VR UNITARIO]]*Tabla13[[#This Row],[CANTIDAD]] -> 14060061 | H42: =+Tabla13[[#This Row],[ VALOR TOTAL]]*1.3 -> 18278079
B43: 7.4 | C43: ESPEJO 4 MM | D43: m2 | E43: =+'7.4'!AN45 -> 2.16 | F43: =+'7. CARPINTERIA'!I172 -> 589345 | G43: =Tabla13[[#This Row],[VR UNITARIO]]*Tabla13[[#This Row],[CANTIDAD]] -> 1272985.2 | H43: =+Tabla13[[#This Row],[ VALOR TOTAL]]*1.3 -> 1654880.8
H44: =+Tabla13[[#This Row],[ VALOR TOTAL]]*1.3 -> 0
B45: 8. | C45: MANTENIMIENTO INTEGRAL DEL SISTEMA ELECTRICO | H45: =+Tabla13[[#This Row],[ VALOR TOTAL]]*1.3 -> 0 | I45: =SUM(G46:G51)*I5 -> 54259501 | J45: =I45*$K$4 -> 759633.02 | K45: =I45*$L$4 -> 41020183 | L45: =I45*$M$4 -> 542595.01 | M45: =I45*$N$4 -> 11937090 | N45: =SUM(J45:M45) -> 54259501
B46: 8.1 | C46: SUMINISTRO E INSTALACION DE TOMAS ELECTRICOS DOBLES 110V | D46: und | E46: =+'8.1'!AN45 -> 13 | F46: =+'8. ELECTRICO'!I37 -> 70023 | G46: =Tabla13[[#This Row],[VR UNITARIO]]*Tabla13[[#This Row],[CANTIDAD]] -> 910299 | H46: =+Tabla13[[#This Row],[ VALOR TOTAL]]*1.3 -> 1183388.7
B47: 8.2 | C47: SUMINISTRO E INSTALACION DE INTERRUPTORES SENCILLOS 110V | D47: und | E47: =+'8.2'!AN45 -> 70 | F47: =+'8. ELECTRICO'!I82 -> 70023 | G47: =+Tabla13[[#This Row],[VR UNITARIO]]*Tabla13[[#This Row],[CANTIDAD]] -> 4901610 | H47: =+Tabla13[[#This Row],[ VALOR TOTAL]]*1.3 -> 6372093
B48: 8.3 | C48: SALIDAS PARA ILUMINACIÓN 120V (INCLUYE CAJA OCTAGONAL, ADAPTADORES, DUCTO EMT DE 1/2 Y/O 3/4", CABLEADO EN #12 AWG + TIERRA E INTERRUPTOR. NO INCLUYE LUMINARIA) | D48: ml | E48: =+'8.3'!AN45 -> 239 | F48: =+'8. ELECTRICO'!I127 -> 92641 | G48: =Tabla13[[#This Row],[VR UNITARIO]]*Tabla13[[#This Row],[CANTIDAD]] -> 22141199 | H48: =+Tabla13[[#This Row],[ VALOR TOTAL]]*1.3 -> 28783559
B49: 8.4 | C49: SUMINISTRO E INSTALACIÓN DE LUMINARIA LED 25W (INCLUYE LUMINARIA, AÉREO, DERIVACIÓN EN SALIDA CON CONECTORES DE RESORTE. CABLE ENCAUCHETADA 3*14, INTERRUPTOR, TOMA Y ENCHUFE) | D49: und | E49: =+'8.4'!AN45 -> 70 | F49: =+'8. ELECTRICO'!I173 -> 84190 | G49: =Tabla13[[#This Row],[VR UNITARIO]]*Tabla13[[#This Row],[CANTIDAD]] -> 5893300 | H49: =+Tabla13[[#This Row],[ VALOR TOTAL]]*1.3 -> 7661290
B50: 8.5 | C50: REGATAS | D50: ml | E50: =+'8.5'!AN45 -> 239 | F50: =+'8. ELECTRICO'!I218 -> 29641 | G50: =Tabla13[[#This Row],[VR UNITARIO]]*Tabla13[[#This Row],[CANTIDAD]] -> 7084199 | H50: =+Tabla13[[#This Row],[ VALOR TOTAL]]*1.3 -> 9209458.7
B51: 8.6 | C51: SUMINISTRO E INSTALACION DE INTERRUPTORES DOBLES 110V | D51: und | E51: =+'8.6'!AN45 -> 9 | F51: =+'8. ELECTRICO'!I263 -> 89719 | G51: =+Tabla13[[#This Row],[CANTIDAD]]*Tabla13[[#This Row],[VR UNITARIO]] -> 807471 | H51: =+Tabla13[[#This Row],[ VALOR TOTAL]]*1.3 -> 1049712.3
B52: 9. | C52: SUMINISTRO E INSTALACIONES HIDROSANITARIAS Y AGUAS LLUVIAS | H52: =+Tabla13[[#This Row],[ VALOR TOTAL]]*1.3 -> 0 | I52: =SUM(G53:G61)*I5 -> 6034674.1 | J52: =I52*K4 -> 84485.437 | K52: =I52*L4 -> 4562213.6 | L52: =I52*$M$4 -> 60346.741 | M52: =I52*$N$4 -> 1327628.3 | N52: =SUM(J52:M52) -> 6034674.1
B53: 9.1 | C53: TUBERÍA1/2"PVC PRESIÓN | D53: ml | E53: =+'9.1'!AN45 -> 15.5 | F53: =+'9. HIDROSANITARIAS'!I37 -> 22990 | G53: =Tabla13[[#This Row],[VR UNITARIO]]*Tabla13[[#This Row],[CANTIDAD]] -> 356345 | H53: =+Tabla13[[#This Row],[ VALOR TOTAL]]*1.3 -> 463248.5
B54: 9.2 | C54: PUNTO HIDRÁULICO INODORO TANQUE | D54: und | E54: =+'9.2'!AN45 -> 8 | F54: =+'9. HIDROSANITARIAS'!I82 -> 17645 | G54: =Tabla13[[#This Row],[VR UNITARIO]]*Tabla13[[#This Row],[CANTIDAD]] -> 141160 | H54: =+Tabla13[[#This Row],[ VALOR TOTAL]]*1.3 -> 183508
B55: 9.3 | C55: PUNTO HIDRÁULICO LAVAMANOS | D55: und | E55: =+'9.3'!AN45 -> 8 | F55: =+'9. HIDROSANITARIAS'!I127 -> 18748 | G55: =Tabla13[[#This Row],[VR UNITARIO]]*Tabla13[[#This Row],[CANTIDAD]] -> 149984 | H55: =+Tabla13[[#This Row],[ VALOR TOTAL]]*1.3 -> 194979.2
B56: 9.4 | C56: PUNTO HIDRÁULICO POCETA | D56: und | E56: =+'9.4'!AN45 -> 2 | F56: =+'9. HIDROSANITARIAS'!I354 -> 62645 | G56: =Tabla13[[#This Row],[VR UNITARIO]]*Tabla13[[#This Row],[CANTIDAD]] -> 125290 | H56: =+Tabla13[[#This Row],[ VALOR TOTAL]]*1.3 -> 162877
B57: 9.5 | C57: PUNTO SANITARIO INODORO TANQUE | D57: und | E57: =+'9.5'!AN45 -> 8 | F57: =+'9. HIDROSANITARIAS'!I172 -> 101687 | G57: =Tabla13[[#This Row],[VR UNITARIO]]*Tabla13[[#This Row],[CANTIDAD]] -> 813496 | H57: =+Tabla13[[#This Row],[ VALOR TOTAL]]*1.3 -> 1057544.8
B58: 9.6 | C58: PUNTO SANITARIO LAVAMANOS | D58: und | E58: =+'9.6'!AN45 -> 8 | F58: =+'9. HIDROSANITARIAS'!I217 -> 50512 | G58: =Tabla13[[#This Row],[VR UNITARIO]]*Tabla13[[#This Row],[CANTIDAD]] -> 404096 | H58: =+Tabla13[[#This Row],[ VALOR TOTAL]]*1.3 -> 525324.8
B59: 9.7 | C59: PUNTO SIFÓN POCETA ASEO | D59: und | E59: =+'9.7'!AN45 -> 2 | F59: =+'9. HIDROSANITARIAS'!I399 -> 77992 | G59: =Tabla13[[#This Row],[VR UNITARIO]]*Tabla13[[#This Row],[CANTIDAD]] -> 155984 | H59: =+Tabla13[[#This Row],[ VALOR TOTAL]]*1.3 -> 202779.2
B60: 9.8 | C60: CAJA DE INSPECCION EN MAMPOSTERÍA (INCLUYE PAÑETE Y CAÑUELA) | D60: und | E60: =+'9.8'!AN45 -> 2 | F60: =+'9. HIDROSANITARIAS'!I263 -> 419989 | G60: =Tabla13[[#This Row],[VR UNITARIO]]*Tabla13[[#This Row],[CANTIDAD]] -> 839978 | H60: =+Tabla13[[#This Row],[ VALOR TOTAL]]*1.3 -> 1091971.4
B61: 9.9 | C61: SUMINISTRO E INSTALACIÓN DE TANQUE ELEVADO DE 2000 LTS PLASTICO (INCLUYE TODOS LOS ACCESORIOS NECESARIOS PARA SU CORRECTO FUNCIONAMIENTO) | D61: und | E61: =+'9.9'!AN45 -> 1 | F61: =+'9. HIDROSANITARIAS'!I309 -> 1655724 | G61: =+Tabla13[[#This Row],[VR UNITARIO]]*Tabla13[[#This Row],[CANTIDAD]] -> 1655724 | H61: =+Tabla13[[#This Row],[ VALOR TOTAL]]*1.3 -> 2152441.2
B62: 10. | C62: EQUIPOS FIJOS DE USO HOSPITALARIO | H62: =+Tabla13[[#This Row],[ VALOR TOTAL]]*1.3 -> 0 | I62: =SUM(G63:G64)*I5 -> 41469211 | J62: =I62*$K$4 -> 580568.95 | K62: =I62*$L$4 -> 31350723 | L62: =I62*$M$4 -> 414692.11 | M62: =I62*$N$4 -> 9123226.4 | N62: =SUM(J62:M62) -> 41469211
B63: 10.1 | C63: SUMINISTRO E INSTALACIÓN AIRE ACONDICIONADO 24.000 BTU | D63: und | E63: =+'10.1'!AN45 -> 12 | F63: =+'10. EQUIPOS'!I37 -> 2608799 | G63: =Tabla13[[#This Row],[VR UNITARIO]]*Tabla13[[#This Row],[CANTIDAD]] -> 31305588 | H63: =+Tabla13[[#This Row],[ VALOR TOTAL]]*1.3 -> 40697264
B64: 10.2 | C64: SUMINISTRO E INSTALACION DE LETRERO PANEL LUMINOSO EN ACERO INOXIDABLE, INCLUYE DESMONTE E INSTALACION | D64: und | E64: 1 | F64: 580000 | G64: =+'10. EQUIPOS'!I82 -> 593805 | H64: =+Tabla13[[#This Row],[ VALOR TOTAL]]*1.3 -> 771946.5
B65: 11. | C65: ASEO GENERAL | H65: =+Tabla13[[#This Row],[ VALOR TOTAL]]*1.3 -> 0 | I65: =SUM(G66)*I5 -> 1748222.8 | J65: =I65*$K$4 -> 24475.12 | K65: =I65*$L$4 -> 1321656.5 | L65: =I65*$M$4 -> 17482.228 | M65: =I65*$N$4 -> 384609.02 | N65: =SUM(J65:M65) -> 1748222.8
B66: 11.1 | C66: ASEO GENERAL ENTREGA | D66: m2 | E66: =+'11.1'!AN47 -> 406.28 | F66: =+'11. ASEO'!I37 -> 3310 | G66: =Tabla13[[#This Row],[VR UNITARIO]]*Tabla13[[#This Row],[CANTIDAD]] -> 1344786.8 | H66: =+Tabla13[[#This Row],[ VALOR TOTAL]]*1.3 -> 1748222.8
C68: TOTAL COSTOS DIRECTOS | G68: =SUM(Tabla13[[ VALOR TOTAL]]) -> 3.5063666e+08
C69: COSTOS INDIRECTOS
C70: ADMINISTRACION | D70: 0.24 | G70: =$G$68*D70 -> 84152799
C71: IMPREVISTOS | D71: 0.01 | G71: =$G$68*D71 -> 3506366.6
C72: UTILIDAD | D72: 0.05 | G72: =$G$68*D72 -> 17531833
C73: TOTAL COSTOS INDIRECTOS | D73: =SUM(D70:D72) -> 0.3 | G73: =$G$68*D73 -> 1.05191e+08 | J73: =I6+I12+I14+I19+I25+I31+I39+I45+I52+J70+J72+I62+I65 -> 4.5582766e+08 | K73: =J6+J12+J14+J19+J25+J31+J39+J45+J52+J62+J65 -> 17053882 | L73: =K6+K12+K14+K19+K25+K31+K39+K45+K52+K62+K65 -> 3.1639503e+08 | M73: =L6+L12+L14+L19+L25+L31+L39+L45+L52+L62+L65 -> 4185119.5 | N73: =M6+M12+M14+M19+M25+M31+M39+M45+M52+M62+M65 -> 1.1819363e+08 | O73: =SUM(K73:N73) -> 4.5582766e+08
C74: VALOR TOTAL DE LA OBRA (C. DIRECTOS + C. INDIRECTOS) | G74: =G68+G73 -> 4.5582766e+08
C76: INTERVENTORÍA | D76: 0.07 | G76: =$G$68*D76 -> 24544566 | J76: =+G76 -> 24544566
C78: VALOR TOTAL DEL PROYECTO (TOTAL OBRA + INTERVENTORÍA) | G78: =G76+G74 -> 4.8037223e+08 | H78: 4.8037223e+08
H79: =+H78-G78 -> 0 | J79: =J73+J76 -> 4.8037223e+08 | K79: =K73+K83 -> 17053882 | L79: =L73+L83 -> 3.1639503e+08 | M79: =M73+M83 -> 4185119.5 | N79: =N73+J76 -> 1.4273819e+08 | O79: =SUM(K79:N79) -> 4.8037223e+08
C80: Realizó | D80: Revisó | H80: =+H79/F13 -> 0
C81: Nombre: MAHER SANTOS | D81: Nombre:
C82: No. T.P A17732023-106117224 | D82: No. T.P.
C83: Firma: | D83: Firma: | J83: =G83 -> 0 | N83: =J83 -> 0 | O83: =SUM(K83:N83) -> 0
D86: Avaló
D87: Nombre:
D88: Cargo
F95: 5726640

Sheet P. Interventoria
A1: PRESUPUESTO OFICIAL DE INTERVENTORIA
A2: INTERVENTORÍA TÉCNICO, ADMINISTRATIVA, AMBIENTAL Y FINANCIERA PARA ADECUACIÓN Y REMODELACIÓN DEL PUESTO DE SALUD DEL CORREGIMIENTO DE LA VICTORIA DE SAN ISIDRO DEL MUNICIPIO DE LA JAGUA DE IBIRICO, CESAR
A3: CANT. | B3: DESCRIPCIÓN | C3: CATEG. | D3: F.M. | E3: H. M. | F3: VALOR SALARIO | G3: MESES | H3: VALOR TOTAL
A4: COSTOS DIRECTOS DE PERSONAL (*)
A5: 1 | B5: Ingeniero Residente de Interventoría | C5: H | D5: 1.91 | E5: 1 | F5: 3500000 | G5: 3 | H5: =G5*E5*F5*D5*A5 -> 20055000
A6: ( A ) SUB TOTAL COSTOS DIRECTOS DE PERSONAL | H6: =SUM(H5:H5) -> 20055000
A8: CANT. | B8: DESCRIPCIÓN | E8: UNIDAD | F8: COSTO MENSUAL | G8: CANTIDAD | H8: COSTO TOTAL
A9: OTROS COSTOS DIRECTOS
H10: =+G10*F10*A10 -> 0
B11: ( B ) SUB TOTAL OTROS COSTOS DIRECTOS | H11: =SUM(H10:H10) -> 0
B13: ( C ) = ( A+B ) TOTAL COSTOS DIRECTOS | H13: =H6+H11 -> 20055000
A15: CANT. | B15: DESCRIPCIÓN | E15: UNIDAD | F15: COSTO MENSUAL | G15: CANTIDAD | H15: COSTO TOTAL
A16: COSTOS INDIRECTOS
A17: 1 | B17: Impresiones, fotocopias, papeleria, ploteo, empastes, etc. | E17: MES | F17: 190228.66 | G17: 3 | H17: =F17*G17 -> 570685.97
B18: ( D ) TOTAL COSTOS INDIRECTOS | H18: =SUM(H17:H17) -> 570685.97
B20: TOTAL COSTOS DIRECTOS, COSTOS INDIRECTOS Y ADMINISTRACIÓN ( C ) + ( D ) | H20: =+H13+H18 -> 20625686
B21: IMPUESTO AL VALOR AGREGADO (IVA) | G21: 0.19 | H21: =+H20*G21 -> 3918880.3
B22: VALOR TOTAL DE LA INTERVENTORÍA | H22: =+H20+H21 -> 24544566 | I22: =+H22-'P. Adecuación'!G76 -> 0
B25: Realizó
B26: Nombre: MAHER SANTOS
B27: No. T.P A17732023-106117224
B28: Firma:

Sheet CRONOGRAMA
B2: CRONOGRAMA Y FLUJO DE FONDOS
B3: =+'P. Adecuación'!B2 -> ADECUACIÓN Y REMODELACIÓN DEL PUESTO DE SALUD DEL CORREGIMIENTO DE LA VICTORIA DE SAN ISIDRO DEL MUNICIPIO DE LA JAGUA DE IBIRICO, CESAR
G5: PERÍODO DE EJECUCIÓN DE ACTIVIDADES (Periodo de ejecución física)
B6: ITEM | C6: DESCRIPCION | D6: UND | E6: CANT | F6: VALOR (INC. AIU) | G6: MES 1 | K6: MES 2 | O6: MES 3
G7: 1 | H7: 2 | I7: 3 | J7: 4 | K7: 5 | L7: 6 | M7: 7 | N7: 8 | O7: 9 | P7: 10 | Q7: 11 | R7: 12
B8: 1 | C8: =+'P. Adecuación'!C6 -> PRELIMINARES
B9: 1.1 | C9: =+'P. Adecuación'!C7 -> DEMOLICIONES (PISOS) | D9: =+'P. Adecuación'!D7 -> m2 | E9: =+'P. Adecuación'!E7 -> 380.37 | F9: =+'P. Adecuación'!G7*1.3 -> 12370431 | G9: =+F9/2 -> 6185215.6 | H9: =+G9 -> 6185215.6
B10: 1.2 | C10: =+'P. Adecuación'!C8 -> DESMONTES (VENTANAS) | D10: =+'P. Adecuación'!D8 -> und | E10: =+'P. Adecuación'!E8 -> 23 | F10: =+'P. Adecuación'!G8*1.3 -> 829904.4 | G10: =+F10/2 -> 414952.2 | H10: =+G10 -> 414952.2
B11: 1.3 | C11: =+'P. Adecuación'!C9 -> DESMONTE DE APARATOS SANITARIOS, LAVAMANOS Y LAVAPLATOS | D11: =+'P. Adecuación'!D9 -> und | E11: =+'P. Adecuación'!E9 -> 20 | F11: =+'P. Adecuación'!G9*1.3 -> 902070 | G11: =+F11/2 -> 451035 | H11: =+G11 -> 451035
B12: 1.4 | C12: =+'P. Adecuación'!C10 -> DESMONTES (CIELO RASOS) | D12: =+'P. Adecuación'!D10 -> m2 | E12: =+'P. Adecuación'!E10 -> 488.57 | F12: =+'P. Adecuación'!G10*1.3 -> 23123102 | G12: =+F12/2 -> 11561551 | H12: =+G12 -> 11561551
B13: 1.5 | C13: =+'P. Adecuación'!C11 -> DESMONTES (PUERTAS) | D13: =+'P. Adecuación'!D11 -> und | E13: =+'P. Adecuación'!E11 -> 2 | F13: =+'P. Adecuación'!G11*1.3 -> 90207 | G13: =+F13/2 -> 45103.5 | H13: =+G13 -> 45103.5
B14: =+'P. Adecuación'!B12 -> 2. | C14: =+'P. Adecuación'!C12 -> OBRAS DE URBANISMO
B15: =+'P. Adecuación'!B13 -> 2.1 | C15: =+'P. Adecuación'!C13 -> RAMPA EN CONCRETO 3000 PSI; E=0,10mts | D15: =+'P. Adecuación'!D13 -> m2 | E15: =+'P. Adecuación'!E13 -> 2.1602502 | F15: =+'P. Adecuación'!G13*1.3 -> 163006.43 | H15: =+F15/2 -> 81503.214 | I15: =+H15 -> 81503.214
B16: =+'P. Adecuación'!B14 -> 3. | C16: =+'P. Adecuación'!C14 -> OBRAS EN CUBIERTA
B17: =+'P. Adecuación'!B15 -> 3.1 | C17: =+'P. Adecuación'!C15 -> CUBIERTA EN TEJA ARQUITECTONICA ACESCO O SIMILAR | D17: =+'P. Adecuación'!D15 -> m2 | E17: =+'P. Adecuación'!E15 -> 583.46 | F17: =+'P. Adecuación'!G15*1.3 -> 44153686 | J17: =+F17/4 -> 11038421 | K17: =+J17 -> 11038421 | L17: =+K17 -> 11038421 | M17: =+L17 -> 11038421
B18: =+'P. Adecuación'!B16 -> 3.2 | C18: =+'P. Adecuación'!C16 -> IMPERMEABILIZACION DE PLACA EN MANTO EDIL 3 MM STANDAR INCL. IMPRIMANTE Y PINTURA BITUMINOSA | D18: =+'P. Adecuación'!D16 -> m2 | E18: =+'P. Adecuación'!E16 -> 183.25 | F18: =+'P. Adecuación'!G16*1.3 -> 11371909 | I18: =+F18/4 -> 2842977.1 | J18: =+F18/4 -> 2842977.1 | K18: =+J18 -> 2842977.1 | L18: =+K18 -> 2842977.1
B19: =+'P. Adecuación'!B17 -> 3.3 | C19: =+'P. Adecuación'!C17 -> MEDIACAÑA EN MORTERO 1:4 | D19: =+'P. Adecuación'!D17 -> ml | E19: =+'P. Adecuación'!E17 -> 151.9 | F19: =+'P. Adecuación'!G17*1.3 -> 4106783.6 | I19: =+F19/4 -> 1026695.9 | J19: =+F19/4 -> 1026695.9 | K19: =+J19 -> 1026695.9 | L19: =+K19 -> 1026695.9
B20: =+'P. Adecuación'!B19 -> 4. | C20: =+'P. Adecuación'!C19 -> MAMPOSTERIA Y PINTURA
B21: =+'P. Adecuación'!B20 -> 4.1 | C21: =+'P. Adecuación'!C20 -> PAÑETE LISO MUROS 1:4 | D21: =+'P. Adecuación'!D20 -> m2 | E21: =+'P. Adecuación'!E20 -> 482.45 | F21: =+'P. Adecuación'!G20*1.3 -> 17710450 | M21: =+F21/4 -> 4427612.5 | N21: =+M21 -> 4427612.5 | O21: =+N21 -> 4427612.5 | P21: =+O21 -> 4427612.5
B22: =+'P. Adecuación'!B21 -> 4.2 | C22: =+'P. Adecuación'!C21 -> PAÑETE IMPERMEABILIZADO 1:3 | D22: =+'P. Adecuación'!D21 -> m2 | E22: =+'P. Adecuación'!E21 -> 81.53 | F22: =+'P. Adecuación'!G21*1.3 -> 3560594.5 | M22: =+F22/4 -> 890148.62 | N22: =+M22 -> 890148.62 | O22: =+N22 -> 890148.62 | P22: =+O22 -> 890148.62
B23: =+'P. Adecuación'!B22 -> 4.3 | C23: =+'P. Adecuación'!C22 -> FILOS Y DILATACIONES EN PAÑETES | D23: =+'P. Adecuación'!D22 -> m2 | E23: =+'P. Adecuación'!E22 -> 1335.88 | F23: =+'P. Adecuación'!G22*1.3 -> 10168051 | M23: =+F23/4 -> 2542012.7 | N23: =+M23 -> 2542012.7 | O23: =+N23 -> 2542012.7 | P23: =+O23 -> 2542012.7
B24: =+'P. Adecuación'!B23 -> 4.4 | C24: =+'P. Adecuación'!C23 -> ESTUCO Y VINILO TRES MANOS EN MUROS (COLOR) | D24: =+'P. Adecuación'!D23 -> m2 | E24: =+'P. Adecuación'!E23 -> 239.36 | F24: =+'P. Adecuación'!G23*1.3 -> 12507398 | M24: =+F24/4 -> 3126849.4 | N24: =+M24 -> 3126849.4 | O24: =+N24 -> 3126849.4 | P24: =+O24 -> 3126849.4
B25: =+'P. Adecuación'!B24 -> 4.5 | C25: =+'P. Adecuación'!C24 -> PINTURA FACHADA EN VINILO PARA EXTERIORES | D25: =+'P. Adecuación'!D24 -> m2 | E25: =+'P. Adecuación'!E24 -> 81.53 | F25: =+'P. Adecuación'!G24*1.3 -> 4848678.8 | M25: =+F25/4 -> 1212169.7 | N25: =+M25 -> 1212169.7 | O25: =+N25 -> 1212169.7 | P25: =+O25 -> 1212169.7
B26: =+'P. Adecuación'!B25 -> 5. | C26: =+'P. Adecuación'!C25 -> PISOS Y CIELO RASO
B27: =+'P. Adecuación'!B26 -> 5.1 | C27: =+'P. Adecuación'!C26 -> ALISTADO PISO 1:5 E=0.04 M | D27: =+'P. Adecuación'!D26 -> m2 | E27: =+'P. Adecuación'!E26 -> 380.37 | F27: =+'P. Adecuación'!G26*1.3 -> 15581591 | K27: =+F27/4 -> 3895397.7 | L27: =+K27 -> 3895397.7 | M27: =+L27 -> 3895397.7 | N27: =+M27 -> 3895397.7
B28: =+'P. Adecuación'!B27 -> 5.2 | C28: =+'P. Adecuación'!C27 -> SUMINISTRO E INSTALACIÓN DE BALDOSIN 20 X 20 CM LINEA INSTITUCIONAL O SIMILAR BLANCO | D28: =+'P. Adecuación'!D27 -> m2 | E28: =+'P. Adecuación'!E27 -> 5.3 | F28: =+'P. Adecuación'!G27*1.3 -> 507531.18 | K28: =+F28/4 -> 126882.79 | L28: =+K28 -> 126882.79 | M28: =+L28 -> 126882.79 | N28: =+M28 -> 126882.79
B29: =+'P. Adecuación'!B28 -> 5.3 | C29: =+'P. Adecuación'!C28 -> GUARDAESCOBA MEDIA CAÑA EN GRANITO PULIDO | D29: =+'P. Adecuación'!D28 -> ml | E29: =+'P. Adecuación'!E28 -> 151.9 | F29: =+'P. Adecuación'!G28*1.3 -> 7810333.4 | K29: =+F29/4 -> 1952583.4 | L29: =+K29 -> 1952583.4 | M29: =+L29 -> 1952583.4 | N29: =+M29 -> 1952583.4
B30: =+'P. Adecuación'!B29 -> 5.4 | C30: =+'P. Adecuación'!C29 -> PISO PORCELANATO 60 X 60 CM PRIMERA CALIDAD O SIMILAR | D30: =+'P. Adecuación'!D29 -> m2 | E30: =+'P. Adecuación'!E29 -> 380.37 | F30: =+'P. Adecuación'!G29*1.3 -> 62676456 | K30: =+F30/4 -> 15669114 | L30: =+K30 -> 15669114 | M30: =+L30 -> 15669114 | N30: =+M30 -> 15669114
B31: =+'P. Adecuación'!B30 -> 5.5 | C31: =+'P. Adecuación'!C30 -> CIELO RASO EN PVC (INCLUYE ESTRUCTURA DE SOPORTE Y TODOS LOS ELEMENTOS NECESARIOS PARA SU CORRECTA INSTALACIÓN) | D31: =+'P. Adecuación'!D30 -> m2 | E31: =+'P. Adecuación'!E30 -> 488.57 | F31: =+'P. Adecuación'!G30*1.3 -> 64627502 | K31: =+F31/4 -> 16156876 | L31: =+K31 -> 16156876 | M31: =+L31 -> 16156876 | N31: =+M31 -> 16156876
B32: =+'P. Adecuación'!B31 -> 6. | C32: =+'P. Adecuación'!C31 -> ENCHAPES Y ACCESORIOS BAÑOS
B33: =+'P. Adecuación'!B32 -> 6.1 | C33: =+'P. Adecuación'!C32 -> CERAMICA PARED (INCLUYE BOQUILLA COLOR, WING Y LINEALES) | D33: =+'P. Adecuación'!D32 -> m2 | E33: =+'P. Adecuación'!E32 -> 87.05 | F33: =+'P. Adecuación'!G32*1.3 -> 7379602.8 | K33: =+F33/4 -> 1844900.7 | L33: =+K33 -> 1844900.7 | M33: =+L33 -> 1844900.7 | N33: =+M33 -> 1844900.7
B34: =+'P. Adecuación'!B33 -> 6.2 | C34: =+'P. Adecuación'!C33 -> CERAMICA PISO 33 X 33 CM LINEA INSTITUCIONAL O SIMILAR (INCLUYE BOQUILLA COLOR, LINEALES) | D34: =+'P. Adecuación'!D33 -> m2 | E34: =+'P. Adecuación'!E33 -> 108.81 | F34: =+'P. Adecuación'!G33*1.3 -> 12938423 | K34: =+F34/4 -> 3234605.8 | L34: =+K34 -> 3234605.8 | M34: =+L34 -> 3234605.8 | N34: =+M34 -> 3234605.8
B35: =+'P. Adecuación'!B34 -> 6.3 | C35: =+'P. Adecuación'!C34 -> SUMINISTRO E INSTALACIÓN DE SANITARIO LINEA INSTITUCIONAL O SIMILAR (INCLUYE TODOS LOS ACCESORIOS NECESARIOS PARA SU CORRECTO FUNCIONAMIENTO) | D35: =+'P. Adecuación'!D34 -> und | E35: =+'P. Adecuación'!E34 -> 8 | F35: =+'P. Adecuación'!G34*1.3 -> 4051299.2 | P35: =+F35/3 -> 1350433.1 | Q35: =+P35 -> 1350433.1 | R35: =+Q35 -> 1350433.1
B36: =+'P. Adecuación'!B35 -> 6.4 | C36: =+'P. Adecuación'!C35 -> SUMINISTRO E INSTALACIÓN DE LAVAMANOS LINEA INSTITUCIONAL O SIMILAR (INCLUYE GRIFO Y TODOS LOS ACCESORIOS NECESARIOS PARA SU CORRECTO FUNCIONAMIENTO) | D36: =+'P. Adecuación'!D35 -> und | E36: =+'P. Adecuación'!E35 -> 8 | F36: =+'P. Adecuación'!G35*1.3 -> 2934089.6 | P36: =+F36/3 -> 978029.87 | Q36: =+P36 -> 978029.87 | R36: =+Q36 -> 978029.87
B37: =+'P. Adecuación'!B36 -> 6.5 | C37: =+'P. Adecuación'!C36 -> SUMINISTRO E INSTALACIÓN DE PROTECTOR DE PAPEL HIGIENICO (INCLUYE TODOS LOS ACCESORIOS NECESARIOS PARA SU CORRECTO FUNCIONAMIENTO) | D37: =+'P. Adecuación'!D36 -> und | E37: =+'P. Adecuación'!E36 -> 8 | F37: =+'P. Adecuación'!G36*1.3 -> 954210.4 | P37: =+F37/3 -> 318070.13 | Q37: =+P37 -> 318070.13 | R37: =+Q37 -> 318070.13
B38: =+'P. Adecuación'!B37 -> 6.6 | C38: =+'P. Adecuación'!C37 -> SUMINISTRO E INSTALACIÓN DE TOALLERO (INCLUYE TODOS LOS ACCESORIOS NECESARIOS PARA SU CORRECTO FUNCIONAMIENTO) | D38: =+'P. Adecuación'!D37 -> und | E38: =+'P. Adecuación'!E37 -> 8 | F38: =+'P. Adecuación'!G37*1.3 -> 589170.4 | P38: =+F38/3 -> 196390.13 | Q38: =+P38 -> 196390.13 | R38: =+Q38 -> 196390.13
B39: =+'P. Adecuación'!B38 -> 6.7 | C39: =+'P. Adecuación'!C38 -> LAVAPLATOS A.INOX. 100 X 60CM (INCLUYE GRIFO Y TODOS LOS ACCESORIOS NECESARIOS PARA SU CORRECTO FUNCIONAMIENTO) | D39: =+'P. Adecuación'!D38 -> und | E39: =+'P. Adecuación'!E38 -> 2 | F39: =+'P. Adecuación'!G38*1.3 -> 833118 | P39: =+F39/3 -> 277706 | Q39: =+P39 -> 277706 | R39: =+Q39 -> 277706
B40: =+'P. Adecuación'!B39 -> 7. | C40: =+'P. Adecuación'!C39 -> SUMINISTRO E INSTALACIÓN DE CARPINTERIA
B41: =+'P. Adecuación'!B40 -> 7.1 | C41: =+'P. Adecuación'!C40 -> MUEBLE SENCILLO EN MADERA | D41: =+'P. Adecuación'!D40 -> ml | E41: =+'P. Adecuación'!E40 -> 4.45 | F41: =+'P. Adecuación'!G40*1.3 -> 4407851.8 | O41: =+F41/3 -> 1469283.9 | P41: =+O41 -> 1469283.9 | Q41: =+P41 -> 1469283.9
B42: =+'P. Adecuación'!B41 -> 7.2 | C42: =+'P. Adecuación'!C41 -> PUERTAS LAMINA CON MARCO CAL. 18, INCL. ANTICORROSIVO Y ACABADO EN ESMALTE, INCLUYE CERRADURA E INSTALACION. | D42: =+'P. Adecuación'!D41 -> und | E42: =+'P. Adecuación'!E41 -> 2 | F42: =+'P. Adecuación'!G41*1.3 -> 1185641.6 | O42: =+F42/3 -> 395213.87 | P42: =+O42 -> 395213.87 | Q42: =+P42 -> 395213.87
B43: =+'P. Adecuación'!B42 -> 7.3 | C43: =+'P. Adecuación'!C42 -> VENTANA SENCILLA EN ALUMINIO | D43: =+'P. Adecuación'!D42 -> und | E43: =+'P. Adecuación'!E42 -> 23 | F43: =+'P. Adecuación'!G42*1.3 -> 18278079 | O43: =+F43/3 -> 6092693.1 | P43: =+O43 -> 6092693.1 | Q43: =+P43 -> 6092693.1
B44: =+'P. Adecuación'!B43 -> 7.4 | C44: =+'P. Adecuación'!C43 -> ESPEJO 4 MM | D44: =+'P. Adecuación'!D43 -> m2 | E44: =+'P. Adecuación'!E43 -> 2.16 | F44: =+'P. Adecuación'!G43*1.3 -> 1654880.8 | O44: =+F44/3 -> 551626.92 | P44: =+O44 -> 551626.92 | Q44: =+P44 -> 551626.92
B45: =+'P. Adecuación'!B44 -> 0 | C45: =+'P. Adecuación'!C44 -> 0 | D45: =+'P. Adecuación'!D44 -> 0 | E45: =+'P. Adecuación'!E44 -> 0 | F45: =+'P. Adecuación'!G44*1.3 -> 0 | O45: =+F45/3 -> 0 | P45: =+O45 -> 0 | Q45: =+P45 -> 0
B46: =+'P. Adecuación'!B45 -> 8. | C46: =+'P. Adecuación'!C45 -> MANTENIMIENTO INTEGRAL DEL SISTEMA ELECTRICO
B47: =+'P. Adecuación'!B46 -> 8.1 | C47: =+'P. Adecuación'!C46 -> SUMINISTRO E INSTALACION DE TOMAS ELECTRICOS DOBLES 110V | D47: =+'P. Adecuación'!D46 -> und | E47: =+'P. Adecuación'!E46 -> 13 | F47: =+'P. Adecuación'!G46*1.3 -> 1183388.7 | I47: =+F47/2 -> 591694.35 | J47: =+I47 -> 591694.35
B48: =+'P. Adecuación'!B47 -> 8.2 | C48: =+'P. Adecuación'!C47 -> SUMINISTRO E INSTALACION DE INTERRUPTORES SENCILLOS 110V | D48: =+'P. Adecuación'!D47 -> und | E48: =+'P. Adecuación'!E47 -> 70 | F48: =+'P. Adecuación'!G47*1.3 -> 6372093 | I48: =+F48/2 -> 3186046.5 | J48: =+I48 -> 3186046.5
B49: =+'P. Adecuación'!B48 -> 8.3 | C49: =+'P. Adecuación'!C48 -> SALIDAS PARA ILUMINACIÓN 120V (INCLUYE CAJA OCTAGONAL, ADAPTADORES, DUCTO EMT DE 1/2 Y/O 3/4", CABLEADO EN #12 AWG + TIERRA E INTERRUPTOR. NO INCLUYE LUMINARIA) | D49: =+'P. Adecuación'!D48 -> ml | E49: =+'P. Adecuación'!E48 -> 239 | F49: =+'P. Adecuación'!G48*1.3 -> 28783559 | M49: =+F49/4 -> 7195889.7 | N49: =+M49 -> 7195889.7 | O49: =+N49 -> 7195889.7 | P49: =+O49 -> 7195889.7
B50: =+'P. Adecuación'!B49 -> 8.4 | C50: =+'P. Adecuación'!C49 -> SUMINISTRO E INSTALACIÓN DE LUMINARIA LED 25W (INCLUYE LUMINARIA, AÉREO, DERIVACIÓN EN SALIDA CON CONECTORES DE RESORTE. CABLE ENCAUCHETADA 3*14, INTERRUPTOR, TOMA Y ENCHUFE) | D50: =+'P. Adecuación'!D49 -> und | E50: =+'P. Adecuación'!E49 -> 70 | F50: =+'P. Adecuación'!G49*1.3 -> 7661290 | M50: =+F50/4 -> 1915322.5 | N50: =+M50 -> 1915322.5 | O50: =+N50 -> 1915322.5 | P50: =+O50 -> 1915322.5
B51: =+'P. Adecuación'!B50 -> 8.5 | C51: =+'P. Adecuación'!C50 -> REGATAS | D51: =+'P. Adecuación'!D50 -> ml | E51: =+'P. Adecuación'!E50 -> 239 | F51: =+'P. Adecuación'!G50*1.3 -> 9209458.7 | I51: =+F51/4 -> 2302364.7 | J51: =+F51/4 -> 2302364.7 | K51: =+J51 -> 2302364.7 | L51: =+K51 -> 2302364.7
B52: =+'P. Adecuación'!B51 -> 8.6 | C52: =+'P. Adecuación'!C51 -> SUMINISTRO E INSTALACION DE INTERRUPTORES DOBLES 110V | D52: =+'P. Adecuación'!D51 -> und | E52: =+'P. Adecuación'!E51 -> 9 | F52: =+'P. Adecuación'!G51*1.3 -> 1049712.3
B53: =+'P. Adecuación'!B52 -> 9. | C53: =+'P. Adecuación'!C52 -> SUMINISTRO E INSTALACIONES HIDROSANITARIAS Y AGUAS LLUVIAS
B54: =+'P. Adecuación'!B53 -> 9.1 | C54: =+'P. Adecuación'!C53 -> TUBERÍA1/2"PVC PRESIÓN | D54: =+'P. Adecuación'!D53 -> ml | E54: =+'P. Adecuación'!E53 -> 15.5 | F54: =+'P. Adecuación'!G53*1.3 -> 463248.5 | H54: =+F54/2 -> 231624.25 | I54: =+H54 -> 231624.25
B55: =+'P. Adecuación'!B54 -> 9.2 | C55: =+'P. Adecuación'!C54 -> PUNTO HIDRÁULICO INODORO TANQUE | D55: =+'P. Adecuación'!D54 -> und | E55: =+'P. Adecuación'!E54 -> 8 | F55: =+'P. Adecuación'!G54*1.3 -> 183508 | H55: =+F55/2 -> 91754 | I55: =+H55 -> 91754
B56: =+'P. Adecuación'!B55 -> 9.3 | C56: =+'P. Adecuación'!C55 -> PUNTO HIDRÁULICO LAVAMANOS | D56: =+'P. Adecuación'!D55 -> und | E56: =+'P. Adecuación'!E55 -> 8 | F56: =+'P. Adecuación'!G55*1.3 -> 194979.2 | H56: =+F56/2 -> 97489.6 | I56: =+H56 -> 97489.6
B57: =+'P. Adecuación'!B56 -> 9.4 | C57: =+'P. Adecuación'!C56 -> PUNTO HIDRÁULICO POCETA | D57: =+'P. Adecuación'!D56 -> und | E57: =+'P. Adecuación'!E56 -> 2 | F57: =+'P. Adecuación'!G56*1.3 -> 162877 | H57: =+F57/2 -> 81438.5 | I57: =+H57 -> 81438.5
B58: =+'P. Adecuación'!B57 -> 9.5 | C58: =+'P. Adecuación'!C57 -> PUNTO SANITARIO INODORO TANQUE | D58: =+'P. Adecuación'!D57 -> und | E58: =+'P. Adecuación'!E57 -> 8 | F58: =+'P. Adecuación'!G57*1.3 -> 1057544.8 | H58: =+F58/2 -> 528772.4 | I58: =+H58 -> 528772.4
B59: =+'P. Adecuación'!B58 -> 9.6 | C59: =+'P. Adecuación'!C58 -> PUNTO SANITARIO LAVAMANOS | D59: =+'P. Adecuación'!D58 -> und | E59: =+'P. Adecuación'!E58 -> 8 | F59: =+'P. Adecuación'!G58*1.3 -> 525324.8 | H59: =+F59/2 -> 262662.4 | I59: =+H59 -> 262662.4
B60: =+'P. Adecuación'!B59 -> 9.7 | C60: =+'P. Adecuación'!C59 -> PUNTO SIFÓN POCETA ASEO | D60: =+'P. Adecuación'!D59 -> und | E60: =+'P. Adecuación'!E59 -> 2 | F60: =+'P. Adecuación'!G59*1.3 -> 202779.2 | H60: =+F60/2 -> 101389.6 | I60: =+H60 -> 101389.6
B61: =+'P. Adecuación'!B60 -> 9.8 | C61: =+'P. Adecuación'!C60 -> CAJA DE INSPECCION EN MAMPOSTERÍA (INCLUYE PAÑETE Y CAÑUELA) | D61: =+'P. Adecuación'!D60 -> und | E61: =+'P. Adecuación'!E60 -> 2 | F61: =+'P. Adecuación'!G60*1.3 -> 1091971.4 | H61: =+F61/2 -> 545985.7 | I61: =+H61 -> 545985.7
B62: =+'P. Adecuación'!B61 -> 9.9 | C62: =+'P. Adecuación'!C61 -> SUMINISTRO E INSTALACIÓN DE TANQUE ELEVADO DE 2000 LTS PLASTICO (INCLUYE TODOS LOS ACCESORIOS NECESARIOS PARA SU CORRECTO FUNCIONAMIENTO) | D62: =+'P. Adecuación'!D61 -> und | E62: =+'P. Adecuación'!E61 -> 1 | F62: =+'P. Adecuación'!G61*1.3 -> 2152441.2 | H62: =+F62/2 -> 1076220.6 | I62: =+H62 -> 1076220.6
B63: =+'P. Adecuación'!B62 -> 10. | C63: =+'P. Adecuación'!C62 -> EQUIPOS FIJOS DE USO HOSPITALARIO
B64: =+'P. Adecuación'!B63 -> 10.1 | C64: =+'P. Adecuación'!C63 -> SUMINISTRO E INSTALACIÓN AIRE ACONDICIONADO 24.000 BTU | D64: =+'P. Adecuación'!D63 -> und | E64: =+'P. Adecuación'!E63 -> 12 | F64: =+'P. Adecuación'!G63*1.3 -> 40697264 | R64: =+F64 -> 40697264
B65: =+'P. Adecuación'!B64 -> 10.2 | C65: =+'P. Adecuación'!C64 -> SUMINISTRO E INSTALACION DE LETRERO PANEL LUMINOSO EN ACERO INOXIDABLE, INCLUYE DESMONTE E INSTALACION | D65: =+'P. Adecuación'!D64 -> und | E65: =+'P. Adecuación'!E64 -> 1 | F65: =+'P. Adecuación'!G64*1.3 -> 771946.5
B66: =+'P. Adecuación'!B65 -> 11. | C66: =+'P. Adecuación'!C65 -> ASEO GENERAL
B67: =+'P. Adecuación'!B66 -> 11.1 | C67: =+'P. Adecuación'!C66 -> ASEO GENERAL ENTREGA | D67: =+'P. Adecuación'!D66 -> m2 | E67: =+'P. Adecuación'!E66 -> 406.28 | F67: =+'P. Adecuación'!G66*1.3 -> 1748222.8 | R67: =+F67 -> 1748222.8
B68: ACUMULADO OBRA | F68: =SUM(F9:F67) -> 4.5582766e+08 | G68: =SUM(G9:G67) -> 18657857 | H68: =SUM(H9:H67) -> 21756698 | I68: =SUM(I9:I67) -> 13048619 | J68: =SUM(J9:J67) -> 20988200 | K68: =SUM(K9:K67) -> 60090819 | L68: =SUM(L9:L67) -> 60090819 | M68: =SUM(M9:M67) -> 75228786 | ... R68: =SUM(R9:R67) -> 45566116
B69: INTERVENTORIA | F69: =+'P. Adecuación'!G76 -> 24544566 | G69: =+F69/12 -> 2045380.5 | H69: =+G69 -> 2045380.5 | I69: =+H69 -> 2045380.5 | J69: =+I69 -> 2045380.5 | K69: =+J69 -> 2045380.5 | L69: =+K69 -> 2045380.5 | M69: =+L69 -> 2045380.5 | N69: =+M69 -> 2045380.5 | O69: =+N69 -> 2045380.5 | ... R69: =+Q69 -> 2045380.5
B71: VALOR ACUMULADO POR MES | F71: =+F68+F69 -> 4.8037223e+08 | G71: =SUM(G68:G69) -> 20703238 | H71: =SUM(H68:H69)+G71 -> 44505316 | I71: =SUM(I68:I69)+H71 -> 59599315 | J71: =SUM(J68:J69)+I71 -> 82632896 | K71: =SUM(K68:K69)+J71 -> 1.447691e+08 | L71: =SUM(L68:L69)+K71 -> 2.0690529e+08 | M71: =SUM(M68:M69)+L71 -> 2.8417946e+08 | N71: =SUM(N68:N69)+M71 -> 3.5041521e+08 | O71: =SUM(O68:O69)+N71 -> 3.8227941e+08 | ... R71: =SUM(R68:R69)+Q71 -> 4.7855057e+08
C74: Realizó
C75: Nombre: MAHER SANTOS
C76: No. T.P A17732023-106117224
C77: Firma:

Sheet 1.1
I1: SISTEMA INTEGRADO DE GESTIÓN | AL1: CÓDIGO: GPL-FO-024
AL2: VERSIÓN:01
I3: MEMORIAS DE CÁLCULO DE OBRA | AL3: PÁGINA: 1 DE 1
A4: FECHA | F4: DD | H4: 24 | J4: MM | L4: 3 | N4: AA | P4: 2024 | U4: CORTE N° | AG4: ELABORÓ
A5: OBJETO DEL CONTRATO | I5: ADECUACIÓN Y REMODELACIÓN DEL PUESTO DE SALUD DEL CORREGIMIENTO DE LA VICTORIA DE SAN ISIDRO DEL MUNICIPIO DE LA JAGUA DE IBIRICO, CESAR
A6: INTERVENTOR | AE6: NIT O C.C. | AJ6: CONTRATO DE INTERVENTORIA N°
A7: CONTRATISTA | AE7: NIT O C.C. | AJ7: CONTRATO DE OBRA N°
A9: 1.2 | H9: PRELIMINARES | U9: ITEM | AE9: =+'P. Adecuación'!C7 -> DEMOLICIONES (PISOS) | AJ9: UNID. | AK9: M2 | AL9: UBICACIÓN | AM9: GENERAL
AG10: Fecha | AI10: Localización | AJ10: Dimensiones | AM10: Área | AN10: Medida Total
AJ11: Ancho | AL11: Longitud
AI13: OBSERVACION HOMBRE | AJ13: 3.65 | AL13: 6.45 | AN13: =+AL13*AJ13 -> 23.5425 | AO13: 380.37
AI14: OBSERCACION MUJERES | AJ14: 3.43 | AL14: 6.45 | AN14: =+AL14*AJ14 -> 22.1235
AI15: SALA ESPERA Y TRIAGE | AJ15: 5.73 | AL15: 6.45 | AN15: =+AL15*AJ15 -> 36.9585
AI16: TOMA DE MUESTRAS PASILLO | AJ16: 8.08 | AL16: 4.22 | AN16: =+AL16*AJ16 -> 34.0976
AI17: FACTURACION ARCHIVO | AJ17: 1.84 | AL17: 6 | AN17: =+AL17*AJ17 -> 11.04
AI18: ODONTOLOGIA Y RX | AJ18: 3.7 | AL18: =+(1.1*0.72)+(2.25*2.3)+(3.7*3.65) -> 19.472 | AN18: =+AL18*AJ18 -> 72.0464 | AO18: =+AO13-AN28 -> 380.37
AI19: CONSULTORIO ESPECIALISTAS | AJ19: 3.18 | AL19: 3.15 | AN19: =+AL19*AJ19 -> 10.017
AI20: PUERPERIO | AJ20: 4.75 | AL20: 5.85 | AN20: =+AL20*AJ20 -> 27.7875
AI21: SALA DE PARTO Y BAÑOS | AJ21: =5.05+4.75 -> 9.8 | AL21: 3.6 | AN21: =+AL21*AJ21 -> 35.28
AI22: RESIDUOS HOSPITALARIOS, TRABAJO LIMPIO ALMACEN | AJ22: 8.86 | AL22: 1.2 | AN22: =+AL22*AJ22 -> 10.632
AI23: ESTACION Y DORMITORIO ENFERMERIA | AJ23: 7.23 | AL23: 6.1 | AN23: =+AL23*AJ23 -> 44.103
AI24: SALA DE ACOMPAÑANTES | AJ24: 13.52 | AL24: 2 | AN24: =+AL24*AJ24 -> 27.04
AI25: TRABAJO PARTO | AJ25: =6.83+1.13 -> 7.96 | AL25: 3.2288945 | AN25: =+AL25*AJ25 -> 25.702
AN26: =+AL26*AJ26 -> 0
AG43: Subtotal | AN43: =+AO18 -> 380.37
AG45: TOTAL | AN45: =ROUND(SUM(AN43:AN44),2) -> 380.37
AI52: MAHER SANTOS
AI53: ARQUITECTO No. T.P A17732023-106117224
AI54: MUNICIPIO DE LA JAGUA DE IBIRICO, CESAR

Sheet 1.2
I1: SISTEMA INTEGRADO DE GESTIÓN | AL1: CÓDIGO: GPL-FO-024
AL2: VERSIÓN:01
I3: MEMORIAS DE CÁLCULO DE OBRA | AL3: PÁGINA: 1 DE 1
A4: FECHA | F4: DD | H4: 24 | J4: MM | L4: 3 | N4: AA | P4: 2024 | U4: CORTE N° | AG4: ELABORÓ
A5: OBJETO DEL CONTRATO | I5: ADECUACIÓN Y REMODELACIÓN DEL PUESTO DE SALUD DEL CORREGIMIENTO DE LA VICTORIA DE SAN ISIDRO DEL MUNICIPIO DE LA JAGUA DE IBIRICO, CESAR
A6: INTERVENTOR | AE6: NIT O C.C. | AJ6: CONTRATO DE INTERVENTORIA N°
A7: CONTRATISTA | AE7: NIT O C.C. | AJ7: CONTRATO DE OBRA N°
A9: 1.3 | H9: PRELIMINARES | U9: ITEM | AE9: =+'P. Adecuación'!C8 -> DESMONTES (VENTANAS) | AJ9: UNID. | AK9: UND | AL9: UBICACIÓN | AM9: GENERAL
AG10: Fecha | AI10: Localización | AJ10: Dimensiones | AM10: Área | AN10: Medida Total
AJ11: Ancho | AK11: Alto | AL11: Longitud
AI13: VENTANAS | AN13: 23
AG37: Subtotal | AN37: =SUM(AN12:AN36) -> 23
AG39: TOTAL | AN39: =ROUND(SUM(AN37:AN38),2) -> 23
AI46: MAHER SANTOS
AI47: ARQUITECTO No. T.P A17732023-106117224
AI48: MUNICIPIO DE LA JAGUA DE IBIRICO, CESAR

Sheet 1.3
I1: SISTEMA INTEGRADO DE GESTIÓN | AL1: CÓDIGO: GPL-FO-024
AL2: VERSIÓN:01
I3: MEMORIAS DE CÁLCULO DE OBRA | AL3: PÁGINA: 1 DE 1
A4: FECHA | F4: DD | H4: 24 | J4: MM | L4: 3 | N4: AA | P4: 2024 | U4: CORTE N° | AG4: ELABORÓ
A5: OBJETO DEL CONTRATO | I5: ADECUACIÓN Y REMODELACIÓN DEL PUESTO DE SALUD DEL CORREGIMIENTO DE LA VICTORIA DE SAN ISIDRO DEL MUNICIPIO DE LA JAGUA DE IBIRICO, CESAR
A6: INTERVENTOR | AE6: NIT O C.C. | AJ6: CONTRATO DE INTERVENTORIA N°
A7: CONTRATISTA | AE7: NIT O C.C. | AJ7: CONTRATO DE OBRA N°
A9: 1.3 | H9: PRELIMINARES | U9: ITEM | AE9: =+'P. Adecuación'!C9 -> DESMONTE DE APARATOS SANITARIOS, LAVAMANOS Y LAVAPLATOS | AJ9: UNID. | AK9: und | AL9: UBICACIÓN | AM9: GENERAL
AG10: Fecha | AI10: Localización | AJ10: Dimensiones | AM10: Área | AN10: Medida Total
AJ11: Ancho | AK11: Alto | AL11: Longitud
AI13: Sanitarios | AM13: 8 | AN13: =+AM13 -> 8
AI14: Lavamanos | AM14: 12 | AN14: =+AM14 -> 12
AG34: Subtotal | AN34: =SUM(AN12:AN33) -> 20
AG36: TOTAL | AN36: =ROUND(SUM(AN34:AN35),2) -> 20
AI44: ARQUITECTO No. T.P A17732023-106117224
AI45: MUNICIPIO DE LA JAGUA DE IBIRICO, CESAR

Sheet 1.4
I1: SISTEMA INTEGRADO DE GESTIÓN | AL1: CÓDIGO: GPL-FO-024
AL2: VERSIÓN:01
I3: MEMORIAS DE CÁLCULO DE OBRA | AL3: PÁGINA: 1 DE 1
A4: FECHA | F4: DD | H4: 24 | J4: MM | L4: 3 | N4: AA | P4: 2024 | U4: CORTE N° | AG4: ELABORÓ
A5: OBJETO DEL CONTRATO | I5: ADECUACIÓN Y REMODELACIÓN DEL PUESTO DE SALUD DEL CORREGIMIENTO DE LA VICTORIA DE SAN ISIDRO DEL MUNICIPIO DE LA JAGUA DE IBIRICO, CESAR
A6: INTERVENTOR | AE6: NIT O C.C. | AJ6: CONTRATO DE INTERVENTORIA N°
A7: CONTRATISTA | AE7: NIT O C.C. | AJ7: CONTRATO DE OBRA N°
A9: 1.3 | H9: PRELIMINARES | U9: ITEM | AE9: =+'P. Adecuación'!C10 -> DESMONTES (CIELO RASOS) | AJ9: UNID. | AK9: M2 | AL9: UBICACIÓN | AM9: GENERAL
AG10: Fecha | AI10: Localización | AJ10: Dimensiones | AM10: Área | AN10: Medida Total
AJ11: Ancho | AK11: Alto | AL11: Longitud
AI16: CIELO RASO 1 | AJ16: 3.63 | AL16: 4.95 | AM16: =+AL16*AJ16 -> 17.9685 | AN16: =+AM16+AM17 -> 76.24
AJ17: 7.65 | AL17: 7.6171895 | AM17: =+AJ17*AL17 -> 58.2715
AI19: CIELO RASO 2 | AJ19: 2.1 | AL19: 6.1 | AM19: =+AL19*AJ19 -> 12.81 | AN19: =+AM20+AM19 -> 62.18
AJ20: 7.52 | AL20: 6.5651596 | AM20: =+AL20*AJ20 -> 49.37
AI22: CIELO RASO 3 | AJ22: 5.05 | AL22: 9.42 | AM22: =+AL22*AJ22 -> 47.571 | AN22: =+AM22+AM23 -> 87.42
AJ23: 6.149537 | AL23: 6.48 | AM23: =+AL23*AJ23 -> 39.849
AI25: CIELO RASO 4 | AJ25: 2.6 | AL25: 7.53 | AM25: =+AL25*AJ25 -> 19.578 | AN25: =+AM26+AM25 -> 67.92
AJ26: 5.78 | AL26: 8.3636678 | AM26: =+AL26*AJ26 -> 48.342
AI28: CIELO RASO 5 | AJ28: 4.3495192 | AL28: 20.8 | AN28: =+AJ28*AL28 -> 90.47
AI29: CIELO RASO 6 | AJ29: 10.458113 | AL29: 5.3 | AM29: =+AL29*AJ29 -> 55.428 | AN29: =+AM29+AM30+AM31 -> 69.71
AJ30: 3.23 | AL30: 3.4 | AM30: =+AL30*AJ30 -> 10.982
AJ31: 1.2 | AL31: 2.75 | AM31: =+AL31*AJ31 -> 3.3
AI32: CIELO RASO 7 | AJ32: 6.73 | AL32: 5.1456166 | AN32: =+AL32*AJ32 -> 34.63
AG38: Subtotal | AN38: =SUM(AN12:AN37) -> 488.57
AG40: TOTAL | AN40: =ROUND(SUM(AN38:AN39),2) -> 488.57
AI47: MAHER SANTOS
AI48: ARQUITECTO No. T.P A17732023-106117224
AI49: MUNICIPIO DE LA JAGUA DE IBIRICO, CESAR

Sheet 1.5
I1: SISTEMA INTEGRADO DE GESTIÓN | AL1: CÓDIGO: GPL-FO-024
AL2: VERSIÓN:01
I3: MEMORIAS DE CÁLCULO DE OBRA | AL3: PÁGINA: 1 DE 1
A4: FECHA | F4: DD | H4: 24 | J4: MM | L4: 3 | N4: AA | P4: 2024 | U4: CORTE N° | AG4: ELABORÓ
A5: OBJETO DEL CONTRATO | I5: ADECUACIÓN Y REMODELACIÓN DEL PUESTO DE SALUD DEL CORREGIMIENTO DE LA VICTORIA DE SAN ISIDRO DEL MUNICIPIO DE LA JAGUA DE IBIRICO, CESAR
A6: INTERVENTOR | AE6: NIT O C.C. | AJ6: CONTRATO DE INTERVENTORIA N°
A7: CONTRATISTA | AE7: NIT O C.C. | AJ7: CONTRATO DE OBRA N°
A9: 1.3 | H9: PRELIMINARES | U9: ITEM | AE9: =+'P. Adecuación'!C11 -> DESMONTES (PUERTAS) | AJ9: UNID. | AK9: UND | AL9: UBICACIÓN | AM9: GENERAL
AG10: Fecha | AI10: Localización | AJ10: Dimensiones | AM10: Área | AN10: Medida Total
AJ11: Ancho | AK11: Alto | AL11: Longitud
AI13: PUERTAS | AN13: 2
AL15: 0
AG32: Subtotal | AN32: =SUM(AN12:AN31) -> 2
AG34: TOTAL | AN34: =ROUND(SUM(AN32:AN33),2) -> 2
AK41: MAHER SANTOS
AI42: INGENIERO CIVIL No. T.P A17732023-106117224
AJ43: LA JAGUA DE IBIRICO CESAR

Sheet 2.1
I1: SISTEMA INTEGRADO DE GESTIÓN | AL1: CÓDIGO: GPL-FO-024
AL2: VERSIÓN:01
I3: MEMORIAS DE CÁLCULO DE OBRA | AL3: PÁGINA: 1 DE 1
A4: FECHA | F4: DD | H4: 24 | J4: MM | L4: 3 | N4: AA | P4: 2024 | U4: CORTE N° | AG4: ELABORÓ
A5: OBJETO DEL CONTRATO | I5: ADECUACIÓN Y REMODELACIÓN DEL PUESTO DE SALUD DEL CORREGIMIENTO DE LA VICTORIA DE SAN ISIDRO DEL MUNICIPIO DE LA JAGUA DE IBIRICO, CESAR
A6: INTERVENTOR | AE6: NIT O C.C. | AJ6: CONTRATO DE INTERVENTORIA N°
A7: CONTRATISTA | AE7: NIT O C.C. | AJ7: CONTRATO DE OBRA N°
A9: 2.1 | H9: OBRAS DE URBANISMO | U9: ITEM | AE9: =+'P. Adecuación'!C13 -> RAMPA EN CONCRETO 3000 PSI; E=0,10mts | AJ9: UNID. | AK9: M2 | AL9: UBICACIÓN | AM9: GENERAL
AG10: Fecha | AI10: Localización | AJ10: Dimensiones | AM10: Área | AN10: Medida Total
AJ11: Ancho | AK11: Alto | AL11: Longitud
AI13: Rampa acceso 1 | AJ13: 1.200139 | AL13: 1.8 | AN13: =+AJ13*AL13 -> 2.1602502
AO15: 2.1602502
AO16: =+AN13-AO15 -> 0
AG43: Subtotal | AN43: =SUM(AN12:AN42) -> 2.1602502
AG45: TOTAL | AN45: =ROUND(SUM(AN43:AN44),2) -> 2.16
AI52: MAHER SANTOS
AI53: ARQUITECTO No. T.P A17732023-106117224
AI54: MUNICIPIO DE LA JAGUA DE IBIRICO, CESAR

Sheet 3.1
I1: SISTEMA INTEGRADO DE GESTIÓN | AL1: CÓDIGO: GPL-FO-024
AL2: VERSIÓN:01
I3: MEMORIAS DE CÁLCULO DE OBRA | AL3: PÁGINA: 1 DE 1
A4: FECHA | F4: DD | H4: 24 | J4: MM | L4: 3 | N4: AA | P4: 2024 | U4: CORTE N° | AG4: ELABORÓ
A5: OBJETO DEL CONTRATO | I5: ADECUACIÓN Y REMODELACIÓN DEL PUESTO DE SALUD DEL CORREGIMIENTO DE LA VICTORIA DE SAN ISIDRO DEL MUNICIPIO DE LA JAGUA DE IBIRICO, CESAR
A6: INTERVENTOR | AE6: NIT O C.C. | AJ6: CONTRATO DE INTERVENTORIA N°
A7: CONTRATISTA | AE7: NIT O C.C. | AJ7: CONTRATO DE OBRA N°
A9: 3.1 | H9: OBRAS EN CUBIERTA | U9: ITEM | AE9: =+'P. Adecuación'!C15 -> CUBIERTA EN TEJA ARQUITECTONICA ACESCO O SIMILAR | AJ9: UNID. | AK9: M2 | AL9: UBICACIÓN | AM9: GENERAL
AG10: Fecha | AI10: Localización | AJ10: Dimensiones | AM10: Área | AN10: Medida Total
AJ11: Ancho | AK11: Alto | AL11: Longitud
AI13: CIELO RASO 1 | AJ13: 3.63 | AL13: 4.95 | AM13: =+AL13*AJ13 -> 17.9685 | AN13: =+AM13+AM14 -> 76.24
AJ14: 7.65 | AL14: 7.6171895 | AM14: =+AJ14*AL14 -> 58.2715
AI16: CIELO RASO 2 | AJ16: 2.1 | AL16: 6.1 | AM16: =+AL16*AJ16 -> 12.81 | AN16: =+AM17+AM16 -> 62.18
AJ17: 7.52 | AL17: 6.5651596 | AM17: =+AL17*AJ17 -> 49.37
AI19: CIELO RASO 3 | AJ19: 5.05 | AL19: 9.42 | AM19: =+AL19*AJ19 -> 47.571 | AN19: =+AM19+AM20 -> 87.42
AJ20: 6.149537 | AL20: 6.48 | AM20: =+AL20*AJ20 -> 39.849
AI22: CIELO RASO 4 | AJ22: 2.6 | AL22: 7.53 | AM22: =+AL22*AJ22 -> 19.578 | AN22: =+AM23+AM22 -> 67.92
AJ23: 5.78 | AL23: 8.3636678 | AM23: =+AL23*AJ23 -> 48.342
AI25: CIELO RASO 5 | AJ25: 4.3495192 | AL25: 20.8 | AN25: =+AJ25*AL25 -> 90.47
AI26: CIELO RASO 6 | AJ26: 10.458113 | AL26: 5.3 | AM26: =+AL26*AJ26 -> 55.428 | AN26: =+AM26+AM27+AM28 -> 69.71
AJ27: 3.23 | AL27: 3.4 | AM27: =+AL27*AJ27 -> 10.982
AJ28: 1.2 | AL28: 2.75 | AM28: =+AL28*AJ28 -> 3.3
AI29: CIELO RASO 7 | AJ29: 6.73 | AL29: 5.1456166 | AN29: =+AL29*AJ29 -> 34.63
AI39: Cubierta entrada | AJ39: 11.033511 | AL39: 8.6 | AN39: =+AL39*AJ39 -> 94.888191
AG43: Subtotal | AN43: =SUM(AN12:AN42) -> 583.45819
AG45: TOTAL | AN45: =ROUND(SUM(AN43:AN44),2) -> 583.46 | AO45: 583.46 | AP45: =+AN45-AO45 -> 0
AI52: MAHER SANTOS
AI53: ARQUITECTO No. T.P A17732023-106117224
AI54: MUNICIPIO DE LA JAGUA DE IBIRICO, CESAR

Sheet 3.2
I1: SISTEMA INTEGRADO DE GESTIÓN | AL1: CÓDIGO: GPL-FO-024
AL2: VERSIÓN:01
I3: MEMORIAS DE CÁLCULO DE OBRA | AL3: PÁGINA: 1 DE 1
A4: FECHA | F4: DD | H4: 24 | J4: MM | L4: 3 | N4: AA | P4: 2024 | U4: CORTE N° | AG4: ELABORÓ
A5: OBJETO DEL CONTRATO | I5: ADECUACIÓN Y REMODELACIÓN DEL PUESTO DE SALUD DEL CORREGIMIENTO DE LA VICTORIA DE SAN ISIDRO DEL MUNICIPIO DE LA JAGUA DE IBIRICO, CESAR
A6: INTERVENTOR | AE6: NIT O C.C. | AJ6: CONTRATO DE INTERVENTORIA N°
A7: CONTRATISTA | AE7: NIT O C.C. | AJ7: CONTRATO DE OBRA N°
A9: 3.2 | H9: OBRAS EN CUBIERTA | U9: ITEM | AE9: =+'P. Adecuación'!C16 -> IMPERMEABILIZACION DE PLACA EN MANTO EDIL 3 MM STANDAR INCL. IMPRIMANTE Y PINTURA BITUMINOSA | AJ9: UNID. | AK9: M2 | AL9: UBICACIÓN | AM9: GENERAL
AG10: Fecha | AI10: Localización | AJ10: Dimensiones | AM10: Área | AN10: Medida Total
AJ11: Ancho | AK11: Alto | AL11: Longitud
AI14: Placa en concreto | AJ14: 27.18 | AL14: 2.15 | AM14: =+AL14*AJ14 -> 58.437 | AN14: =+SUM(AM14:AM22) -> 183.25
AJ15: 2.85 | AL15: 0.65 | AM15: =+AL15*AJ15 -> 1.8525
AJ16: 3.18 | AL16: 0.5 | AM16: =+AL16*AJ16 -> 1.59
AJ17: 2.75 | AL17: 2 | AM17: =+AL17*AJ17 -> 5.5
AJ19: 2.6 | AL19: 8.1 | AM19: =+AL19*AJ19 -> 21.06
AJ20: 14.32205 | AL20: 2 | AM20: =+AL20*AJ20 -> 28.6441 | AO20: =+AN14-AM35 -> 183.25
AJ21: 3.18 | AL21: 6.48 | AM21: =+AL21*AJ21 -> 20.6064
AJ22: 2 | AL22: 22.78 | AM22: =+AL22*AJ22 -> 45.56
AG44: Subtotal | AN44: =SUM(AN12:AN43) -> 183.25
AG46: TOTAL | AN46: =ROUND(SUM(AN44:AN45),2) -> 183.25
AI53: MAHER SANTOS
AI54: ARQUITECTO No. T.P A17732023-106117224
AI55: MUNICIPIO DE LA JAGUA DE IBIRICO, CESAR

Sheet 3.3
I1: SISTEMA INTEGRADO DE GESTIÓN | AL1: CÓDIGO: GPL-FO-024
AL2: VERSIÓN:01
I3: MEMORIAS DE CÁLCULO DE OBRA | AL3: PÁGINA: 1 DE 1
A4: FECHA | F4: DD | H4: 24 | J4: MM | L4: 3 | N4: AA | P4: 2024 | U4: CORTE N° | AG4: ELABORÓ
A5: OBJETO DEL CONTRATO | I5: ADECUACIÓN Y REMODELACIÓN DEL PUESTO DE SALUD DEL CORREGIMIENTO DE LA VICTORIA DE SAN ISIDRO DEL MUNICIPIO DE LA JAGUA DE IBIRICO, CESAR
A6: INTERVENTOR | AE6: NIT O C.C. | AJ6: CONTRATO DE INTERVENTORIA N°
A7: CONTRATISTA | AE7: NIT O C.C. | AJ7: CONTRATO DE OBRA N°
A9: 3.3 | H9: OBRAS EN CUBIERTA | U9: ITEM | AE9: =+'P. Adecuación'!C17 -> MEDIACAÑA EN MORTERO 1:4 | AJ9: UNID. | AK9: ML | AL9: UBICACIÓN | AM9: GENERAL
AG10: Fecha | AI10: Localización | AJ10: Dimensiones | AM10: Área | AN10: Medida Total
AJ11: Ancho | AK11: Alto | AL11: Longitud
AI13: Placa en concreto | AK13: 0.5 | AL13: 2.15 | AN13: =+AL13 -> 2.15 | AO13: 151.9
AL14: 7.23 | AN14: =+AL14 -> 7.23
AL15: 2.85 | AN15: =+AL15 -> 2.85 | AO15: =+AO13-AL36 -> 151.9
AL16: 0.5 | AN16: =+AL16 -> 0.5
AL17: 11.6 | AN17: =+AL17 -> 11.6
AL18: 13.96 | AN18: =+AL18 -> 13.96
AL19: 2.6 | AN19: =+AL19 -> 2.6
AL20: 2 | AN20: =+AL20 -> 2
AL21: 2.75 | AN21: =+AL21 -> 2.75
AL22: 3.18 | AN22: =+AL22 -> 3.18
AL23: 0.5 | AN23: =+AL23 -> 0.5
AL24: 5.05 | AN24: =+AL24 -> 5.05
AL25: 22.78 | AN25: =+AL25 -> 22.78
AL26: 16.05 | AN26: =+AL26 -> 16.05
AL27: 2 | AN27: =+AL27 -> 2
... AL35: 9.78 | AN35: =+AL35 -> 9.78
AG43: Subtotal | AN43: =SUM(AN12:AN42) -> 151.9
AG45: TOTAL | AN45: =ROUND(SUM(AN43:AN44),2) -> 151.9
AI52: MAHER SANTOS
AI53: ARQUITECTO No. T.P A17732023-106117224
AI54: MUNICIPIO DE LA JAGUA DE IBIRICO, CESAR

Sheet 7.5
I1: SISTEMA INTEGRADO DE GESTIÓN | AL1: CÓDIGO: GPL-FO-024
AL2: VERSIÓN:01
I3: MEMORIAS DE CÁLCULO DE OBRA | AL3: PÁGINA: 1 DE 1
A4: FECHA | F4: DD | H4: 24 | J4: MM | L4: 3 | N4: AA | P4: 2024 | U4: CORTE N° | AG4: ELABORÓ
A5: OBJETO DEL CONTRATO | I5: ADECUACIÓN Y REMODELACIÓN DEL PUESTO DE SALUD DEL CORREGIMIENTO DE LA VICTORIA DE SAN ISIDRO DEL MUNICIPIO DE LA JAGUA DE IBIRICO, CESAR
A6: INTERVENTOR | AE6: NIT O C.C. | AJ6: CONTRATO DE INTERVENTORIA N°
A7: CONTRATISTA | AE7: NIT O C.C. | AJ7: CONTRATO DE OBRA N°
A9: 7.5 | H9: SUMINISTRO E INSTALACIÓN DE CARPINTERIA | U9: ITEM | AE9: =+'P. Adecuación'!C44 -> 0 | AJ9: UNID. | AK9: UND | AL9: UBICACIÓN | AM9: GENERAL
AG10: Fecha | AI10: Localización | AJ10: Dimensiones | AM10: Cantidad | AN10: Medida Total
AJ11: Ancho | AK11: Alto | AL11: Longitud
AI13: Puertas | AM13: 24 | AN13: =+AM13 -> 24
AG43: Subtotal | AN43: =SUM(AN12:AN42) -> 24
AG45: TOTAL | AN45: =ROUND(SUM(AN43:AN44),2) -> 24
AI52: MAHER SANTOS
AI53: ARQUITECTO No. T.P A17732023-106117224
AI54: MUNICIPIO DE LA JAGUA DE IBIRICO, CESAR

Sheet 4.1
I1: SISTEMA INTEGRADO DE GESTIÓN | AL1: CÓDIGO: GPL-FO-024
AL2: VERSIÓN:01
I3: MEMORIAS DE CÁLCULO DE OBRA | AL3: PÁGINA: 1 DE 1
A4: FECHA | F4: DD | H4: 24 | J4: MM | L4: 3 | N4: AA | P4: 2024 | U4: CORTE N° | AG4: ELABORÓ
A5: OBJETO DEL CONTRATO | I5: ADECUACIÓN Y REMODELACIÓN DEL PUESTO DE SALUD DEL CORREGIMIENTO DE LA VICTORIA DE SAN ISIDRO DEL MUNICIPIO DE LA JAGUA DE IBIRICO, CESAR
A6: INTERVENTOR | AE6: NIT O C.C. | AJ6: CONTRATO DE INTERVENTORIA N°
A7: CONTRATISTA | AE7: NIT O C.C. | AJ7: CONTRATO DE OBRA N°
A9: 4.1 | H9: MAMPOSTERIA Y PINTURA | U9: ITEM | AE9: =+'P. Adecuación'!C20 -> PAÑETE LISO MUROS 1:4 | AJ9: UNID. | AK9: M2 | AL9: UBICACIÓN | AM9: GENERAL
AG10: Fecha | AI10: Localización | AJ10: Dimensiones | AM10: Área | AN10: Medida Total
AJ11: Ancho | AK11: Alto | AL11: Longitud
AI13: Techo | AJ13: 27.18 | AL13: 2.15 | AM13: =+AL13*AJ13 -> 58.437 | AN13: =+AM13 -> 58.437 | AO13: 183.25
AJ14: 2.85 | AL14: 0.65 | AM14: =+AL14*AJ14 -> 1.8525 | AN14: =+AM14 -> 1.8525 | AO14: 299.2
AJ15: 3.18 | AL15: 0.5 | AM15: =+AL15*AJ15 -> 1.59 | AN15: =+AM15 -> 1.59 | AO15: =SUM(AO13:AO14) -> 482.45
AJ16: 2.75 | AL16: 2 | AM16: =+AL16*AJ16 -> 5.5 | AN16: =+AM16 -> 5.5
AO17: =+AO14-AM46 -> 299.2
AJ18: 2.6 | AL18: 8.1 | AM18: =+AL18*AJ18 -> 21.06 | AN18: =+AM18 -> 21.06
AJ19: 14.32205 | AL19: 2 | AM19: =+AL19*AJ19 -> 28.6441 | AN19: =+AM19 -> 28.6441
AJ20: 3.18 | AL20: 6.48 | AM20: =+AL20*AJ20 -> 20.6064 | AN20: =+AM20 -> 20.6064
AJ21: 2 | AL21: 22.78 | AM21: =+AL21*AJ21 -> 45.56 | AN21: =+AM21 -> 45.56
AI23: Pañete PAREDES INTERNAS | AK23: 1.97 | AL23: 2.15 | AM23: =+AL23*AK23 -> 4.2355 | AN23: =+AM23 -> 4.2355
AK24: 1.97 | AL24: 7.23 | AM24: =+AL24*AK24 -> 14.2431 | AN24: =+AM24 -> 14.2431
AK25: 1.97 | AL25: 2.85 | AM25: =+AL25*AK25 -> 5.6145 | AN25: =+AM25 -> 5.6145
AK26: 1.97 | AL26: 0.5 | AM26: =+AL26*AK26 -> 0.985 | AN26: =+AM26 -> 0.985
AK27: 1.97 | AL27: 11.6 | AM27: =+AL27*AK27 -> 22.852 | AN27: =+AM27 -> 22.852
AK28: 1.97 | AL28: 13.96 | AM28: =+AL28*AK28 -> 27.5012 | AN28: =+AM28 -> 27.5012
AK29: 1.97 | AL29: 2.6 | AM29: =+AL29*AK29 -> 5.122 | AN29: =+AM29 -> 5.122 | AP29: =+AO14/AM46 -> #DIV/0!
AK30: 1.97 | AL30: 2 | AM30: =+AL30*AK30 -> 3.94 | AN30: =+AM30 -> 3.94
AK31: 1.97 | AL31: 2.75 | AM31: =+AL31*AK31 -> 5.4175 | AN31: =+AM31 -> 5.4175
AK32: 1.97 | AL32: 3.18 | AM32: =+AL32*AK32 -> 6.2646 | AN32: =+AM32 -> 6.2646
AK33: 1.97 | AL33: 0.5 | AM33: =+AL33*AK33 -> 0.985 | AN33: =+AM33 -> 0.985
AK34: 1.97 | AL34: 5.05 | AM34: =+AL34*AK34 -> 9.9485 | AN34: =+AM34 -> 9.9485
AK35: 1.97 | AL35: 22.78 | AM35: =+AL35*AK35 -> 44.8766 | AN35: =+AM35 -> 44.8766
AK36: 1.97 | AL36: 16.05 | AM36: =+AL36*AK36 -> 31.6185 | AN36: =+AM36 -> 31.6185
AK37: 1.97 | AL37: 2 | AM37: =+AL37*AK37 -> 3.94 | AN37: =+AM37 -> 3.94
AK38: 1.97 | AL38: 3.18 | AM38: =+AL38*AK38 -> 6.2646 | AN38: =+AM38 -> 6.2646
AK39: 1.97 | AL39: 6.45 | AM39: =+AL39*AK39 -> 12.7065 | AN39: =+AM39 -> 12.7065
AK40: 1.97 | AL40: 6.48 | AM40: =+AL40*AK40 -> 12.7656 | AN40: =+AM40 -> 12.7656
AK41: 1.97 | AL41: 9.57 | AM41: =+AL41*AK41 -> 18.8529 | AN41: =+AM41 -> 18.8529
... AK45: 1.9656033 | AL45: 9.78 | AM45: =+AL45*AK45 -> 19.2236 | AN45: =+AM45 -> 19.2236
AG51: Subtotal | AN51: =SUM(AN12:AN50) -> 482.45
AG53: TOTAL | AN53: =ROUND(SUM(AN51:AN52),2) -> 482.45
AI60: MAHER SANTOS
AI61: ARQUITECTO No. T.P A17732023-106117224
AI62: MUNICIPIO DE LA JAGUA DE IBIRICO, CESAR

Sheet 4.2
I1: SISTEMA INTEGRADO DE GESTIÓN | AL1: CÓDIGO: GPL-FO-024
AL2: VERSIÓN:01
I3: MEMORIAS DE CÁLCULO DE OBRA | AL3: PÁGINA: 1 DE 1
A4: FECHA | F4: DD | H4: 24 | J4: MM | L4: 3 | N4: AA | P4: 2024 | U4: CORTE N° | AG4: ELABORÓ
A5: OBJETO DEL CONTRATO | I5: ADECUACIÓN Y REMODELACIÓN DEL PUESTO DE SALUD DEL CORREGIMIENTO DE LA VICTORIA DE SAN ISIDRO DEL MUNICIPIO DE LA JAGUA DE IBIRICO, CESAR
A6: INTERVENTOR | AE6: NIT O C.C. | AJ6: CONTRATO DE INTERVENTORIA N°
A7: CONTRATISTA | AE7: NIT O C.C. | AJ7: CONTRATO DE OBRA N°
A9: 4.2 | H9: MAMPOSTERIA Y PINTURA | U9: ITEM | AE9: =+'P. Adecuación'!C21 -> PAÑETE IMPERMEABILIZADO 1:3 | AJ9: UNID. | AK9: M2 | AL9: UBICACIÓN | AM9: GENERAL
AG10: Fecha | AI10: Localización | AJ10: Dimensiones | AM10: Área | AN10: Medida Total
AJ11: Ancho | AK11: Alto | AL11: Longitud
AI13: Pañete fachada | AN13: =11.78+11.71 -> 23.49
AN14: =+AK14*AL14 -> 0
AN15: =+AK15*AL15 -> 0
AI16: Pañete lateral derecho | AN16: =5.9+2.4+10.15 -> 18.45
AN18: =+AK18*AL18 -> 0
AI19: Pañete lateral izquierdo | AN19: 15.2
AN20: =+AK20*AL20 -> 0
AN21: =+AK21*AL21 -> 0
AI22: Pañete fachada trasera | AN22: 24.39
AN23: =+AK23*AL23 -> 0
AN24: =+AK24*AL24 -> 0
AG43: Subtotal | AN43: =SUM(AN12:AN42) -> 81.53
AG45: TOTAL | AN45: =ROUND(SUM(AN43:AN44),2) -> 81.53
AI52: MAHER SANTOS
AI53: ARQUITECTO No. T.P A17732023-106117224
AI54: MUNICIPIO DE LA JAGUA DE IBIRICO, CESAR

Sheet 4.3
I1: SISTEMA INTEGRADO DE GESTIÓN | AL1: CÓDIGO: GPL-FO-024
AL2: VERSIÓN:01
I3: MEMORIAS DE CÁLCULO DE OBRA | AL3: PÁGINA: 1 DE 1
A4: FECHA | F4: DD | H4: 24 | J4: MM | L4: 3 | N4: AA | P4: 2024 | U4: CORTE N° | AG4: ELABORÓ
A5: OBJETO DEL CONTRATO | I5: ADECUACIÓN Y REMODELACIÓN DEL PUESTO DE SALUD DEL CORREGIMIENTO DE LA VICTORIA DE SAN ISIDRO DEL MUNICIPIO DE LA JAGUA DE IBIRICO, CESAR
A6: INTERVENTOR | AE6: NIT O C.C. | AJ6: CONTRATO DE INTERVENTORIA N°
A7: CONTRATISTA | AE7: NIT O C.C. | AJ7: CONTRATO DE OBRA N°
A9: 4.3 | H9: MAMPOSTERIA Y PINTURA | U9: ITEM | AE9: =+'P. Adecuación'!C22 -> FILOS Y DILATACIONES EN PAÑETES | AJ9: UNID. | AK9: ML | AL9: UBICACIÓN | AM9: GENERAL
AG10: Fecha | AI10: Localización | AJ10: Dimensiones | AM10: No. | AN10: Medida Total
AJ11: Ancho | AK11: Alto | AL11: Longitud
AI13: Filos y dilataciones área 1 | AL13: 2.2 | AM13: 159.78 | AN13: =+AM13*AL13 -> 351.516
AI14: Filos y dilataciones área 2 | AL14: 2.2 | AM14: =374*0.8 -> 299.2 | AN14: =+AM14*AL14 -> 658.24
AI15: FACHADA | AL15: 4 | AM15: =+'4.2'!$AN$45 -> 81.53 | AN15: =+AM15*AL15 -> 326.12
AG43: Subtotal | AN43: =SUM(AN12:AN42) -> 1335.876
AG45: TOTAL | AN45: =ROUND(SUM(AN43:AN44),2) -> 1335.88
AI52: MAHER SANTOS
AI53: ARQUITECTO No. T.P A17732023-106117224
AI54: MUNICIPIO DE LA JAGUA DE IBIRICO, CESAR

Sheet 4.4
I1: SISTEMA INTEGRADO DE GESTIÓN | AL1: CÓDIGO: GPL-FO-024
AL2: VERSIÓN:01
I3: MEMORIAS DE CÁLCULO DE OBRA | AL3: PÁGINA: 1 DE 1
A4: FECHA | F4: DD | H4: 24 | J4: MM | L4: 3 | N4: AA | P4: 2024 | U4: CORTE N° | AG4: ELABORÓ
A5: OBJETO DEL CONTRATO | I5: ADECUACIÓN Y REMODELACIÓN DEL PUESTO DE SALUD DEL CORREGIMIENTO DE LA VICTORIA DE SAN ISIDRO DEL MUNICIPIO DE LA JAGUA DE IBIRICO, CESAR
A6: INTERVENTOR | AE6: NIT O C.C. | AJ6: CONTRATO DE INTERVENTORIA N°
A7: CONTRATISTA | AE7: NIT O C.C. | AJ7: CONTRATO DE OBRA N°
A9: 4.4 | H9: MAMPOSTERIA Y PINTURA | U9: ITEM | AE9: =+'P. Adecuación'!C23 -> ESTUCO Y VINILO TRES MANOS EN MUROS (COLOR) | AJ9: UNID. | AK9: M2 | AL9: UBICACIÓN | AM9: GENERAL
AG10: Fecha | AI10: Localización | AJ10: Dimensiones | AM10: Área | AN10: Medida Total
AJ11: Ancho | AK11: Alto | AL11: Longitud
AI13: Estuco y vinilo paredes área 1 | AK13: 1.576 | AL13: 2.15 | AM13: =+AL13*AK13 -> 3.3884 | AN13: =+AM13 -> 3.3884
AK14: 1.576 | AL14: 7.23 | AM14: =+AL14*AK14 -> 11.39448 | AN14: =+AM14 -> 11.39448 | AO14: 239.36
AK15: 1.576 | AL15: 2.85 | AM15: =+AL15*AK15 -> 4.4916 | AN15: =+AM15 -> 4.4916
AK16: 1.576 | AL16: 0.5 | AM16: =+AL16*AK16 -> 0.788 | AN16: =+AM16 -> 0.788
AK17: 1.576 | AL17: 11.6 | AM17: =+AL17*AK17 -> 18.2816 | AN17: =+AM17 -> 18.2816 | AO17: =+AO14-AN37 -> 239.36
AK18: 1.576 | AL18: 13.96 | AM18: =+AL18*AK18 -> 22.00096 | AN18: =+AM18 -> 22.00096
AK19: 1.576 | AL19: 2.6 | AM19: =+AL19*AK19 -> 4.0976 | AN19: =+AM19 -> 4.0976 | AO19: =+AO14/AL37 -> #DIV/0!
AK20: 1.576 | AL20: 2 | AM20: =+AL20*AK20 -> 3.152 | AN20: =+AM20 -> 3.152
AK21: 1.576 | AL21: 2.75 | AM21: =+AL21*AK21 -> 4.334 | AN21: =+AM21 -> 4.334
AK22: 1.576 | AL22: 3.18 | AM22: =+AL22*AK22 -> 5.01168 | AN22: =+AM22 -> 5.01168
AK23: 1.576 | AL23: 0.5 | AM23: =+AL23*AK23 -> 0.788 | AN23: =+AM23 -> 0.788
AK24: 1.576 | AL24: 5.05 | AM24: =+AL24*AK24 -> 7.9588 | AN24: =+AM24 -> 7.9588
AK25: 1.576 | AL25: 22.78 | AM25: =+AL25*AK25 -> 35.90128 | AN25: =+AM25 -> 35.90128
AK26: 1.576 | AL26: 16.05 | AM26: =+AL26*AK26 -> 25.2948 | AN26: =+AM26 -> 25.2948
AK27: 1.582335 | AL27: 2 | AM27: =+AL27*AK27 -> 3.16467 | AN27: =+AM27 -> 3.16467
AK28: 1.576 | AL28: 3.18 | AM28: =+AL28*AK28 -> 5.01168 | AN28: =+AM28 -> 5.01168
AK29: 1.576 | AL29: 6.45 | AM29: =+AL29*AK29 -> 10.1652 | AN29: =+AM29 -> 10.1652
AK30: 1.575 | AL30: 6.48 | AM30: =+AL30*AK30 -> 10.206 | AN30: =+AM30 -> 10.206
AK31: 1.575 | AL31: 9.57 | AM31: =+AL31*AK31 -> 15.07275 | AN31: =+AM31 -> 15.07275
... AK35: 1.575 | AL35: 9.78 | AM35: =+AL35*AK35 -> 15.4035 | AN35: =+AM35 -> 15.4035
AG43: Subtotal | AN43: =SUM(AN12:AN42) -> 239.36
AG45: TOTAL | AN45: =ROUND(SUM(AN43:AN44),2) -> 239.36
AI52: MAHER SANTOS
AI53: ARQUITECTO No. T.P A17732023-106117224
AI54: MUNICIPIO DE LA JAGUA DE IBIRICO, CESAR

Sheet 4.5
I1: SISTEMA INTEGRADO DE GESTIÓN | AL1: CÓDIGO: GPL-FO-024
AL2: VERSIÓN:01
I3: MEMORIAS DE CÁLCULO DE OBRA | AL3: PÁGINA: 1 DE 1
A4: FECHA | F4: DD | H4: 24 | J4: MM | L4: 3 | N4: AA | P4: 2024 | U4: CORTE N° | AG4: ELABORÓ
A5: OBJETO DEL CONTRATO | I5: ADECUACIÓN Y REMODELACIÓN DEL PUESTO DE SALUD DEL CORREGIMIENTO DE LA VICTORIA DE SAN ISIDRO DEL MUNICIPIO DE LA JAGUA DE IBIRICO, CESAR
A6: INTERVENTOR | AE6: NIT O C.C. | AJ6: CONTRATO DE INTERVENTORIA N°
A7: CONTRATISTA | AE7: NIT O C.C. | AJ7: CONTRATO DE OBRA N°
A9: 4.5 | H9: MAMPOSTERIA Y PINTURA | U9: ITEM | AE9: =+'P. Adecuación'!C24 -> PINTURA FACHADA EN VINILO PARA EXTERIORES | AJ9: UNID. | AK9: M2 | AL9: UBICACIÓN | AM9: GENERAL
AG10: Fecha | AI10: Localización | AJ10: Dimensiones | AM10: Área | AN10: Medida Total
AJ11: Ancho | AK11: Alto | AL11: Longitud
AI13: Pañete fachada | AN13: =11.78+11.71 -> 23.49
AN14: =+AK14*AL14 -> 0
AN15: =+AK15*AL15 -> 0
AI16: Pañete lateral derecho | AN16: =5.9+2.4+10.15 -> 18.45
AN18: =+AK18*AL18 -> 0
AI19: Pañete lateral izquierdo | AN19: 15.2
AN20: =+AK20*AL20 -> 0
AN21: =+AK21*AL21 -> 0
AI22: Pañete fachada trasera | AN22: 24.39
AG43: Subtotal | AN43: =SUM(AN12:AN42) -> 81.53
AG45: TOTAL | AN45: =ROUND(SUM(AN43:AN44),2) -> 81.53
AI52: MAHER SANTOS
AI53: ARQUITECTO No. T.P A17732023-106117224
AI54: MUNICIPIO DE LA JAGUA DE IBIRICO, CESAR

Sheet 5.1
I1: SISTEMA INTEGRADO DE GESTIÓN | AL1: CÓDIGO: GPL-FO-024
AL2: VERSIÓN:01
I3: MEMORIAS DE CÁLCULO DE OBRA | AL3: PÁGINA: 1 DE 1
A4: FECHA | F4: DD | H4: 24 | J4: MM | L4: 3 | N4: AA | P4: 2024 | U4: CORTE N° | AG4: ELABORÓ
A5: OBJETO DEL CONTRATO | I5: ADECUACIÓN Y REMODELACIÓN DEL PUESTO DE SALUD DEL CORREGIMIENTO DE LA VICTORIA DE SAN ISIDRO DEL MUNICIPIO DE LA JAGUA DE IBIRICO, CESAR
A6: INTERVENTOR | AE6: NIT O C.C. | AJ6: CONTRATO DE INTERVENTORIA N°
A7: CONTRATISTA | AE7: NIT O C.C. | AJ7: CONTRATO DE OBRA N°
A9: 5.1 | H9: PISOS Y CIELO RASO | U9: ITEM | AE9: =+'P. Adecuación'!C26 -> ALISTADO PISO 1:5 E=0.04 M | AJ9: UNID. | AK9: M2 | AL9: UBICACIÓN | AM9: GENERAL
AG10: Fecha | AI10: Localización | AJ10: Dimensiones | AM10: Área | AN10: Medida Total
AJ11: Ancho | AK11: Alto | AL11: Longitud
AI13: OBSERVACION HOMBRE | AJ13: 3.65 | AL13: 6.45 | AN13: =+AL13*AJ13 -> 23.5425
AI14: OBSERCACION MUJERES | AJ14: 3.43 | AL14: 6.45 | AN14: =+AL14*AJ14 -> 22.1235
AI15: SALA ESPERA Y TRIAGE | AJ15: 5.73 | AL15: 6.45 | AN15: =+AL15*AJ15 -> 36.9585
AI16: TOMA DE MUESTRAS PASILLO | AJ16: 8.08 | AL16: 4.22 | AN16: =+AL16*AJ16 -> 34.0976
AI17: FACTURACION ARCHIVO | AJ17: 1.84 | AL17: 6 | AN17: =+AL17*AJ17 -> 11.04
AI18: ODONTOLOGIA Y RX | AJ18: 3.7 | AL18: =+(1.1*0.72)+(2.25*2.3)+(3.7*3.65) -> 19.472 | AN18: =+AL18*AJ18 -> 72.0464
AI19: CONSULTORIO ESPECIALISTAS | AJ19: 3.18 | AL19: 3.15 | AN19: =+AL19*AJ19 -> 10.017
AI20: PUERPERIO | AJ20: 4.75 | AL20: 5.85 | AN20: =+AL20*AJ20 -> 27.7875
AI21: SALA DE PARTO Y BAÑOS | AJ21: =5.05+4.75 -> 9.8 | AL21: 3.6 | AN21: =+AL21*AJ21 -> 35.28
AI22: RESIDUOS HOSPITALARIOS, TRABAJO LIMPIO ALMACEN | AJ22: 8.86 | AL22: 1.2 | AN22: =+AL22*AJ22 -> 10.632
AI23: ESTACION Y DORMITORIO ENFERMERIA | AJ23: 7.23 | AL23: 6.1 | AN23: =+AL23*AJ23 -> 44.103
AI24: SALA DE ACOMPAÑANTES | AJ24: 13.52 | AL24: 2 | AN24: =+AL24*AJ24 -> 27.04
AI25: TRABAJO PARTO | AJ25: =6.83+1.13 -> 7.96 | AL25: 3.2288945 | AN25: =+AL25*AJ25 -> 25.702
AG43: Subtotal | AN43: =SUM(AN12:AN42) -> 380.37
AG45: TOTAL | AN45: =ROUND(SUM(AN43:AN44),2) -> 380.37
AI52: MAHER SANTOS
AI53: ARQUITECTO No. T.P A17732023-106117224
AI54: MUNICIPIO DE LA JAGUA DE IBIRICO, CESAR

Sheet 5.2
I1: SISTEMA INTEGRADO DE GESTIÓN | AL1: CÓDIGO: GPL-FO-024
AL2: VERSIÓN:01
I3: MEMORIAS DE CÁLCULO DE OBRA | AL3: PÁGINA: 1 DE 1
A4: FECHA | F4: DD | H4: 24 | J4: MM | L4: 3 | N4: AA | P4: 2024 | U4: CORTE N° | AG4: ELABORÓ
A5: OBJETO DEL CONTRATO | I5: ADECUACIÓN Y REMODELACIÓN DEL PUESTO DE SALUD DEL CORREGIMIENTO DE LA VICTORIA DE SAN ISIDRO DEL MUNICIPIO DE LA JAGUA DE IBIRICO, CESAR
A6: INTERVENTOR | AE6: NIT O C.C. | AJ6: CONTRATO DE INTERVENTORIA N°
A7: CONTRATISTA | AE7: NIT O C.C. | AJ7: CONTRATO DE OBRA N°
A9: 5.2 | H9: PISOS Y CIELO RASO | U9: ITEM | AE9: =+'P. Adecuación'!C27 -> SUMINISTRO E INSTALACIÓN DE BALDOSIN 20 X 20 CM LINEA INSTITUCIONAL O SIMILAR BLANCO | AJ9: UNID. | AK9: M2 | AL9: UBICACIÓN | AM9: GENERAL
AG10: Fecha | AI10: Localización | AJ10: Dimensiones | AM10: Cantidad | AN10: Medida Total
AJ11: Ancho | AK11: Alto | AL11: Longitud
AI13: Tranajo limpio | AJ13: 1.2 | AL13: 2.08 | AN13: =+PRODUCT(AJ13:AM13) -> 2.496
AI14: Trabajo sucio | AJ14: 1.7 | AL14: 1.65 | AN14: =+PRODUCT(AJ14:AM14) -> 2.805
AG43: Subtotal | AN43: =SUM(AN12:AN42) -> 5.301
AG45: TOTAL | AN45: =ROUND(SUM(AN43:AN44),2) -> 5.3
AI52: MAHER SANTOS
AI53: ARQUITECTO No. T.P A17732023-106117224
AI54: MUNICIPIO DE LA JAGUA DE IBIRICO, CESAR

Sheet 5.3
I1: SISTEMA INTEGRADO DE GESTIÓN | AL1: CÓDIGO: GPL-FO-024
AL2: VERSIÓN:01
I3: MEMORIAS DE CÁLCULO DE OBRA | AL3: PÁGINA: 1 DE 1
A4: FECHA | F4: DD | H4: 24 | J4: MM | L4: 3 | N4: AA | P4: 2024 | U4: CORTE N° | AG4: ELABORÓ
A5: OBJETO DEL CONTRATO | I5: ADECUACIÓN Y REMODELACIÓN DEL PUESTO DE SALUD DEL CORREGIMIENTO DE LA VICTORIA DE SAN ISIDRO DEL MUNICIPIO DE LA JAGUA DE IBIRICO, CESAR
A6: INTERVENTOR | AE6: NIT O C.C. | AJ6: CONTRATO DE INTERVENTORIA N°
A7: CONTRATISTA | AE7: NIT O C.C. | AJ7: CONTRATO DE OBRA N°
A9: 5.3 | H9: PISOS Y CIELO RASO | U9: ITEM | AE9: =+'P. Adecuación'!C28 -> GUARDAESCOBA MEDIA CAÑA EN GRANITO PULIDO | AJ9: UNID. | AK9: ML | AL9: UBICACIÓN | AM9: GENERAL
AG10: Fecha | AI10: Localización | AJ10: Dimensiones | AM10: Área | AN10: Medida Total
AJ11: Ancho | AK11: Alto | AL11: Longitud
AI13: Techo | AL13: 2.15 | AN13: =+AL13 -> 2.15
AL14: 7.23 | AN14: =+AL14 -> 7.23
AL15: 2.85 | AN15: =+AL15 -> 2.85
AL16: 0.5 | AN16: =+AL16 -> 0.5
AL17: 11.6 | AN17: =+AL17 -> 11.6
AL18: 13.96 | AN18: =+AL18 -> 13.96
AL19: 2.6 | AN19: =+AL19 -> 2.6
AL20: 2 | AN20: =+AL20 -> 2
AL21: 2.75 | AN21: =+AL21 -> 2.75
AL22: 3.18 | AN22: =+AL22 -> 3.18
AL23: 0.5 | AN23: =+AL23 -> 0.5
AL24: 5.05 | AN24: =+AL24 -> 5.05
AL25: 22.78 | AN25: =+AL25 -> 22.78
... AL35: 9.78 | AN35: =+AL35 -> 9.78
AG43: Subtotal | AN43: =SUM(AN12:AN42) -> 151.9
AG45: TOTAL | AN45: =ROUND(SUM(AN43:AN44),2) -> 151.9
AI52: MAHER SANTOS
AI53: ARQUITECTO No. T.P A17732023-106117224
AI54: MUNICIPIO DE LA JAGUA DE IBIRICO, CESAR

Sheet 5.4
I1: SISTEMA INTEGRADO DE GESTIÓN | AL1: CÓDIGO: GPL-FO-024
AL2: VERSIÓN:01
I3: MEMORIAS DE CÁLCULO DE OBRA | AL3: PÁGINA: 1 DE 1
A4: FECHA | F4: DD | H4: 24 | J4: MM | L4: 3 | N4: AA | P4: 2024 | U4: CORTE N° | AG4: ELABORÓ
A5: OBJETO DEL CONTRATO | I5: ADECUACIÓN Y REMODELACIÓN DEL PUESTO DE SALUD DEL CORREGIMIENTO DE LA VICTORIA DE SAN ISIDRO DEL MUNICIPIO DE LA JAGUA DE IBIRICO, CESAR
A6: INTERVENTOR | AE6: NIT O C.C. | AJ6: CONTRATO DE INTERVENTORIA N°
A7: CONTRATISTA | AE7: NIT O C.C. | AJ7: CONTRATO DE OBRA N°
A9: 5.4 | H9: PISOS Y CIELO RASO | U9: ITEM | AE9: =+'P. Adecuación'!C29 -> PISO PORCELANATO 60 X 60 CM PRIMERA CALIDAD O SIMILAR | AJ9: UNID. | AK9: M2 | AL9: UBICACIÓN | AM9: GENERAL
AG10: Fecha | AI10: Localización | AJ10: Dimensiones | AM10: Área | AN10: Medida Total
AJ11: Ancho | AK11: Alto | AL11: Longitud
AI13: OBSERVACION HOMBRE | AJ13: 3.65 | AL13: 6.45 | AN13: =+AL13*AJ13 -> 23.5425
AI14: OBSERCACION MUJERES | AJ14: 3.43 | AL14: 6.45 | AN14: =+AL14*AJ14 -> 22.1235
AI15: SALA ESPERA Y TRIAGE | AJ15: 5.73 | AL15: 6.45 | AN15: =+AL15*AJ15 -> 36.9585
AI16: TOMA DE MUESTRAS PASILLO | AJ16: 8.08 | AL16: 4.22 | AN16: =+AL16*AJ16 -> 34.0976
AI17: FACTURACION ARCHIVO | AJ17: 1.84 | AL17: 6 | AN17: =+AL17*AJ17 -> 11.04
AI18: ODONTOLOGIA Y RX | AJ18: 3.7 | AL18: =+(1.1*0.72)+(2.25*2.3)+(3.7*3.65) -> 19.472 | AN18: =+AL18*AJ18 -> 72.0464
AI19: CONSULTORIO ESPECIALISTAS | AJ19: 3.18 | AL19: 3.15 | AN19: =+AL19*AJ19 -> 10.017
AI20: PUERPERIO | AJ20: 4.75 | AL20: 5.85 | AN20: =+AL20*AJ20 -> 27.7875
AI21: SALA DE PARTO Y BAÑOS | AJ21: =5.05+4.75 -> 9.8 | AL21: 3.6 | AN21: =+AL21*AJ21 -> 35.28
AI22: RESIDUOS HOSPITALARIOS, TRABAJO LIMPIO ALMACEN | AJ22: 8.86 | AL22: 1.2 | AN22: =+AL22*AJ22 -> 10.632
AI23: ESTACION Y DORMITORIO ENFERMERIA | AJ23: 7.23 | AL23: 6.1 | AN23: =+AL23*AJ23 -> 44.103
AI24: SALA DE ACOMPAÑANTES | AJ24: 13.52 | AL24: 2 | AN24: =+AL24*AJ24 -> 27.04
AI25: TRABAJO PARTO | AJ25: =6.83+1.13 -> 7.96 | AL25: 3.2288945 | AN25: =+AL25*AJ25 -> 25.702
AG43: Subtotal | AN43: =SUM(AN12:AN42) -> 380.37
AG45: TOTAL | AN45: =ROUND(SUM(AN43:AN44),2) -> 380.37
AI52: MAHER SANTOS
AI53: ARQUITECTO No. T.P A17732023-106117224
AI54: MUNICIPIO DE LA JAGUA DE IBIRICO, CESAR

Sheet 5.5
I1: SISTEMA INTEGRADO DE GESTIÓN | AL1: CÓDIGO: GPL-FO-024
AL2: VERSIÓN:01
I3: MEMORIAS DE CÁLCULO DE OBRA | AL3: PÁGINA: 1 DE 1
A4: FECHA | F4: DD | H4: 24 | J4: MM | L4: 3 | N4: AA | P4: 2024 | U4: CORTE N° | AG4: ELABORÓ
A5: OBJETO DEL CONTRATO | I5: ADECUACIÓN Y REMODELACIÓN DEL PUESTO DE SALUD DEL CORREGIMIENTO DE LA VICTORIA DE SAN ISIDRO DEL MUNICIPIO DE LA JAGUA DE IBIRICO, CESAR
A6: INTERVENTOR | AE6: NIT O C.C. | AJ6: CONTRATO DE INTERVENTORIA N°
A7: CONTRATISTA | AE7: NIT O C.C. | AJ7: CONTRATO DE OBRA N°
A9: 5.5 | H9: PISOS Y CIELO RASO | U9: ITEM | AE9: =+'P. Adecuación'!C30 -> CIELO RASO EN PVC (INCLUYE ESTRUCTURA DE SOPORTE Y TODOS LOS ELEMENTOS NECESARIOS PARA SU CORRECTA INSTALACIÓN) | AJ9: UNID. | AK9: M2 | AL9: UBICACIÓN | AM9: GENERAL
AG10: Fecha | AI10: Localización | AJ10: Dimensiones | AM10: Área | AN10: Medida Total
AJ11: Ancho | AK11: Alto | AL11: Longitud
AI13: CIELO RASO 1 | AJ13: 3.63 | AL13: 4.95 | AM13: =+AL13*AJ13 -> 17.9685 | AN13: =+AM13+AM14 -> 76.24
AJ14: 7.65 | AL14: 7.6171895 | AM14: =+AJ14*AL14 -> 58.2715
AI16: CIELO RASO 2 | AJ16: 2.1 | AL16: 6.1 | AM16: =+AL16*AJ16 -> 12.81 | AN16: =+AM17+AM16 -> 62.18
AJ17: 7.52 | AL17: 6.5651596 | AM17: =+AL17*AJ17 -> 49.37
AI19: CIELO RASO 3 | AJ19: 5.05 | AL19: 9.42 | AM19: =+AL19*AJ19 -> 47.571 | AN19: =+AM19+AM20 -> 87.42
AJ20: 6.149537 | AL20: 6.48 | AM20: =+AL20*AJ20 -> 39.849
AI22: CIELO RASO 4 | AJ22: 2.6 | AL22: 7.53 | AM22: =+AL22*AJ22 -> 19.578 | AN22: =+AM23+AM22 -> 67.92
AJ23: 5.78 | AL23: 8.3636678 | AM23: =+AL23*AJ23 -> 48.342
AI25: CIELO RASO 5 | AJ25: 4.3495192 | AL25: 20.8 | AN25: =+AJ25*AL25 -> 90.47
AI26: CIELO RASO 6 | AJ26: 10.458113 | AL26: 5.3 | AM26: =+AL26*AJ26 -> 55.428 | AN26: =+AM26+AM27+AM28 -> 69.71
AJ27: 3.23 | AL27: 3.4 | AM27: =+AL27*AJ27 -> 10.982
AJ28: 1.2 | AL28: 2.75 | AM28: =+AL28*AJ28 -> 3.3
AI29: CIELO RASO 7 | AJ29: 6.73 | AL29: 5.1456166 | AN29: =+AL29*AJ29 -> 34.63
AG43: Subtotal | AN43: =SUM(AN12:AN42) -> 488.57
AG45: TOTAL | AN45: =ROUND(SUM(AN43:AN44),2) -> 488.57
AI52: MAHER SANTOS
AI53: ARQUITECTO No. T.P A17732023-106117224
AI54: MUNICIPIO DE LA JAGUA DE IBIRICO, CESAR

Sheet 6.1
I1: SISTEMA INTEGRADO DE GESTIÓN | AL1: CÓDIGO: GPL-FO-024
AL2: VERSIÓN:01
I3: MEMORIAS DE CÁLCULO DE OBRA | AL3: PÁGINA: 1 DE 1
A4: FECHA | F4: DD | H4: 24 | J4: MM | L4: 3 | N4: AA | P4: 2024 | U4: CORTE N° | AG4: ELABORÓ
A5: OBJETO DEL CONTRATO | I5: ADECUACIÓN Y REMODELACIÓN DEL PUESTO DE SALUD DEL CORREGIMIENTO DE LA VICTORIA DE SAN ISIDRO DEL MUNICIPIO DE LA JAGUA DE IBIRICO, CESAR
A6: INTERVENTOR | AE6: NIT O C.C. | AJ6: CONTRATO DE INTERVENTORIA N°
A7: CONTRATISTA | AE7: NIT O C.C. | AJ7: CONTRATO DE OBRA N°
A9: 6.1 | H9: ENCHAPES Y ACCESORIOS BAÑOS | U9: ITEM | AE9: =+'P. Adecuación'!C32 -> CERAMICA PARED (INCLUYE BOQUILLA COLOR, WING Y LINEALES) | AJ9: UNID. | AK9: M2 | AL9: UBICACIÓN | AM9: GENERAL
AG10: Fecha | AI10: Localización | AJ10: Dimensiones | AM10: Área | AN10: Medida Total
AJ11: Ancho | AK11: Alto | AL11: Longitud
AI13: BAÑO TRABAJO SUCIO | AJ13: 2.92 | AK13: 2.4 | AN13: =+AK13*AJ13 -> 7.008
AI14: BAÑO SALA DE PARTO | AJ14: 4.41 | AK14: 2.4 | AN14: =+AK14*AJ14 -> 10.584
AI15: BAÑOS PUERPERIO | AJ15: 11.73 | AK15: 2.4 | AN15: =+AK15*AJ15 -> 28.152
AI16: BAÑOS ARCHIVO | AJ16: 9.77 | AK16: 2.4 | AN16: =+AK16*AJ16 -> 23.448
AI17: BAÑOS OBSERVACION | AJ17: =3.72*2 -> 7.44 | AK17: 2.4 | AN17: =+AK17*AJ17 -> 17.856
AG43: Subtotal | AN43: =SUM(AN12:AN42) -> 87.048
AG45: TOTAL | AN45: =ROUND(SUM(AN43:AN44),2) -> 87.05
AI52: MAHER SANTOS
AI53: ARQUITECTO No. T.P A17732023-106117224
AI54: MUNICIPIO DE LA JAGUA DE IBIRICO, CESAR

Sheet 6.2
I1: SISTEMA INTEGRADO DE GESTIÓN | AL1: CÓDIGO: GPL-FO-024
AL2: VERSIÓN:01
I3: MEMORIAS DE CÁLCULO DE OBRA | AL3: PÁGINA: 1 DE 1
A4: FECHA | F4: DD | H4: 24 | J4: MM | L4: 3 | N4: AA | P4: 2024 | U4: CORTE N° | AG4: ELABORÓ
A5: OBJETO DEL CONTRATO | I5: ADECUACIÓN Y REMODELACIÓN DEL PUESTO DE SALUD DEL CORREGIMIENTO DE LA VICTORIA DE SAN ISIDRO DEL MUNICIPIO DE LA JAGUA DE IBIRICO, CESAR
A6: INTERVENTOR | AE6: NIT O C.C. | AJ6: CONTRATO DE INTERVENTORIA N°
A7: CONTRATISTA | AE7: NIT O C.C. | AJ7: CONTRATO DE OBRA N°
A9: 6.2 | H9: ENCHAPES Y ACCESORIOS BAÑOS | U9: ITEM | AE9: =+'P. Adecuación'!C33 -> CERAMICA PISO 33 X 33 CM LINEA INSTITUCIONAL O SIMILAR (INCLUYE BOQUILLA COLOR, LINEALES) | AJ9: UNID. | AK9: M2 | AL9: UBICACIÓN | AM9: GENERAL
AG10: Fecha | AI10: Localización | AJ10: Dimensiones | AM10: Área | AN10: Medida Total
AJ11: Ancho | AK11: Alto | AL11: Longitud
AI14: BAÑO TRABAJO SUCIO | AJ14: 2.92 | AK14: 3 | AN14: =+AK14*AJ14 -> 8.76
AI15: BAÑO SALA DE PARTO | AJ15: 4.41 | AK15: 3 | AN15: =+AK15*AJ15 -> 13.23
AI16: BAÑOS PUERPERIO | AJ16: 11.73 | AK16: 3 | AN16: =+AK16*AJ16 -> 35.19
AI17: BAÑOS ARCHIVO | AJ17: 9.77 | AK17: 3 | AN17: =+AK17*AJ17 -> 29.31
AI18: BAÑOS OBSERVACION | AJ18: =3.72*2 -> 7.44 | AK18: 3 | AN18: =+AK18*AJ18 -> 22.32
AG43: Subtotal | AN43: =SUM(AN12:AN42) -> 108.81
AG45: TOTAL | AN45: =ROUND(SUM(AN43:AN44),2) -> 108.81
AI52: MAHER SANTOS
AI53: ARQUITECTO No. T.P A17732023-106117224
AI54: MUNICIPIO DE LA JAGUA DE IBIRICO, CESAR

Sheet 6.3
I1: SISTEMA INTEGRADO DE GESTIÓN | AL1: CÓDIGO: GPL-FO-024
AL2: VERSIÓN:01
I3: MEMORIAS DE CÁLCULO DE OBRA | AL3: PÁGINA: 1 DE 1
A4: FECHA | F4: DD | H4: 24 | J4: MM | L4: 3 | N4: AA | P4: 2024 | U4: CORTE N° | AG4: ELABORÓ
A5: OBJETO DEL CONTRATO | I5: ADECUACIÓN Y REMODELACIÓN DEL PUESTO DE SALUD DEL CORREGIMIENTO DE LA VICTORIA DE SAN ISIDRO DEL MUNICIPIO DE LA JAGUA DE IBIRICO, CESAR
A6: INTERVENTOR | AE6: NIT O C.C. | AJ6: CONTRATO DE INTERVENTORIA N°
A7: CONTRATISTA | AE7: NIT O C.C. | AJ7: CONTRATO DE OBRA N°
A9: 6.3 | H9: ENCHAPES Y ACCESORIOS BAÑOS | U9: ITEM | AE9: =+'P. Adecuación'!C34 -> SUMINISTRO E INSTALACIÓN DE SANITARIO LINEA INSTITUCIONAL O SIMILAR (INCLUYE TODOS LOS ACCESORIOS NECESARIOS PARA SU CORRECTO FUNCIONAMIENTO) | AJ9: UNID. | AK9: UND | AL9: UBICACIÓN | AM9: GENERAL
AG10: Fecha | AI10: Localización | AJ10: Dimensiones | AM10: Cantidad | AN10: Medida Total
AJ11: Ancho | AK11: Alto | AL11: Longitud
AI12: BAÑO TRABAJO SUCIO | AM12: 1 | AN12: =+PRODUCT(AJ12:AM12) -> 1
AI13: BAÑO SALA DE PARTO | AM13: 2 | AN13: =+PRODUCT(AJ13:AM13) -> 2
AI14: BAÑOS PUERPERIO | AM14: 1 | AN14: =+PRODUCT(AJ14:AM14) -> 1
AI15: BAÑOS ARCHIVO | AM15: 1 | AN15: =+PRODUCT(AJ15:AM15) -> 1
AI16: BAÑOS OBSERVACION | AM16: 2 | AN16: =+PRODUCT(AJ16:AM16) -> 2
AI17: BAÑO ODONTOLOGIA | AM17: 1 | AN17: =+PRODUCT(AJ17:AM17) -> 1
AG43: Subtotal | AN43: =SUM(AN12:AN42) -> 8
AG45: TOTAL | AN45: =ROUND(SUM(AN43:AN44),2) -> 8
AI52: MAHER SANTOS
AI53: ARQUITECTO No. T.P A17732023-106117224
AI54: MUNICIPIO DE LA JAGUA DE IBIRICO, CESAR

Sheet 6.4
I1: SISTEMA INTEGRADO DE GESTIÓN | AL1: CÓDIGO: GPL-FO-024
AL2: VERSIÓN:01
I3: MEMORIAS DE CÁLCULO DE OBRA | AL3: PÁGINA: 1 DE 1
A4: FECHA | F4: DD | H4: 24 | J4: MM | L4: 3 | N4: AA | P4: 2024 | U4: CORTE N° | AG4: ELABORÓ
A5: OBJETO DEL CONTRATO | I5: ADECUACIÓN Y REMODELACIÓN DEL PUESTO DE SALUD DEL CORREGIMIENTO DE LA VICTORIA DE SAN ISIDRO DEL MUNICIPIO DE LA JAGUA DE IBIRICO, CESAR
A6: INTERVENTOR | AE6: NIT O C.C. | AJ6: CONTRATO DE INTERVENTORIA N°
A7: CONTRATISTA | AE7: NIT O C.C. | AJ7: CONTRATO DE OBRA N°
A9: 6.4 | H9: ENCHAPES Y ACCESORIOS BAÑOS | U9: ITEM | AE9: =+'P. Adecuación'!C35 -> SUMINISTRO E INSTALACIÓN DE LAVAMANOS LINEA INSTITUCIONAL O SIMILAR (INCLUYE GRIFO Y TODOS LOS ACCESORIOS NECESARIOS PARA SU CORRECTO FUNCIONAMIENTO) | AJ9: UNID. | AK9: UND | AL9: UBICACIÓN | AM9: GENERAL
AG10: Fecha | AI10: Localización | AJ10: Dimensiones | AM10: Cantidad | AN10: Medida Total
AJ11: Ancho | AK11: Alto | AL11: Longitud
AI12: BAÑO TRABAJO SUCIO | AM12: 1 | AN12: =+PRODUCT(AJ12:AM12) -> 1
AI13: BAÑO SALA DE PARTO | AM13: 2 | AN13: =+PRODUCT(AJ13:AM13) -> 2
AI14: BAÑOS PUERPERIO | AM14: 1 | AN14: =+PRODUCT(AJ14:AM14) -> 1
AI15: BAÑOS ARCHIVO | AM15: 1 | AN15: =+PRODUCT(AJ15:AM15) -> 1
AI16: BAÑOS OBSERVACION | AM16: 2 | AN16: =+PRODUCT(AJ16:AM16) -> 2
AI17: BAÑO ODONTOLOGIA | AM17: 1 | AN17: =+PRODUCT(AJ17:AM17) -> 1
AG43: Subtotal | AN43: =SUM(AN12:AN42) -> 8
AG45: TOTAL | AN45: =ROUND(SUM(AN43:AN44),2) -> 8
AI52: MAHER SANTOS
AI53: ARQUITECTO No. T.P A17732023-106117224
AI54: MUNICIPIO DE LA JAGUA DE IBIRICO, CESAR

Sheet 6.5
I1: SISTEMA INTEGRADO DE GESTIÓN | AL1: CÓDIGO: GPL-FO-024
AL2: VERSIÓN:01
I3: MEMORIAS DE CÁLCULO DE OBRA | AL3: PÁGINA: 1 DE 1
A4: FECHA | F4: DD | H4: 24 | J4: MM | L4: 3 | N4: AA | P4: 2024 | U4: CORTE N° | AG4: ELABORÓ
A5: OBJETO DEL CONTRATO | I5: ADECUACIÓN Y REMODELACIÓN DEL PUESTO DE SALUD DEL CORREGIMIENTO DE LA VICTORIA DE SAN ISIDRO DEL MUNICIPIO DE LA JAGUA DE IBIRICO, CESAR
A6: INTERVENTOR | AE6: NIT O C.C. | AJ6: CONTRATO DE INTERVENTORIA N°
A7: CONTRATISTA | AE7: NIT O C.C. | AJ7: CONTRATO DE OBRA N°
A9: 6.5 | H9: ENCHAPES Y ACCESORIOS BAÑOS | U9: ITEM | AE9: =+'P. Adecuación'!C36 -> SUMINISTRO E INSTALACIÓN DE PROTECTOR DE PAPEL HIGIENICO (INCLUYE TODOS LOS ACCESORIOS NECESARIOS PARA SU CORRECTO FUNCIONAMIENTO) | AJ9: UNID. | AK9: UND | AL9: UBICACIÓN | AM9: GENERAL
AG10: Fecha | AI10: Localización | AJ10: Dimensiones | AM10: Cantidad | AN10: Medida Total
AJ11: Ancho | AK11: Alto | AL11: Longitud
AI12: BAÑO TRABAJO SUCIO | AM12: 1 | AN12: =+PRODUCT(AJ12:AM12) -> 1
AI13: BAÑO SALA DE PARTO | AM13: 2 | AN13: =+PRODUCT(AJ13:AM13) -> 2
AI14: BAÑOS PUERPERIO | AM14: 1 | AN14: =+PRODUCT(AJ14:AM14) -> 1
AI15: BAÑOS ARCHIVO | AM15: 1 | AN15: =+PRODUCT(AJ15:AM15) -> 1
AI16: BAÑOS OBSERVACION | AM16: 2 | AN16: =+PRODUCT(AJ16:AM16) -> 2
AI17: BAÑO ODONTOLOGIA | AM17: 1 | AN17: =+PRODUCT(AJ17:AM17) -> 1
AG43: Subtotal | AN43: =SUM(AN12:AN42) -> 8
AG45: TOTAL | AN45: =ROUND(SUM(AN43:AN44),2) -> 8
AI52: MAHER SANTOS
AI53: ARQUITECTO No. T.P A17732023-106117224
AI54: MUNICIPIO DE LA JAGUA DE IBIRICO, CESAR

Sheet 6.6
I1: SISTEMA INTEGRADO DE GESTIÓN | AL1: CÓDIGO: GPL-FO-024
AL2: VERSIÓN:01
I3: MEMORIAS DE CÁLCULO DE OBRA | AL3: PÁGINA: 1 DE 1
A4: FECHA | F4: DD | H4: 24 | J4: MM | L4: 3 | N4: AA | P4: 2024 | U4: CORTE N° | AG4: ELABORÓ
A5: OBJETO DEL CONTRATO | I5: ADECUACIÓN Y REMODELACIÓN DEL PUESTO DE SALUD DEL CORREGIMIENTO DE LA VICTORIA DE SAN ISIDRO DEL MUNICIPIO DE LA JAGUA DE IBIRICO, CESAR
A6: INTERVENTOR | AE6: NIT O C.C. | AJ6: CONTRATO DE INTERVENTORIA N°
A7: CONTRATISTA | AE7: NIT O C.C. | AJ7: CONTRATO DE OBRA N°
A9: 6.6 | H9: ENCHAPES Y ACCESORIOS BAÑOS | U9: ITEM | AE9: =+'P. Adecuación'!C37 -> SUMINISTRO E INSTALACIÓN DE TOALLERO (INCLUYE TODOS LOS ACCESORIOS NECESARIOS PARA SU CORRECTO FUNCIONAMIENTO) | AJ9: UNID. | AK9: UND | AL9: UBICACIÓN | AM9: GENERAL
AG10: Fecha | AI10: Localización | AJ10: Dimensiones | AM10: Cantidad | AN10: Medida Total
AJ11: Ancho | AK11: Alto | AL11: Longitud
AI13: BAÑO TRABAJO SUCIO | AM13: 1 | AN13: =+PRODUCT(AJ13:AM13) -> 1
AI14: BAÑO SALA DE PARTO | AM14: 2 | AN14: =+PRODUCT(AJ14:AM14) -> 2
AI15: BAÑOS PUERPERIO | AM15: 1 | AN15: =+PRODUCT(AJ15:AM15) -> 1
AI16: BAÑOS ARCHIVO | AM16: 1 | AN16: =+PRODUCT(AJ16:AM16) -> 1
AI17: BAÑOS OBSERVACION | AM17: 2 | AN17: =+PRODUCT(AJ17:AM17) -> 2
AI18: BAÑO ODONTOLOGIA | AM18: 1 | AN18: =+PRODUCT(AJ18:AM18) -> 1
AG43: Subtotal | AN43: =SUM(AN12:AN42) -> 8
AG45: TOTAL | AN45: =ROUND(SUM(AN43:AN44),2) -> 8
AI52: MAHER SANTOS
AI53: ARQUITECTO No. T.P A17732023-106117224
AI54: MUNICIPIO DE LA JAGUA DE IBIRICO, CESAR

Sheet 6.7
I1: SISTEMA INTEGRADO DE GESTIÓN | AL1: CÓDIGO: GPL-FO-024
AL2: VERSIÓN:01
I3: MEMORIAS DE CÁLCULO DE OBRA | AL3: PÁGINA: 1 DE 1
A4: FECHA | F4: DD | H4: 24 | J4: MM | L4: 3 | N4: AA | P4: 2024 | U4: CORTE N° | AG4: ELABORÓ
A5: OBJETO DEL CONTRATO | I5: ADECUACIÓN Y REMODELACIÓN DEL PUESTO DE SALUD DEL CORREGIMIENTO DE LA VICTORIA DE SAN ISIDRO DEL MUNICIPIO DE LA JAGUA DE IBIRICO, CESAR
A6: INTERVENTOR | AE6: NIT O C.C. | AJ6: CONTRATO DE INTERVENTORIA N°
A7: CONTRATISTA | AE7: NIT O C.C. | AJ7: CONTRATO DE OBRA N°
A9: 6.7 | H9: ENCHAPES Y ACCESORIOS BAÑOS | U9: ITEM | AE9: =+'P. Adecuación'!C38 -> LAVAPLATOS A.INOX. 100 X 60CM (INCLUYE GRIFO Y TODOS LOS ACCESORIOS NECESARIOS PARA SU CORRECTO FUNCIONAMIENTO) | AJ9: UNID. | AK9: UND | AL9: UBICACIÓN | AM9: GENERAL
AG10: Fecha | AI10: Localización | AJ10: Dimensiones | AM10: Cantidad | AN10: Medida Total
AJ11: Ancho | AK11: Alto | AL11: Longitud
AI16: Meson odontologia | AM16: 1 | AN16: 1
AI18: Mesón sala de partos | AM18: 1 | AN18: =+PRODUCT(AJ18:AM18) -> 1
AG43: Subtotal | AN43: =SUM(AN12:AN42) -> 2
AG45: TOTAL | AN45: =ROUND(SUM(AN43:AN44),2) -> 2
AI52: MAHER SANTOS
AI53: ARQUITECTO No. T.P A17732023-106117224
AI54: MUNICIPIO DE LA JAGUA DE IBIRICO, CESAR

Sheet 7.1
I1: SISTEMA INTEGRADO DE GESTIÓN | AL1: CÓDIGO: GPL-FO-024
AL2: VERSIÓN:01
I3: MEMORIAS DE CÁLCULO DE OBRA | AL3: PÁGINA: 1 DE 1
A4: FECHA | F4: DD | H4: 24 | J4: MM | L4: 3 | N4: AA | P4: 2024 | U4: CORTE N° | AG4: ELABORÓ
A5: OBJETO DEL CONTRATO | I5: ADECUACIÓN Y REMODELACIÓN DEL PUESTO DE SALUD DEL CORREGIMIENTO DE LA VICTORIA DE SAN ISIDRO DEL MUNICIPIO DE LA JAGUA DE IBIRICO, CESAR
A6: INTERVENTOR | AE6: NIT O C.C. | AJ6: CONTRATO DE INTERVENTORIA N°
A7: CONTRATISTA | AE7: NIT O C.C. | AJ7: CONTRATO DE OBRA N°
A9: 7.1 | H9: SUMINISTRO E INSTALACIÓN DE CARPINTERIA | U9: ITEM | AE9: =+'P. Adecuación'!C40 -> MUEBLE SENCILLO EN MADERA | AJ9: UNID. | AK9: ML | AL9: UBICACIÓN | AM9: GENERAL
AG10: Fecha | AI10: Localización | AJ10: Dimensiones | AM10: Cantidad | AN10: Medida Total
AJ11: Ancho | AK11: Alto | AL11: Longitud
AI18: MESON SALA DE PARTO | AL18: 2.25 | AN18: =+PRODUCT(AJ18:AM18) -> 2.25
AI20: MESON ODONTOLOGIA | AL20: 2.2 | AN20: =+PRODUCT(AJ20:AM20) -> 2.2
AG43: Subtotal | AN43: =SUM(AN12:AN42) -> 4.45
AG45: TOTAL | AN45: =ROUND(SUM(AN43:AN44),2) -> 4.45
AI52: MAHER SANTOS
AI53: ARQUITECTO No. T.P A17732023-106117224
AI54: MUNICIPIO DE LA JAGUA DE IBIRICO, CESAR

Sheet 7.2
I1: SISTEMA INTEGRADO DE GESTIÓN | AL1: CÓDIGO: GPL-FO-024
AL2: VERSIÓN:01
I3: MEMORIAS DE CÁLCULO DE OBRA | AL3: PÁGINA: 1 DE 1
A4: FECHA | F4: DD | H4: 24 | J4: MM | L4: 3 | N4: AA | P4: 2024 | U4: CORTE N° | AG4: ELABORÓ
A5: OBJETO DEL CONTRATO | I5: ADECUACIÓN Y REMODELACIÓN DEL PUESTO DE SALUD DEL CORREGIMIENTO DE LA VICTORIA DE SAN ISIDRO DEL MUNICIPIO DE LA JAGUA DE IBIRICO, CESAR
A6: INTERVENTOR | AE6: NIT O C.C. | AJ6: CONTRATO DE INTERVENTORIA N°
A7: CONTRATISTA | AE7: NIT O C.C. | AJ7: CONTRATO DE OBRA N°
A9: 7.2 | H9: SUMINISTRO E INSTALACIÓN DE CARPINTERIA | U9: ITEM | AE9: =+'P. Adecuación'!C41 -> PUERTAS LAMINA CON MARCO CAL. 18, INCL. ANTICORROSIVO Y ACABADO EN ESMALTE, INCLUYE CERRADURA E INSTALACION. | AJ9: UNID. | AK9: UND | AL9: UBICACIÓN | AM9: GENERAL
AG10: Fecha | AI10: Localización | AJ10: Dimensiones | AM10: Cantidad | AN10: Medida Total
AJ11: Ancho | AK11: Alto | AL11: Longitud
AI13: PUERTAS | AN13: 2
AG43: Subtotal | AN43: =SUM(AN12:AN42) -> 2
AG45: TOTAL | AN45: =ROUND(SUM(AN43:AN44),2) -> 2
AI52: MAHER SANTOS
AI53: ARQUITECTO No. T.P A17732023-106117224
AI54: MUNICIPIO DE LA JAGUA DE IBIRICO, CESAR

Sheet 7.3
I1: SISTEMA INTEGRADO DE GESTIÓN | AL1: CÓDIGO: GPL-FO-024
AL2: VERSIÓN:01
I3: MEMORIAS DE CÁLCULO DE OBRA | AL3: PÁGINA: 1 DE 1
A4: FECHA | F4: DD | H4: 24 | J4: MM | L4: 3 | N4: AA | P4: 2024 | U4: CORTE N° | AG4: ELABORÓ
A5: OBJETO DEL CONTRATO | I5: ADECUACIÓN Y REMODELACIÓN DEL PUESTO DE SALUD DEL CORREGIMIENTO DE LA VICTORIA DE SAN ISIDRO DEL MUNICIPIO DE LA JAGUA DE IBIRICO, CESAR
A6: INTERVENTOR | AE6: NIT O C.C. | AJ6: CONTRATO DE INTERVENTORIA N°
A7: CONTRATISTA | AE7: NIT O C.C. | AJ7: CONTRATO DE OBRA N°
A9: 7.3 | H9: SUMINISTRO E INSTALACIÓN DE CARPINTERIA | U9: ITEM | AE9: =+'P. Adecuación'!C42 -> VENTANA SENCILLA EN ALUMINIO | AJ9: UNID. | AK9: UND | AL9: UBICACIÓN | AM9: GENERAL
AG10: Fecha | AI10: Localización | AJ10: Dimensiones | AM10: Cantidad | AN10: Medida Total
AJ11: Ancho | AK11: Alto | AL11: Longitud
AI12: Ventana100x70 | AM12: 14 | AN12: =+AM12 -> 14
AI13: Ventana sencilla (130x70) | AM13: 8 | AN13: =+PRODUCT(AJ13:AM13) -> 8
AI14: Ventanal fachada (220x170) | AM14: 1 | AN14: =+AM14 -> 1
AG43: Subtotal | AN43: =SUM(AN12:AN42) -> 23
AG45: TOTAL | AN45: =ROUND(SUM(AN43:AN44),2) -> 23
AI52: MAHER SANTOS
AI53: ARQUITECTO No. T.P A17732023-106117224
AI54: MUNICIPIO DE LA JAGUA DE IBIRICO, CESAR

Sheet 7.4
I1: SISTEMA INTEGRADO DE GESTIÓN | AL1: CÓDIGO: GPL-FO-024
AL2: VERSIÓN:01
I3: MEMORIAS DE CÁLCULO DE OBRA | AL3: PÁGINA: 1 DE 1
A4: FECHA | F4: DD | H4: 24 | J4: MM | L4: 3 | N4: AA | P4: 2024 | U4: CORTE N° | AG4: ELABORÓ
A5: OBJETO DEL CONTRATO | I5: ADECUACIÓN Y REMODELACIÓN DEL PUESTO DE SALUD DEL CORREGIMIENTO DE LA VICTORIA DE SAN ISIDRO DEL MUNICIPIO DE LA JAGUA DE IBIRICO, CESAR
A6: INTERVENTOR | AE6: NIT O C.C. | AJ6: CONTRATO DE INTERVENTORIA N°
A7: CONTRATISTA | AE7: NIT O C.C. | AJ7: CONTRATO DE OBRA N°
A9: 7.4 | H9: SUMINISTRO E INSTALACIÓN DE CARPINTERIA | U9: ITEM | AE9: =+'P. Adecuación'!C43 -> ESPEJO 4 MM | AJ9: UNID. | AK9: M2 | AL9: UBICACIÓN | AM9: GENERAL
AG10: Fecha | AI10: Localización | AJ10: Dimensiones | AM10: Cantidad | AN10: Medida Total
AJ11: Ancho | AK11: Alto | AL11: Longitud
AI13: Espejo baño | AJ13: 0.45 | AK13: 0.6 | AM13: 8 | AN13: =+PRODUCT(AJ13:AM13) -> 2.16
AG43: Subtotal | AN43: =SUM(AN12:AN42) -> 2.16
AG45: TOTAL | AN45: =ROUND(SUM(AN43:AN44),2) -> 2.16
AI52: MAHER SANTOS
AI53: ARQUITECTO No. T.P A17732023-106117224
AI54: MUNICIPIO DE LA JAGUA DE IBIRICO, CESAR

Sheet 8.1
I1: SISTEMA INTEGRADO DE GESTIÓN | AL1: CÓDIGO: GPL-FO-024
AL2: VERSIÓN:01
I3: MEMORIAS DE CÁLCULO DE OBRA | AL3: PÁGINA: 1 DE 1
A4: FECHA | F4: DD | H4: 24 | J4: MM | L4: 3 | N4: AA | P4: 2024 | U4: CORTE N° | AG4: ELABORÓ
A5: OBJETO DEL CONTRATO | I5: ADECUACIÓN Y REMODELACIÓN DEL PUESTO DE SALUD DEL CORREGIMIENTO DE LA VICTORIA DE SAN ISIDRO DEL MUNICIPIO DE LA JAGUA DE IBIRICO, CESAR
A6: INTERVENTOR | AE6: NIT O C.C. | AJ6: CONTRATO DE INTERVENTORIA N°
A7: CONTRATISTA | AE7: NIT O C.C. | AJ7: CONTRATO DE OBRA N°
A9: 8.1 | H9: SUMINISTRO E INSTALACIONES ELECTRICAS | U9: ITEM | AE9: =+'P. Adecuación'!C46 -> SUMINISTRO E INSTALACION DE TOMAS ELECTRICOS DOBLES 110V | AJ9: UNID. | AK9: UND | AL9: UBICACIÓN | AM9: GENERAL
AG10: Fecha | AI10: Localización | AJ10: Dimensiones | AM10: Cantidad | AN10: Medida Total
AJ11: Ancho | AK11: Alto | AL11: Longitud
AI13: TOMAS ELECTRICOS | AM13: 13 | AN13: =+PRODUCT(AJ13:AM13) -> 13
AG43: Subtotal | AN43: =SUM(AN12:AN42) -> 13
AG45: TOTAL | AN45: =ROUND(SUM(AN43:AN44),2) -> 13
AI52: MAHER SANTOS
AI53: ARQUITECTO No. T.P A17732023-106117224
AI54: MUNICIPIO DE LA JAGUA DE IBIRICO, CESAR

Sheet 8.2
I1: SISTEMA INTEGRADO DE GESTIÓN | AL1: CÓDIGO: GPL-FO-024
AL2: VERSIÓN:01
I3: MEMORIAS DE CÁLCULO DE OBRA | AL3: PÁGINA: 1 DE 1
A4: FECHA | F4: DD | H4: 24 | J4: MM | L4: 3 | N4: AA | P4: 2024 | U4: CORTE N° | AG4: ELABORÓ
A5: OBJETO DEL CONTRATO | I5: ADECUACIÓN Y REMODELACIÓN DEL PUESTO DE SALUD DEL CORREGIMIENTO DE LA VICTORIA DE SAN ISIDRO DEL MUNICIPIO DE LA JAGUA DE IBIRICO, CESAR
A6: INTERVENTOR | AE6: NIT O C.C. | AJ6: CONTRATO DE INTERVENTORIA N°
A7: CONTRATISTA | AE7: NIT O C.C. | AJ7: CONTRATO DE OBRA N°
A9: 8.2 | H9: SUMINISTRO E INSTALACIONES ELECTRICAS | U9: ITEM | AE9: =+'P. Adecuación'!C47 -> SUMINISTRO E INSTALACION DE INTERRUPTORES SENCILLOS 110V | AJ9: UNID. | AK9: UND | AL9: UBICACIÓN | AM9: GENERAL
AG10: Fecha | AI10: Localización | AJ10: Dimensiones | AM10: Cantidad | AN10: Medida Total
AJ11: Ancho | AK11: Alto | AL11: Longitud
AI13: INTERRUPTORES | AM13: 70 | AN13: =+PRODUCT(AJ13:AM13) -> 70
AG43: Subtotal | AN43: =SUM(AN12:AN42) -> 70
AG45: TOTAL | AN45: =ROUND(SUM(AN43:AN44),2) -> 70
AI52: MAHER SANTOS
AI53: ARQUITECTO No. T.P A17732023-106117224
AI54: MUNICIPIO DE LA JAGUA DE IBIRICO, CESAR

Sheet 8.3
I1: SISTEMA INTEGRADO DE GESTIÓN | AL1: CÓDIGO: GPL-FO-024
AL2: VERSIÓN:01
I3: MEMORIAS DE CÁLCULO DE OBRA | AL3: PÁGINA: 1 DE 1
A4: FECHA | F4: DD | H4: 24 | J4: MM | L4: 3 | N4: AA | P4: 2024 | U4: CORTE N° | AG4: ELABORÓ
A5: OBJETO DEL CONTRATO | I5: ADECUACIÓN Y REMODELACIÓN DEL PUESTO DE SALUD DEL CORREGIMIENTO DE LA VICTORIA DE SAN ISIDRO DEL MUNICIPIO DE LA JAGUA DE IBIRICO, CESAR
A6: INTERVENTOR | AE6: NIT O C.C. | AJ6: CONTRATO DE INTERVENTORIA N°
A7: CONTRATISTA | AE7: NIT O C.C. | AJ7: CONTRATO DE OBRA N°
A9: 8.3 | H9: SUMINISTRO E INSTALACIONES ELECTRICAS | U9: ITEM | AE9: =+'P. Adecuación'!C48 -> SALIDAS PARA ILUMINACIÓN 120V (INCLUYE CAJA OCTAGONAL, ADAPTADORES, DUCTO EMT DE 1/2 Y/O 3/4", CABLEADO EN #12 AWG + TIERRA E INTERRUPTOR. NO INCLUYE LUMINARIA) | AJ9: UNID. | AK9: ML | AL9: UBICACIÓN | AM9: GENERAL
AG10: Fecha | AI10: Localización | AJ10: Dimensiones | AM10: Cantidad | AN10: Medida Total
AJ11: Ancho | AK11: Alto | AL11: Longitud
AI13: Salida iluminación | AM13: =14+9+7+12+8+19+11+38+38+83 -> 239 | AN13: =+PRODUCT(AJ13:AM13) -> 239
AG43: Subtotal | AN43: =SUM(AN12:AN42) -> 239
AG45: TOTAL | AN45: =ROUND(SUM(AN43:AN44),2) -> 239
AI52: MAHER SANTOS
AI53: ARQUITECTO No. T.P A17732023-106117224
AI54: MUNICIPIO DE LA JAGUA DE IBIRICO, CESAR

Sheet 8.4
I1: SISTEMA INTEGRADO DE GESTIÓN | AL1: CÓDIGO: GPL-FO-024
AL2: VERSIÓN:01
I3: MEMORIAS DE CÁLCULO DE OBRA | AL3: PÁGINA: 1 DE 1
A4: FECHA | F4: DD | H4: 24 | J4: MM | L4: 3 | N4: AA | P4: 2024 | U4: CORTE N° | AG4: ELABORÓ
A5: OBJETO DEL CONTRATO | I5: ADECUACIÓN Y REMODELACIÓN DEL PUESTO DE SALUD DEL CORREGIMIENTO DE LA VICTORIA DE SAN ISIDRO DEL MUNICIPIO DE LA JAGUA DE IBIRICO, CESAR
A6: INTERVENTOR | AE6: NIT O C.C. | AJ6: CONTRATO DE INTERVENTORIA N°
A7: CONTRATISTA | AE7: NIT O C.C. | AJ7: CONTRATO DE OBRA N°
A9: 8.4 | H9: SUMINISTRO E INSTALACIONES ELECTRICAS | U9: ITEM | AE9: =+'P. Adecuación'!C49 -> SUMINISTRO E INSTALACIÓN DE LUMINARIA LED 25W (INCLUYE LUMINARIA, AÉREO, DERIVACIÓN EN SALIDA CON CONECTORES DE RESORTE. CABLE ENCAUCHETADA 3*14, INTERRUPTOR, TOMA Y ENCHUFE) | AJ9: UNID. | AK9: UND | AL9: UBICACIÓN | AM9: GENERAL
AG10: Fecha | AI10: Localización | AJ10: Dimensiones | AM10: Cantidad | AN10: Medida Total
AJ11: Ancho | AK11: Alto | AL11: Longitud
AI13: Luminaria | AM13: 70 | AN13: =+PRODUCT(AJ13:AM13) -> 70
AG43: Subtotal | AN43: =SUM(AN12:AN42) -> 70
AG45: TOTAL | AN45: =ROUND(SUM(AN43:AN44),2) -> 70
AI52: MAHER SANTOS
AI53: ARQUITECTO No. T.P A17732023-106117224
AI54: MUNICIPIO DE LA JAGUA DE IBIRICO, CESAR

Sheet 8.5
I1: SISTEMA INTEGRADO DE GESTIÓN | AL1: CÓDIGO: GPL-FO-024
AL2: VERSIÓN:01
I3: MEMORIAS DE CÁLCULO DE OBRA | AL3: PÁGINA: 1 DE 1
A4: FECHA | F4: DD | H4: 24 | J4: MM | L4: 3 | N4: AA | P4: 2024 | U4: CORTE N° | AG4: ELABORÓ
A5: OBJETO DEL CONTRATO | I5: ADECUACIÓN Y REMODELACIÓN DEL PUESTO DE SALUD DEL CORREGIMIENTO DE LA VICTORIA DE SAN ISIDRO DEL MUNICIPIO DE LA JAGUA DE IBIRICO, CESAR
A6: INTERVENTOR | AE6: NIT O C.C. | AJ6: CONTRATO DE INTERVENTORIA N°
A7: CONTRATISTA | AE7: NIT O C.C. | AJ7: CONTRATO DE OBRA N°
A9: 8.5 | H9: SUMINISTRO E INSTALACIONES ELECTRICAS | U9: ITEM | AE9: =+'P. Adecuación'!C50 -> REGATAS | AJ9: UNID. | AK9: ML | AL9: UBICACIÓN | AM9: GENERAL
AG10: Fecha | AI10: Localización | AJ10: Dimensiones | AM10: Cantidad | AN10: Medida Total
AJ11: Ancho | AK11: Alto | AL11: Longitud
AI13: Regata | AL13: 239 | AN13: =+PRODUCT(AJ13:AM13) -> 239
AG43: Subtotal | AN43: =SUM(AN12:AN42) -> 239
AG45: TOTAL | AN45: =ROUND(SUM(AN43:AN44),2) -> 239
AI52: MAHER SANTOS
AI53: ARQUITECTO No. T.P A17732023-106117224
AI54: MUNICIPIO DE LA JAGUA DE IBIRICO, CESAR

Sheet 8.6
I1: SISTEMA INTEGRADO DE GESTIÓN | AL1: CÓDIGO: GPL-FO-024
AL2: VERSIÓN:01
I3: MEMORIAS DE CÁLCULO DE OBRA | AL3: PÁGINA: 1 DE 1
A4: FECHA | F4: DD | H4: 24 | J4: MM | L4: 3 | N4: AA | P4: 2024 | U4: CORTE N° | AG4: ELABORÓ
A5: OBJETO DEL CONTRATO | I5: ADECUACIÓN Y REMODELACIÓN DEL PUESTO DE SALUD DEL CORREGIMIENTO DE LA VICTORIA DE SAN ISIDRO DEL MUNICIPIO DE LA JAGUA DE IBIRICO, CESAR
A6: INTERVENTOR | AE6: NIT O C.C. | AJ6: CONTRATO DE INTERVENTORIA N°
A7: CONTRATISTA | AE7: NIT O C.C. | AJ7: CONTRATO DE OBRA N°
A9: 8.6 | H9: SUMINISTRO E INSTALACIONES ELECTRICAS | U9: ITEM | AE9: =+'P. Adecuación'!C51 -> SUMINISTRO E INSTALACION DE INTERRUPTORES DOBLES 110V | AJ9: UNID. | AK9: UND | AL9: UBICACIÓN | AM9: GENERAL
AG10: Fecha | AI10: Localización | AJ10: } | AM10: Cantidad | AN10: Medida Total
AJ11: Ancho | AK11: Alto | AL11: Longitud
AM13: 9 | AN13: =+PRODUCT(AJ13:AM13) -> 9
AG43: Subtotal | AN43: =SUM(AN12:AN42) -> 9
AG45: TOTAL | AN45: =ROUND(SUM(AN43:AN44),2) -> 9
AI52: MAHER SANTOS
AI53: ARQUITECTO No. T.P A17732023-106117224
AI54: MUNICIPIO DE LA JAGUA DE IBIRICO, CESAR

Sheet 9.1
I1: SISTEMA INTEGRADO DE GESTIÓN | AL1: CÓDIGO: GPL-FO-024
AL2: VERSIÓN:01
I3: MEMORIAS DE CÁLCULO DE OBRA | AL3: PÁGINA: 1 DE 1
A4: FECHA | F4: DD | H4: 24 | J4: MM | L4: 3 | N4: AA | P4: 2024 | U4: CORTE N° | AG4: ELABORÓ
A5: OBJETO DEL CONTRATO | I5: ADECUACIÓN Y REMODELACIÓN DEL PUESTO DE SALUD DEL CORREGIMIENTO DE LA VICTORIA DE SAN ISIDRO DEL MUNICIPIO DE LA JAGUA DE IBIRICO, CESAR
A6: INTERVENTOR | AE6: NIT O C.C. | AJ6: CONTRATO DE INTERVENTORIA N°
A7: CONTRATISTA | AE7: NIT O C.C. | AJ7: CONTRATO DE OBRA N°
A9: 9.1 | H9: SUMINISTRO E INSTALACIONES HIDROSANITARIAS Y AGUAS LLUVIAS | U9: ITEM | AE9: =+'P. Adecuación'!C53 -> TUBERÍA1/2"PVC PRESIÓN | AJ9: UNID. | AK9: ML | AL9: UBICACIÓN | AM9: GENERAL
AG10: Fecha | AI10: Localización | AJ10: Dimensiones | AM10: Cantidad | AN10: Medida Total
AJ11: Ancho | AK11: Alto | AL11: Longitud
AI13: Tubería presión 1/2" | AL13: 6.42 | AN13: =+PRODUCT(AJ13:AM13) -> 6.42
AL14: 9.08 | AN14: =+AL14 -> 9.08
AG43: Subtotal | AN43: =SUM(AN12:AN42) -> 15.5
AG45: TOTAL | AN45: =ROUND(SUM(AN43:AN44),2) -> 15.5
AI52: MAHER SANTOS
AI53: ARQUITECTO No. T.P A17732023-106117224
AI54: MUNICIPIO DE LA JAGUA DE IBIRICO, CESAR

Sheet 9.2
I1: SISTEMA INTEGRADO DE GESTIÓN | AL1: CÓDIGO: GPL-FO-024
AL2: VERSIÓN:01
I3: MEMORIAS DE CÁLCULO DE OBRA | AL3: PÁGINA: 1 DE 1
A4: FECHA | F4: DD | H4: 24 | J4: MM | L4: 3 | N4: AA | P4: 2024 | U4: CORTE N° | AG4: ELABORÓ
A5: OBJETO DEL CONTRATO | I5: ADECUACIÓN Y REMODELACIÓN DEL PUESTO DE SALUD DEL CORREGIMIENTO DE LA VICTORIA DE SAN ISIDRO DEL MUNICIPIO DE LA JAGUA DE IBIRICO, CESAR
A6: INTERVENTOR | AE6: NIT O C.C. | AJ6: CONTRATO DE INTERVENTORIA N°
A7: CONTRATISTA | AE7: NIT O C.C. | AJ7: CONTRATO DE OBRA N°
A9: 9.4 | H9: SUMINISTRO E INSTALACIONES HIDROSANITARIAS Y AGUAS LLUVIAS | U9: ITEM | AE9: =+'P. Adecuación'!C54 -> PUNTO HIDRÁULICO INODORO TANQUE | AJ9: UNID. | AK9: UND | AL9: UBICACIÓN | AM9: GENERAL
AG10: Fecha | AI10: Localización | AJ10: Dimensiones | AM10: Cantidad | AN10: Medida Total
AJ11: Ancho | AK11: Alto | AL11: Longitud
AI13: BAÑO TRABAJO SUCIO | AM13: 1 | AN13: =+PRODUCT(AJ13:AM13) -> 1
AI14: BAÑO SALA DE PARTO | AM14: 2 | AN14: =+PRODUCT(AJ14:AM14) -> 2
AI15: BAÑOS PUERPERIO | AM15: 1 | AN15: =+PRODUCT(AJ15:AM15) -> 1
AI16: BAÑOS ARCHIVO | AM16: 1 | AN16: =+PRODUCT(AJ16:AM16) -> 1
AI17: BAÑOS OBSERVACION | AM17: 2 | AN17: =+PRODUCT(AJ17:AM17) -> 2
AI18: BAÑO ODONTOLOGIA | AM18: 1 | AN18: =+PRODUCT(AJ18:AM18) -> 1
AG43: Subtotal | AN43: =SUM(AN12:AN42) -> 8
AG45: TOTAL | AN45: =ROUND(SUM(AN43:AN44),2) -> 8
AI52: MAHER SANTOS
AI53: ARQUITECTO No. T.P A17732023-106117224
AI54: MUNICIPIO DE LA JAGUA DE IBIRICO, CESAR

Sheet 9.3
I1: SISTEMA INTEGRADO DE GESTIÓN | AL1: CÓDIGO: GPL-FO-024
AL2: VERSIÓN:01
I3: MEMORIAS DE CÁLCULO DE OBRA | AL3: PÁGINA: 1 DE 1
A4: FECHA | F4: DD | H4: 24 | J4: MM | L4: 3 | N4: AA | P4: 2024 | U4: CORTE N° | AG4: ELABORÓ
A5: OBJETO DEL CONTRATO | I5: ADECUACIÓN Y REMODELACIÓN DEL PUESTO DE SALUD DEL CORREGIMIENTO DE LA VICTORIA DE SAN ISIDRO DEL MUNICIPIO DE LA JAGUA DE IBIRICO, CESAR
A6: INTERVENTOR | AE6: NIT O C.C. | AJ6: CONTRATO DE INTERVENTORIA N°
A7: CONTRATISTA | AE7: NIT O C.C. | AJ7: CONTRATO DE OBRA N°
A9: 9.3 | H9: SUMINISTRO E INSTALACIONES HIDROSANITARIAS Y AGUAS LLUVIAS | U9: ITEM | AE9: =+'P. Adecuación'!C55 -> PUNTO HIDRÁULICO LAVAMANOS | AJ9: UNID. | AK9: UND | AL9: UBICACIÓN | AM9: GENERAL
AG10: Fecha | AI10: Localización | AJ10: Dimensiones | AM10: Cantidad | AN10: Medida Total
AJ11: Ancho | AK11: Alto | AL11: Longitud
AI14: BAÑO TRABAJO SUCIO | AM14: 1 | AN14: =+PRODUCT(AJ14:AM14) -> 1
AI15: BAÑO SALA DE PARTO | AM15: 2 | AN15: =+PRODUCT(AJ15:AM15) -> 2
AI16: BAÑOS PUERPERIO | AM16: 1 | AN16: =+PRODUCT(AJ16:AM16) -> 1
AI17: BAÑOS ARCHIVO | AM17: 1 | AN17: =+PRODUCT(AJ17:AM17) -> 1
AI18: BAÑOS OBSERVACION | AM18: 2 | AN18: =+PRODUCT(AJ18:AM18) -> 2
AI19: BAÑO ODONTOLOGIA | AM19: 1 | AN19: =+PRODUCT(AJ19:AM19) -> 1
AG43: Subtotal | AN43: =SUM(AN12:AN42) -> 8
AG45: TOTAL | AN45: =ROUND(SUM(AN43:AN44),2) -> 8
AI52: MAHER SANTOS
AI53: ARQUITECTO No. T.P A17732023-106117224
AI54: MUNICIPIO DE LA JAGUA DE IBIRICO, CESAR

Sheet 9.4
I1: SISTEMA INTEGRADO DE GESTIÓN | AL1: CÓDIGO: GPL-FO-024
AL2: VERSIÓN:01
I3: MEMORIAS DE CÁLCULO DE OBRA | AL3: PÁGINA: 1 DE 1
A4: FECHA | F4: DD | H4: 24 | J4: MM | L4: 3 | N4: AA | P4: 2024 | U4: CORTE N° | AG4: ELABORÓ
A5: OBJETO DEL CONTRATO | I5: ADECUACIÓN Y REMODELACIÓN DEL PUESTO DE SALUD DEL CORREGIMIENTO DE LA VICTORIA DE SAN ISIDRO DEL MUNICIPIO DE LA JAGUA DE IBIRICO, CESAR
A6: INTERVENTOR | AE6: NIT O C.C. | AJ6: CONTRATO DE INTERVENTORIA N°
A7: CONTRATISTA | AE7: NIT O C.C. | AJ7: CONTRATO DE OBRA N°
A9: 9.4 | H9: SUMINISTRO E INSTALACIONES HIDROSANITARIAS Y AGUAS LLUVIAS | U9: ITEM | AE9: =+'P. Adecuación'!C56 -> PUNTO HIDRÁULICO POCETA | AJ9: UNID. | AK9: UND | AL9: UBICACIÓN | AM9: GENERAL
AG10: Fecha | AI10: Localización | AJ10: Dimensiones | AM10: Cantidad | AN10: Medida Total
AJ11: Ancho | AK11: Alto | AL11: Longitud
AI12: Tranajo limpio | AN12: 1
AI13: Trabajo sucio | AN13: 1
AG43: Subtotal | AN43: =SUM(AN12:AN42) -> 2
AG45: TOTAL | AN45: =ROUND(SUM(AN43:AN44),2) -> 2
AI52: MAHER SANTOS
AI53: ARQUITECTO No. T.P A17732023-106117224
AI54: MUNICIPIO DE LA JAGUA DE IBIRICO, CESAR

Sheet 9.5
I1: SISTEMA INTEGRADO DE GESTIÓN | AL1: CÓDIGO: GPL-FO-024
AL2: VERSIÓN:01
I3: MEMORIAS DE CÁLCULO DE OBRA | AL3: PÁGINA: 1 DE 1
A4: FECHA | F4: DD | H4: 24 | J4: MM | L4: 3 | N4: AA | P4: 2024 | U4: CORTE N° | AG4: ELABORÓ
A5: OBJETO DEL CONTRATO | I5: ADECUACIÓN Y REMODELACIÓN DEL PUESTO DE SALUD DEL CORREGIMIENTO DE LA VICTORIA DE SAN ISIDRO DEL MUNICIPIO DE LA JAGUA DE IBIRICO, CESAR
A6: INTERVENTOR | AE6: NIT O C.C. | AJ6: CONTRATO DE INTERVENTORIA N°
A7: CONTRATISTA | AE7: NIT O C.C. | AJ7: CONTRATO DE OBRA N°
A9: 9.5 | H9: SUMINISTRO E INSTALACIONES HIDROSANITARIAS Y AGUAS LLUVIAS | U9: ITEM | AE9: =+'P. Adecuación'!C57 -> PUNTO SANITARIO INODORO TANQUE | AJ9: UNID. | AK9: UND | AL9: UBICACIÓN | AM9: GENERAL
AG10: Fecha | AI10: Localización | AJ10: Dimensiones | AM10: Cantidad | AN10: Medida Total
AJ11: Ancho | AK11: Alto | AL11: Longitud
AI14: BAÑO TRABAJO SUCIO | AM14: 1 | AN14: =+PRODUCT(AJ14:AM14) -> 1
AI15: BAÑO SALA DE PARTO | AM15: 2 | AN15: =+PRODUCT(AJ15:AM15) -> 2
AI16: BAÑOS PUERPERIO | AM16: 1 | AN16: =+PRODUCT(AJ16:AM16) -> 1
AI17: BAÑOS ARCHIVO | AM17: 1 | AN17: =+PRODUCT(AJ17:AM17) -> 1
AI18: BAÑOS OBSERVACION | AM18: 2 | AN18: =+PRODUCT(AJ18:AM18) -> 2
AI19: BAÑO ODONTOLOGIA | AM19: 1 | AN19: =+PRODUCT(AJ19:AM19) -> 1
AG43: Subtotal | AN43: =SUM(AN12:AN42) -> 8
AG45: TOTAL | AN45: =ROUND(SUM(AN43:AN44),2) -> 8
AI52: MAHER SANTOS
AI53: ARQUITECTO No. T.P A17732023-106117224
AI54: MUNICIPIO DE LA JAGUA DE IBIRICO, CESAR

Sheet 9.6
I1: SISTEMA INTEGRADO DE GESTIÓN | AL1: CÓDIGO: GPL-FO-024
AL2: VERSIÓN:01
I3: MEMORIAS DE CÁLCULO DE OBRA | AL3: PÁGINA: 1 DE 1
A4: FECHA | F4: DD | H4: 24 | J4: MM | L4: 3 | N4: AA | P4: 2024 | U4: CORTE N° | AG4: ELABORÓ
A5: OBJETO DEL CONTRATO | I5: ADECUACIÓN Y REMODELACIÓN DEL PUESTO DE SALUD DEL CORREGIMIENTO DE LA VICTORIA DE SAN ISIDRO DEL MUNICIPIO DE LA JAGUA DE IBIRICO, CESAR
A6: INTERVENTOR | AE6: NIT O C.C. | AJ6: CONTRATO DE INTERVENTORIA N°
A7: CONTRATISTA | AE7: NIT O C.C. | AJ7: CONTRATO DE OBRA N°
A9: 9.8 | H9: SUMINISTRO E INSTALACIONES HIDROSANITARIAS Y AGUAS LLUVIAS | U9: ITEM | AE9: =+'P. Adecuación'!C58 -> PUNTO SANITARIO LAVAMANOS | AJ9: UNID. | AK9: UND | AL9: UBICACIÓN | AM9: GENERAL
AG10: Fecha | AI10: Localización | AJ10: Dimensiones | AM10: Cantidad | AN10: Medida Total
AJ11: Ancho | AK11: Alto | AL11: Longitud
AI14: BAÑO TRABAJO SUCIO | AM14: 1 | AN14: =+PRODUCT(AJ14:AM14) -> 1
AI15: BAÑO SALA DE PARTO | AM15: 2 | AN15: =+PRODUCT(AJ15:AM15) -> 2
AI16: BAÑOS PUERPERIO | AM16: 1 | AN16: =+PRODUCT(AJ16:AM16) -> 1
AI17: BAÑOS ARCHIVO | AM17: 1 | AN17: =+PRODUCT(AJ17:AM17) -> 1
AI18: BAÑOS OBSERVACION | AM18: 2 | AN18: =+PRODUCT(AJ18:AM18) -> 2
AI19: BAÑO ODONTOLOGIA | AM19: 1 | AN19: =+PRODUCT(AJ19:AM19) -> 1
AG43: Subtotal | AN43: =SUM(AN12:AN42) -> 8
AG45: TOTAL | AN45: =ROUND(SUM(AN43:AN44),2) -> 8
AI52: MAHER SANTOS
AI53: ARQUITECTO No. T.P A17732023-106117224
AI54: MUNICIPIO DE LA JAGUA DE IBIRICO, CESAR

Sheet 9.7
I1: SISTEMA INTEGRADO DE GESTIÓN | AL1: CÓDIGO: GPL-FO-024
AL2: VERSIÓN:01
I3: MEMORIAS DE CÁLCULO DE OBRA | AL3: PÁGINA: 1 DE 1
A4: FECHA | F4: DD | H4: 24 | J4: MM | L4: 3 | N4: AA | P4: 2024 | U4: CORTE N° | AG4: ELABORÓ
A5: OBJETO DEL CONTRATO | I5: ADECUACIÓN Y REMODELACIÓN DEL PUESTO DE SALUD DEL CORREGIMIENTO DE LA VICTORIA DE SAN ISIDRO DEL MUNICIPIO DE LA JAGUA DE IBIRICO, CESAR
A6: INTERVENTOR | AE6: NIT O C.C. | AJ6: CONTRATO DE INTERVENTORIA N°
A7: CONTRATISTA | AE7: NIT O C.C. | AJ7: CONTRATO DE OBRA N°
A9: 9.7 | H9: SUMINISTRO E INSTALACIONES HIDROSANITARIAS Y AGUAS LLUVIAS | U9: ITEM | AE9: =+'P. Adecuación'!C59 -> PUNTO SIFÓN POCETA ASEO | AJ9: UNID. | AK9: UND | AL9: UBICACIÓN | AM9: GENERAL
AG10: Fecha | AI10: Localización | AJ10: Dimensiones | AM10: Cantidad | AN10: Medida Total
AJ11: Ancho | AK11: Alto | AL11: Longitud
AI12: Tranajo limpio | AN12: 1
AI13: Trabajo sucio | AN13: 1
AG43: Subtotal | AN43: =SUM(AN12:AN42) -> 2
AG45: TOTAL | AN45: =ROUND(SUM(AN43:AN44),2) -> 2
AI52: MAHER SANTOS
AI53: ARQUITECTO No. T.P A17732023-106117224
AI54: MUNICIPIO DE LA JAGUA DE IBIRICO, CESAR

Sheet 9.8
I1: SISTEMA INTEGRADO DE GESTIÓN | AL1: CÓDIGO: GPL-FO-024
AL2: VERSIÓN:01
I3: MEMORIAS DE CÁLCULO DE OBRA | AL3: PÁGINA: 1 DE 1
A4: FECHA | F4: DD | H4: 24 | J4: MM | L4: 3 | N4: AA | P4: 2024 | U4: CORTE N° | AG4: ELABORÓ
A5: OBJETO DEL CONTRATO | I5: ADECUACIÓN Y REMODELACIÓN DEL PUESTO DE SALUD DEL CORREGIMIENTO DE LA VICTORIA DE SAN ISIDRO DEL MUNICIPIO DE LA JAGUA DE IBIRICO, CESAR
A6: INTERVENTOR | AE6: NIT O C.C. | AJ6: CONTRATO DE INTERVENTORIA N°
A7: CONTRATISTA | AE7: NIT O C.C. | AJ7: CONTRATO DE OBRA N°
A9: 9.8 | H9: SUMINISTRO E INSTALACIONES HIDROSANITARIAS Y AGUAS LLUVIAS | U9: ITEM | AE9: =+'P. Adecuación'!C60 -> CAJA DE INSPECCION EN MAMPOSTERÍA (INCLUYE PAÑETE Y CAÑUELA) | AJ9: UNID. | AK9: UND | AL9: UBICACIÓN | AM9: GENERAL
AG10: Fecha | AI10: Localización | AJ10: Dimensiones | AM10: Cantidad | AN10: Medida Total
AJ11: Ancho | AK11: Alto | AL11: Longitud
AI13: Caja de inspección | AM13: 2 | AN13: =+PRODUCT(AJ13:AM13) -> 2
AG43: Subtotal | AN43: =SUM(AN12:AN42) -> 2
AG45: TOTAL | AN45: =ROUND(SUM(AN43:AN44),2) -> 2
AI52: MAHER SANTOS
AI53: ARQUITECTO No. T.P A17732023-106117224
AI54: MUNICIPIO DE LA JAGUA DE IBIRICO, CESAR

Sheet 9.9
I1: SISTEMA INTEGRADO DE GESTIÓN | AL1: CÓDIGO: GPL-FO-024
AL2: VERSIÓN:01
I3: MEMORIAS DE CÁLCULO DE OBRA | AL3: PÁGINA: 1 DE 1
A4: FECHA | F4: DD | H4: 24 | J4: MM | L4: 3 | N4: AA | P4: 2024 | U4: CORTE N° | AG4: ELABORÓ
A5: OBJETO DEL CONTRATO | I5: ADECUACIÓN Y REMODELACIÓN DEL PUESTO DE SALUD DEL CORREGIMIENTO DE LA VICTORIA DE SAN ISIDRO DEL MUNICIPIO DE LA JAGUA DE IBIRICO, CESAR
A6: INTERVENTOR | AE6: NIT O C.C. | AJ6: CONTRATO DE INTERVENTORIA N°
A7: CONTRATISTA | AE7: NIT O C.C. | AJ7: CONTRATO DE OBRA N°
A9: 9.9 | H9: SUMINISTRO E INSTALACIONES HIDROSANITARIAS Y AGUAS LLUVIAS | U9: ITEM | AE9: =+'P. Adecuación'!C61 -> SUMINISTRO E INSTALACIÓN DE TANQUE ELEVADO DE 2000 LTS PLASTICO (INCLUYE TODOS LOS ACCESORIOS NECESARIOS PARA SU CORRECTO FUNCIONAMIENTO) | AJ9: UNID. | AK9: UND | AL9: UBICACIÓN | AM9: GENERAL
AG10: Fecha | AI10: Localización | AJ10: Dimensiones | AM10: Cantidad | AN10: Medida Total
AJ11: Ancho | AK11: Alto | AL11: Longitud
AI13: Tanque elevado | AM13: 1 | AN13: =+PRODUCT(AJ13:AM13) -> 1
AG43: Subtotal | AN43: =SUM(AN12:AN42) -> 1
AG45: TOTAL | AN45: =ROUND(SUM(AN43:AN44),2) -> 1
AI52: MAHER SANTOS
AI53: ARQUITECTO No. T.P A17732023-106117224
AI54: MUNICIPIO DE LA JAGUA DE IBIRICO, CESAR

Sheet 10.1
I1: SISTEMA INTEGRADO DE GESTIÓN | AL1: CÓDIGO: GPL-FO-024
AL2: VERSIÓN:01
I3: MEMORIAS DE CÁLCULO DE OBRA | AL3: PÁGINA: 1 DE 1
A4: FECHA | F4: DD | H4: 24 | J4: MM | L4: 3 | N4: AA | P4: 2024 | U4: CORTE N° | AG4: ELABORÓ
A5: OBJETO DEL CONTRATO | I5: ADECUACIÓN Y REMODELACIÓN DEL PUESTO DE SALUD DEL CORREGIMIENTO DE LA VICTORIA DE SAN ISIDRO DEL MUNICIPIO DE LA JAGUA DE IBIRICO, CESAR
A6: INTERVENTOR | AE6: NIT O C.C. | AJ6: CONTRATO DE INTERVENTORIA N°
A7: CONTRATISTA | AE7: NIT O C.C. | AJ7: CONTRATO DE OBRA N°
A9: 10.1 | H9: EQUIPOS FIJOS DE USO HOSPITALARIO | U9: ITEM | AE9: =+'P. Adecuación'!C63 -> SUMINISTRO E INSTALACIÓN AIRE ACONDICIONADO 24.000 BTU | AJ9: UNID. | AK9: UND | AL9: UBICACIÓN | AM9: GENERAL
AG10: Fecha | AI10: Localización | AJ10: Dimensiones | AM10: Cantidad | AN10: Medida Total
AJ11: Ancho | AK11: Alto | AL11: Longitud
AI13: Espacios Aire acondicionado | AM13: 12 | AN13: =+PRODUCT(AJ13:AM13) -> 12
AG43: Subtotal | AN43: =SUM(AN12:AN42) -> 12
AG45: TOTAL | AN45: =ROUND(SUM(AN43:AN44),2) -> 12
AI52: MAHER SANTOS
AI53: ARQUITECTO No. T.P A17732023-106117224
AI54: MUNICIPIO DE LA JAGUA DE IBIRICO, CESAR

Sheet 10.2
I1: SISTEMA INTEGRADO DE GESTIÓN | AL1: CÓDIGO: GPL-FO-024
AL2: VERSIÓN:01
I3: MEMORIAS DE CÁLCULO DE OBRA | AL3: PÁGINA: 1 DE 1
A4: FECHA | F4: DD | H4: 24 | J4: MM | L4: 3 | N4: AA | P4: 2024 | U4: CORTE N° | AG4: ELABORÓ
A5: OBJETO DEL CONTRATO | I5: ADECUACIÓN Y REMODELACIÓN DEL PUESTO DE SALUD DEL CORREGIMIENTO DE LA VICTORIA DE SAN ISIDRO DEL MUNICIPIO DE LA JAGUA DE IBIRICO, CESAR
A6: INTERVENTOR | AE6: NIT O C.C. | AJ6: CONTRATO DE INTERVENTORIA N°
A7: CONTRATISTA | AE7: NIT O C.C. | AJ7: CONTRATO DE OBRA N°
A9: =+'P. Adecuación'!B64 -> 10.2 | H9: EQUIPOS FIJOS DE USO HOSPITALARIO | U9: ITEM | AE9: =+'P. Adecuación'!C64 -> SUMINISTRO E INSTALACION DE LETRERO PANEL LUMINOSO EN ACERO INOXIDABLE, INCLUYE DESMONTE E INSTALACION | AJ9: UNID. | AK9: UND | AL9: UBICACIÓN | AM9: GENERAL
AG10: Fecha | AI10: Localización | AJ10: Dimensiones | AM10: Cantidad | AN10: Medida Total
AJ11: Ancho | AK11: Alto | AL11: Longitud
AI13: Letrero luminoso | AM13: 1 | AN13: =+PRODUCT(AJ13:AM13) -> 1
AG43: Subtotal | AN43: =SUM(AN12:AN42) -> 1
AG45: TOTAL | AN45: =ROUND(SUM(AN43:AN44),2) -> 1
AI52: MAHER SANTOS
AI53: ARQUITECTO No. T.P A17732023-106117224
AI54: MUNICIPIO DE LA JAGUA DE IBIRICO, CESAR

Sheet 11.1
I1: SISTEMA INTEGRADO DE GESTIÓN | AL1: CÓDIGO: GPL-FO-024
AL2: VERSIÓN:01
I3: MEMORIAS DE CÁLCULO DE OBRA | AL3: PÁGINA: 1 DE 1
A4: FECHA | F4: DD | H4: 24 | J4: MM | L4: 3 | N4: AA | P4: 2024 | U4: CORTE N° | AG4: ELABORÓ
A5: OBJETO DEL CONTRATO | I5: ADECUACIÓN Y REMODELACIÓN DEL PUESTO DE SALUD DEL CORREGIMIENTO DE LA VICTORIA DE SAN ISIDRO DEL MUNICIPIO DE LA JAGUA DE IBIRICO, CESAR
A6: INTERVENTOR | AE6: NIT O C.C. | AJ6: CONTRATO DE INTERVENTORIA N°
A7: CONTRATISTA | AE7: NIT O C.C. | AJ7: CONTRATO DE OBRA N°
A9: 11.1 | H9: ASEO GENERAL | U9: ITEM | AE9: =+'P. Adecuación'!C66 -> ASEO GENERAL ENTREGA | AJ9: UNID. | AK9: M2 | AL9: UBICACIÓN | AM9: GENERAL
AG10: Fecha | AI10: Localización | AJ10: Dimensiones | AM10: No Elem. | AN10: Medida Total
AJ11: Ancho | AK11: Alto | AL11: Longitud
AI13: OBSERVACION HOMBRE | AJ13: 3.65 | AL13: 6.45 | AN13: =+AL13*AJ13 -> 23.5425
AI14: OBSERCACION MUJERES | AJ14: 3.43 | AL14: 6.45 | AN14: =+AL14*AJ14 -> 22.1235
AI15: SALA ESPERA Y TRIAGE | AJ15: 5.73 | AL15: 6.45 | AN15: =+AL15*AJ15 -> 36.9585
AI16: TOMA DE MUESTRAS PASILLO | AJ16: 8.08 | AL16: 4.22 | AN16: =+AL16*AJ16 -> 34.0976
AI17: FACTURACION ARCHIVO | AJ17: 1.84 | AL17: 6 | AN17: =+AL17*AJ17 -> 11.04
AI18: ODONTOLOGIA Y RX | AJ18: 3.7 | AL18: =+(1.1*0.72)+(2.25*2.3)+(3.7*3.65) -> 19.472 | AN18: =+AL18*AJ18 -> 72.0464
AI19: CONSULTORIO ESPECIALISTAS | AJ19: 3.18 | AL19: 3.15 | AN19: =+AL19*AJ19 -> 10.017
AI20: PUERPERIO | AJ20: 4.75 | AL20: 5.85 | AN20: =+AL20*AJ20 -> 27.7875
AI21: SALA DE PARTO Y BAÑOS | AJ21: =5.05+4.75 -> 9.8 | AL21: 3.6 | AN21: =+AL21*AJ21 -> 35.28
AI22: RESIDUOS HOSPITALARIOS, TRABAJO LIMPIO ALMACEN | AJ22: 8.86 | AL22: 1.2 | AN22: =+AL22*AJ22 -> 10.632
AI23: ESTACION Y DORMITORIO ENFERMERIA | AJ23: 7.23 | AL23: 6.1 | AN23: =+AL23*AJ23 -> 44.103
AI24: SALA DE ACOMPAÑANTES | AJ24: 13.52 | AL24: 2 | AN24: =+AL24*AJ24 -> 27.04
AI25: TRABAJO PARTO | AJ25: =6.83+1.13 -> 7.96 | AL25: 3.2288945 | AN25: =+AL25*AJ25 -> 25.702
AI26: PARQUEADERO | AJ26: 2.910907 | AL26: 8.9 | AN26: =+AL26*AJ26 -> 25.907073
AP28: 25.907073
AP29: =+AP28-AN26 -> 0
AG45: Subtotal | AN45: =SUM(AN12:AN44) -> 406.27707
AG47: TOTAL | AN47: =ROUND(SUM(AN45:AN46),2) -> 406.28
AI55: MAHER SANTOS
AI56: INGENIERO CIVIL No. T.P A17732023-106117224
AI57: MUNICIPIO DE LA JAGUA DE IBIRICO, CESAR

Sheet 1. PRELIMINARES
B1: ANALISIS DE PRECIOS UNITARIOS
B2: PROPONENTE | C2: MUNICIPIO DE LA JAGUA DE IBIRICO CESAR | G2: FECHA | I2: 45373
B3: OBRA | E3: DESCRIPCION
E4: DEMOLICIONES (PISOS)
B5: UNIDAD : M2 | C5: ITEM : | D5: 1.2
B6: CANTIDAD EN EL PROYECTO :
B7: I.- EQUIPOS Y HERRAMIENTAS
B8: TIPO INSUMO | D8: HH/DD/MES | E8: RENDIM. o % | F8: V-UNITARIO | G8: VALOR PARCIAL | I8: V. PARCIAL TOTAL
B9: Herramienta y equipo menor | D9: % | E9: 5 | F9: =SUM(I29) -> 15039 | G9: =SUM(F9*5%) -> 751.95
B10: Elementos de consumo y proteccion | D10: % | E10: 1.5 | F10: =SUM(I29) -> 15039 | G10: =SUM(F10*1.5%) -> 225.585
G11: =SUM(E11*F11) -> 0
G12: SUB TOTAL EQUIPOS | I12: =SUM(G9:G11) -> 977.535
B13: II.-MATERIALES DE OBRA
B14: TIPO INSUMO | D14: UN | E14: CANTIDAD | F14: DESPERD. % | G14: V. UNITARIO | I14: V. PARCIAL TOTAL
I15: =(E15*(1+F15/100)) * (G15*(1+H15/100)) -> 0
I16: =(E16*(1+F16/100)) * (G16*(1+H16/100)) -> 0
I17: =(E17*(1+F17/100)) * (G17*(1+H17/100)) -> 0
F18: SUB TOTAL MATERIALES | I18: =SUM(I15:I17) -> 0
B19: III.-TRANSPORTES DE MATERIALES
B20: TIPO INSUMO | D20: VOL-PES-DIST | E20: RENDIMIENTO | F20: TARIFA | G20: V. UNITARIO | I20: V. PARCIAL TOTAL
B21: Transporte escombrera | E21: 0.06 | F21: 150000 | G21: =SUM(E21*F21) -> 9000
G22: =F22 -> 0
F23: SUB TOTAL TRANSPORTE | I23: =SUM(G21:G22) -> 9000
B24: IV.- MANO DE OBRA
B25: TIPO INSUMO | D25: UNIDAD | E25: CANTIDAD | F25: V. UNITARIO | G25: RENDIMIENTO | I25: V. PARCIAL TOTAL
B26: CUADRILLA (Jornal + prestaciones) 1 Oficial y 2 Ayudantes | D26: dia | E26: 1 | F26: =+(80000+50000*2)*1.671 -> 300780 | G26: 0.05 | I26: =SUM(F26*E26)*G26 -> 15039
I27: =SUM(F27*E27)*G27 -> 0
I28: =SUM(F28*E28)*G28 -> 0
F29: SUB TOTAL MANO DE OBRA | I29: =I26 -> 15039
E31: TOTAL COSTO DIRECTO | I31: =ROUND(SUM(I12+I18+I23+I29),0) -> 25017
B32: V.- COSTOS INDIRECTO
B33: FIRMA | D33: DESCRIPCION | F33: % | G33: VALOR
D34: ADMINISTRACION | F34: 25 | G34: =I31*20% -> 5003.4
D35: UTILIDAD | F35: 5 | G35: =I31*5% -> 1250.85
D36: A.U. | F36: =SUM(F34:F35) -> 30 | G36: =SUM(G34:G35) -> 6254.25
E37: TOTAL COSTO INDIRECTO | I37: =SUM(G36:G36) -> 6254.25
D38: PRECIO UNITARIO TOTAL | G38: =SUM(I31+I37) -> 31271.25
B40: ANALISIS DE PRECIOS UNITARIOS
B41: PROPONENTE | C41: MUNICIPIO DE LA JAGUA DE IBIRICO CESAR | G41: FECHA | I41: 45373
B42: OBRA | E42: DESCRIPCION
E43: =+'P. Adecuación'!C8 -> DESMONTES (VENTANAS)
B44: UNIDAD : M2 | C44: ITEM : | D44: 1.2
B45: CANTIDAD EN EL PROYECTO :
B46: I.- EQUIPOS Y HERRAMIENTAS
B47: TIPO INSUMO | D47: HH/DD/MES | E47: RENDIM. o % | F47: V-UNITARIO | G47: VALOR PARCIAL | I47: V. PARCIAL TOTAL
B48: Herramienta y equipo menor | D48: % | E48: 5 | F48: =SUM(I74) -> 15039 | G48: =SUM(F48*5%) -> 751.95
B49: Elementos de consumo y proteccion | D49: % | E49: 1.5 | F49: =SUM(I74) -> 15039 | G49: =SUM(F49*1.5%) -> 225.585
G50: =SUM(E50*F50) -> 0
G51: SUB TOTAL EQUIPOS | I51: =SUM(G48:G50) -> 977.535
B52: II.-MATERIALES DE OBRA
B53: TIPO INSUMO | D53: UN | E53: CANTIDAD | F53: DESPERD. % | G53: V. UNITARIO | I53: V. PARCIAL TOTAL
I54: =(E54*(1+F54/100)) * (G54*(1+H54/100)) -> 0
I55: =(E55*(1+F55/100)) * (G55*(1+H55/100)) -> 0
I56: =(E56*(1+F56/100)) * (G56*(1+H56/100)) -> 0
I57: =(E57*(1+F57/100)) * (G57*(1+H57/100)) -> 0
I58: =(E58*(1+F58/100)) * (G58*(1+H58/100)) -> 0
I59: =(E59*(1+F59/100)) * (G59*(1+H59/100)) -> 0
I60: =(E60*(1+F60/100)) * (G60*(1+H60/100)) -> 0
I61: =(E61*(1+F61/100)) * (G61*(1+H61/100)) -> 0
I62: =(E62*(1+F62/100)) * (G62*(1+H62/100)) -> 0
F63: SUB TOTAL MATERIALES | I63: =SUM(I54:I62) -> 0
B64: III.-TRANSPORTES DE MATERIALES
B65: TIPO INSUMO | D65: VOL-PES-DIST | E65: RENDIMIENTO | F65: TARIFA | G65: V. UNITARIO | I65: V. PARCIAL TOTAL
B66: Transporte escombrera | E66: 0.06 | F66: 150000 | G66: =SUM(E66*F66) -> 9000
G67: =F67 -> 0
F68: SUB TOTAL TRANSPORTE | I68: =SUM(G66:G67) -> 9000
B69: IV.- MANO DE OBRA
B70: TIPO INSUMO | D70: UNIDAD | E70: CANTIDAD | F70: V. UNITARIO | G70: RENDIMIENTO | I70: V. PARCIAL TOTAL
B71: CUADRILLA (Jornal + prestaciones) 1 Oficial y 2 Ayudantes | D71: dia | E71: 1 | F71: =+(80000+50000*2)*1.671 -> 300780 | G71: 0.05 | I71: =SUM(F71*E71)*G71 -> 15039
I72: =SUM(F72*E72)*G72 -> 0
I73: =SUM(F73*E73)*G73 -> 0
F74: SUB TOTAL MANO DE OBRA | I74: =I71 -> 15039
E76: TOTAL COSTO DIRECTO | I76: =ROUND(SUM(I51+I63+I68+I74),0) -> 25017
B77: V.- COSTOS INDIRECTO
B78: FIRMA | D78: DESCRIPCION | F78: % | G78: VALOR
D79: ADMINISTRACION | F79: 25 | G79: =I76*20% -> 5003.4
D80: UTILIDAD | F80: 5 | G80: =I76*5% -> 1250.85
D81: A.U. | F81: =SUM(F79:F80) -> 30 | G81: =SUM(G79:G80) -> 6254.25
E82: TOTAL COSTO INDIRECTO | I82: =SUM(G81:G81) -> 6254.25
D83: PRECIO UNITARIO TOTAL | G83: =SUM(I76+I82) -> 31271.25
B85: ANALISIS DE PRECIOS UNITARIOS
B86: PROPONENTE | C86: MUNICIPIO DE LA JAGUA DE IBIRICO CESAR | G86: FECHA | I86: 45373
B87: OBRA | E87: DESCRIPCION
E88: =+'P. Adecuación'!C9 -> DESMONTE DE APARATOS SANITARIOS, LAVAMANOS Y LAVAPLATOS
B89: UNIDAD : M2 | C89: ITEM : | D89: 1.3
B90: CANTIDAD EN EL PROYECTO :
B91: I.- EQUIPOS Y HERRAMIENTAS
B92: TIPO INSUMO | D92: HH/DD/MES | E92: RENDIM. o % | F92: V-UNITARIO | G92: VALOR PARCIAL | I92: V. PARCIAL TOTAL
B93: Herramienta y equipo menor | D93: % | E93: 5 | F93: =SUM(I112) -> 24062.4 | G93: =SUM(F93*5%) -> 1203.12
B94: Elementos de consumo y proteccion | D94: % | E94: 1 | F94: =SUM(I112) -> 24062.4 | G94: =SUM(F94*1%) -> 240.624
G96: SUB TOTAL EQUIPOS | I96: =SUM(G93:G95) -> 1443.744
B97: II.-MATERIALES DE OBRA
B98: TIPO INSUMO | D98: UN | E98: CANTIDAD | F98: DESPERD. % | G98: V. UNITARIO | I98: V. PARCIAL TOTAL
I99: =(E99*(1+F99/100)) * (G99*(1+H99/100)) -> 0
I100: =(E100*(1+F100/100)) * (G100*(1+H100/100)) -> 0
F101: SUB TOTAL MATERIALES | I101: =SUM(I99:I100) -> 0
B102: III.-TRANSPORTES DE MATERIALES
B103: TIPO INSUMO | D103: VOL-PES-DIST | E103: RENDIMIENTO | F103: TARIFA | G103: V. UNITARIO | I103: V. PARCIAL TOTAL
B104: Transporte escombrera | E104: 0.015 | F104: 150000 | G104: =SUM(E104*F104) -> 2250
G105: =F105 -> 0
...

Sheet 2. URBANISMO
B2: ANALISIS DE PRECIOS UNITARIOS
B3: PROPONENTE | C3: MUNICIPIO DE LA JAGUA DE IBIRICO CESAR | G3: FECHA | I3: 45373
B4: OBRA | E4: DESCRIPCION
E5: RAMPA EN CONCRETO 3000 PSI; E=0,10mts
B6: UNIDAD : M2 | C6: ITEM : | D6: 2.1
B7: CANTIDAD EN EL PROYECTO :
B8: I.- EQUIPOS Y HERRAMIENTAS
B9: TIPO INSUMO | D9: HH/DD/MES | E9: RENDIM. o % | F9: V-UNITARIO | G9: VALOR PARCIAL | I9: V. PARCIAL TOTAL
B10: Herramienta y equipo menor | D10: % | E10: 5 | F10: =SUM(I36) -> 15373.2 | G10: =SUM(F10*5%) -> 768.66
B11: Elementos de consumo y proteccion | D11: % | E11: 1.5 | F11: =SUM(I36) -> 15373.2 | G11: =SUM(F11*1.5%) -> 230.598
G12: =SUM(E12*F12) -> 0
G13: SUB TOTAL EQUIPOS | I13: =SUM(G10:G12) -> 999.258
B14: II.-MATERIALES DE OBRA
B15: TIPO INSUMO | D15: UN | E15: CANTIDAD | F15: DESPERD. % | G15: V. UNITARIO | I15: V. PARCIAL TOTAL
B16: CEMENTO GRIS | D16: Kg | E16: =350*0.1 -> 35 | F16: 5 | G16: =34500/50 -> 690 | I16: =(E16*(1+F16/100)) * (G16*(1+H16/100)) -> 25357.5
B17: AGUA | D17: Lt | E17: =180*0.1 -> 18 | F17: 5 | G17: 65 | I17: =(E17*(1+F17/100)) * (G17*(1+H17/100)) -> 1228.5
B18: ARENA | D18: M3 | E18: =0.56*0.1 -> 0.056 | F18: 5 | G18: 39270 | I18: =(E18*(1+F18/100)) * (G18*(1+H18/100)) -> 2309.076
B19: TRITURADO | D19: M3 | E19: =0.84*0.1 -> 0.084 | F19: 5 | G19: 102000 | I19: =(E19*(1+F19/100)) * (G19*(1+H19/100)) -> 8996.4
I20: =(E20*(1+F20/100)) * (G20*(1+H20/100)) -> 0
I21: =(E21*(1+F21/100)) * (G21*(1+H21/100)) -> 0
I22: =(E22*(1+F22/100)) * (G22*(1+H22/100)) -> 0
I23: =(E23*(1+F23/100)) * (G23*(1+H23/100)) -> 0
I24: =(E24*(1+F24/100)) * (G24*(1+H24/100)) -> 0
F25: SUB TOTAL MATERIALES | I25: =SUM(I16:I24) -> 37891.476
B26: III.-TRANSPORTES DE MATERIALES
B27: TIPO INSUMO | D27: VOL-PES-DIST | E27: RENDIMIENTO | F27: TARIFA | G27: V. UNITARIO | I27: V. PARCIAL TOTAL
B28: Transporte arena | D28: =+E18*15 -> 0.84 | F28: 1800 | G28: =+D28*F28 -> 1512
B29: Transporte triturado | D29: =+E19*15 -> 1.26 | F29: 1800 | G29: =+D29*F29 -> 2268
F30: SUB TOTAL TRANSPORTE | I30: =SUM(G28:G29) -> 3780
B31: IV.- MANO DE OBRA
B32: TIPO INSUMO | D32: UNIDAD | E32: CANTIDAD | F32: V. UNITARIO | G32: RENDIMIENTO | I32: V. PARCIAL TOTAL
B33: CUADRILLA (Jornal + prestaciones) 1 Oficial y 3 Ayudantes | D33: dia | E33: 1 | F33: =+(80000+50000*3)*1.671 -> 384330 | G33: 0.04 | I33: =SUM(F33*E33)*G33 -> 15373.2
I34: =SUM(F34*E34)*G34 -> 0
I35: =SUM(F35*E35)*G35 -> 0
F36: SUB TOTAL MANO DE OBRA | I36: =I33 -> 15373.2
E38: TOTAL COSTO DIRECTO | I38: =ROUND(SUM(I13+I25+I30+I36),0) -> 58044
B39: V.- COSTOS INDIRECTO
B40: FIRMA | D40: DESCRIPCION | F40: % | G40: VALOR
D41: ADMINISTRACION | F41: 25 | G41: =I38*20% -> 11608.8
D42: UTILIDAD | F42: 5 | G42: =I38*5% -> 2902.2
D43: A.U. | F43: =SUM(F41:F42) -> 30 | G43: =SUM(G41:G42) -> 14511
E44: TOTAL COSTO INDIRECTO | I44: =SUM(G43:G43) -> 14511
D45: PRECIO UNITARIO TOTAL | G45: =SUM(I38+I44) -> 72555

Sheet 3. CUBIERTA
B1: ANALISIS DE PRECIOS UNITARIOS
B2: PROPONENTE | C2: MUNICIPIO DE LA JAGUA DE IBIRICO CESAR | G2: FECHA | I2: 45373
B3: OBRA | E3: DESCRIPCION
E4: CUBIERTA EN TEJA ARQUITECTONICA ACESCO O SIMILAR
B5: UNIDAD : M2 | C5: ITEM : | D5: 3.1
B6: CANTIDAD EN EL PROYECTO :
B7: I.- EQUIPOS Y HERRAMIENTAS
B8: TIPO INSUMO | D8: HH/DD/MES | E8: RENDIM. o % | F8: V-UNITARIO | G8: VALOR PARCIAL | I8: V. PARCIAL TOTAL
B9: Herramienta y equipo menor | D9: % | E9: 5 | F9: =SUM(I35) -> 26903.1 | G9: =SUM(F9*5%) -> 1345.155
B10: Elementos de consumo y proteccion | D10: % | E10: 1.5 | F10: =SUM(I35) -> 26903.1 | G10: =SUM(F10*1.5%) -> 403.5465
B11: Andamios | D11: Día | E11: 1 | F11: 1010 | G11: =SUM(E11*F11) -> 1010
G12: SUB TOTAL EQUIPOS | I12: =SUM(G9:G11) -> 2758.7015
B13: II.-MATERIALES DE OBRA
B14: TIPO INSUMO | D14: UN | E14: CANTIDAD | F14: DESPERD. % | G14: V. UNITARIO | I14: V. PARCIAL TOTAL
B15: CUBIERTA ARQUITECTONICA ACESCO TZA CAL. 28 LONG 2.44 M-AREA UTIL 1.679 M2 | D15: Und | E15: 0.6 | F15: 3 | G15: =28960*1.5 -> 43440 | I15: =(E15*(1+F15/100)) * (G15*(1+H15/100)) -> 26845.92
B16: TORNILLOS TPF 3/4 | D16: Und | E16: 1.65 | F16: 3 | G16: 580 | I16: =(E16*(1+F16/100)) * (G16*(1+H16/100)) -> 985.71
B17: TORNILLOS AUTOPERFORANTE 7/8 | D17: Und | E17: 1.28 | F17: 3 | G17: 545 | I17: =(E17*(1+F17/100)) * (G17*(1+H17/100)) -> 718.528
I18: =(E18*(1+F18/100)) * (G18*(1+H18/100)) -> 0
I19: =(E19*(1+F19/100)) * (G19*(1+H19/100)) -> 0
I20: =(E20*(1+F20/100)) * (G20*(1+H20/100)) -> 0
I21: =(E21*(1+F21/100)) * (G21*(1+H21/100)) -> 0
I22: =(E22*(1+F22/100)) * (G22*(1+H22/100)) -> 0
I23: =(E23*(1+F23/100)) * (G23*(1+H23/100)) -> 0
F24: SUB TOTAL MATERIALES | I24: =SUM(I15:I23) -> 28550.158
B25: III.-TRANSPORTES DE MATERIALES
B26: TIPO INSUMO | D26: VOL-PES-DIST | E26: RENDIMIENTO | F26: TARIFA | G26: V. UNITARIO | I26: V. PARCIAL TOTAL
G27: =+D27*F27 -> 0
G28: =+D28*F28 -> 0
F29: SUB TOTAL TRANSPORTE | I29: =SUM(G27:G28) -> 0
B30: IV.- MANO DE OBRA
B31: TIPO INSUMO | D31: UNIDAD | E31: CANTIDAD | F31: V. UNITARIO | G31: RENDIMIENTO | I31: V. PARCIAL TOTAL
B32: CUADRILLA (Jornal + prestaciones) 1 Oficial y 3 Ayudantes | D32: dia | E32: 1 | F32: =+(80000+50000*3)*1.671 -> 384330 | G32: 0.07 | I32: =SUM(F32*E32)*G32 -> 26903.1
I33: =SUM(F33*E33)*G33 -> 0
I34: =SUM(F34*E34)*G34 -> 0
F35: SUB TOTAL MANO DE OBRA | I35: =I32 -> 26903.1
E37: TOTAL COSTO DIRECTO | I37: =ROUND(SUM(I12+I24+I29+I35),0) -> 58212
B38: V.- COSTOS INDIRECTO
B39: FIRMA | D39: DESCRIPCION | F39: % | G39: VALOR
D40: ADMINISTRACION | F40: 25 | G40: =I37*20% -> 11642.4
D41: UTILIDAD | F41: 5 | G41: =I37*5% -> 2910.6
D42: A.U. | F42: =SUM(F40:F41) -> 30 | G42: =SUM(G40:G41) -> 14553
E43: TOTAL COSTO INDIRECTO | I43: =SUM(G42:G42) -> 14553
D44: PRECIO UNITARIO TOTAL | G44: =SUM(I37+I43) -> 72765
B46: ANALISIS DE PRECIOS UNITARIOS
B47: PROPONENTE | C47: MUNICIPIO DE LA JAGUA DE IBIRICO CESAR | G47: FECHA | I47: 45373
B48: OBRA | E48: DESCRIPCION
E49: =+'P. Adecuación'!C16 -> IMPERMEABILIZACION DE PLACA EN MANTO EDIL 3 MM STANDAR INCL. IMPRIMANTE Y PINTURA BITUMINOSA
B50: UNIDAD : M2 | C50: ITEM : | D50: 3.2
B51: CANTIDAD EN EL PROYECTO :
B52: I.- EQUIPOS Y HERRAMIENTAS
B53: TIPO INSUMO | D53: HH/DD/MES | E53: RENDIM. o % | F53: V-UNITARIO | G53: VALOR PARCIAL | I53: V. PARCIAL TOTAL
B54: Herramienta y equipo menor | D54: % | E54: 5 | F54: =SUM(I80) -> 11529.9 | G54: =SUM(F54*5%) -> 576.495
B55: Elementos de consumo y proteccion | D55: % | E55: 1.5 | F55: =SUM(I80) -> 11529.9 | G55: =SUM(F55*1.5%) -> 172.9485
B56: Andamios | D56: Día | E56: 1 | F56: 1010 | G56: =SUM(E56*F56) -> 1010
G57: SUB TOTAL EQUIPOS | I57: =SUM(G54:G56) -> 1759.4435
B58: II.-MATERIALES DE OBRA
B59: TIPO INSUMO | D59: UN | E59: CANTIDAD | F59: DESPERD. % | G59: V. UNITARIO | I59: V. PARCIAL TOTAL
B60: MANTO EDIL ESTÁNDAR 3MM | D60: M2 | E60: 1 | F60: 2 | G60: =18017*1.2 -> 21620.4 | I60: =(E60*(1+F60/100)) * (G60*(1+H60/100)) -> 22052.808
B61: ALUMOL (16 KG) PINTURA REFLECTIVA DE ALUMINIO CON BASE ASFÁLTICA DE BAJA VISCOSIDAD | D61: Kg | E61: 0.11 | F61: 2 | G61: =25249*1.2 -> 30298.8 | I61: =(E61*(1+F61/100)) * (G61*(1+H61/100)) -> 3399.5254
B62: IGASOL CUBIERTA (20 KG) EMULSIÓN ANIÓNICA CON BASE EN ASFALTO REFINADO, MEJORADO CON LLENANTES ESPECIALES | D62: Kg | E62: 0.8 | F62: 2 | G62: =6842*1.2 -> 8210.4 | I62: =(E62*(1+F62/100)) * (G62*(1+H62/100)) -> 6699.6864
B63: SOPLETE | D63: % | E63: 0.05 | F63: 2 | G63: 45000 | I63: =(E63*(1+F63/100)) * (G63*(1+H63/100)) -> 2295
I64: =(E64*(1+F64/100)) * (G64*(1+H64/100)) -> 0
I65: =(E65*(1+F65/100)) * (G65*(1+H65/100)) -> 0
I66: =(E66*(1+F66/100)) * (G66*(1+H66/100)) -> 0
I67: =(E67*(1+F67/100)) * (G67*(1+H67/100)) -> 0
I68: =(E68*(1+F68/100)) * (G68*(1+H68/100)) -> 0
F69: SUB TOTAL MATERIALES | I69: =SUM(I60:I68) -> 34447.02
B70: III.-TRANSPORTES DE MATERIALES
B71: TIPO INSUMO | D71: VOL-PES-DIST | E71: RENDIMIENTO | F71: TARIFA | G71: V. UNITARIO | I71: V. PARCIAL TOTAL
G72: =+D72*F72 -> 0
G73: =+D73*F73 -> 0
F74: SUB TOTAL TRANSPORTE | I74: =SUM(G72:G73) -> 0
B75: IV.- MANO DE OBRA
B76: TIPO INSUMO | D76: UNIDAD | E76: CANTIDAD | F76: V. UNITARIO | G76: RENDIMIENTO | I76: V. PARCIAL TOTAL
B77: CUADRILLA (Jornal + prestaciones) 1 Oficial y 3 Ayudantes | D77: dia | E77: 1 | F77: =+(80000+50000*3)*1.671 -> 384330 | G77: 0.03 | I77: =SUM(F77*E77)*G77 -> 11529.9
I78: =SUM(F78*E78)*G78 -> 0
I79: =SUM(F79*E79)*G79 -> 0
F80: SUB TOTAL MANO DE OBRA | I80: =I77 -> 11529.9
E82: TOTAL COSTO DIRECTO | I82: =ROUND(SUM(I57+I69+I74+I80),0) -> 47736
B83: V.- COSTOS INDIRECTO
B84: FIRMA | D84: DESCRIPCION | F84: % | G84: VALOR
D85: ADMINISTRACION | F85: 25 | G85: =I82*20% -> 9547.2
D86: UTILIDAD | F86: 5 | G86: =I82*5% -> 2386.8
D87: A.U. | F87: =SUM(F85:F86) -> 30 | G87: =SUM(G85:G86) -> 11934
E88: TOTAL COSTO INDIRECTO | I88: =SUM(G87:G87) -> 11934
D89: PRECIO UNITARIO TOTAL | G89: =SUM(I82+I88) -> 59670
B91: ANALISIS DE PRECIOS UNITARIOS
B92: PROPONENTE | C92: MUNICIPIO DE LA JAGUA DE IBIRICO CESAR | G92: FECHA | I92: 45373
B93: OBRA | E93: DESCRIPCION
E94: MEDIACAÑA EN MORTERO 1:4
B95: UNIDAD : ML | C95: ITEM : | D95: 3.3
B96: CANTIDAD EN EL PROYECTO :
B97: I.- EQUIPOS Y HERRAMIENTAS
B98: TIPO INSUMO | D98: HH/DD/MES | E98: RENDIM. o % | F98: V-UNITARIO | G98: VALOR PARCIAL | I98: V. PARCIAL TOTAL
B99: Herramienta y equipo menor | D99: % | E99: 5 | F99: =SUM(I125) -> 16292.25 | G99: =SUM(F99*5%) -> 814.6125
B100: Elementos de consumo y proteccion | D100: % | E100: 1.5 | F100: =SUM(I125) -> 16292.25 | G100: =SUM(F100*1.5%) -> 244.38375
G101: =SUM(E101*F101) -> 0
G102: SUB TOTAL EQUIPOS | I102: =SUM(G99:G101) -> 1058.9963
B103: II.-MATERIALES DE OBRA
B104: TIPO INSUMO | D104: UN | E104: CANTIDAD | F104: DESPERD. % | G104: V. UNITARIO | I104: V. PARCIAL TOTAL
...

Sheet 4. MAMPOSTERIA
B1: ANALISIS DE PRECIOS UNITARIOS
B2: PROPONENTE | C2: MUNICIPIO DE LA JAGUA DE IBIRICO CESAR | G2: FECHA | I2: 45373
B3: OBRA | E3: DESCRIPCION
E4: MURO EN BLOQUE
B5: UNIDAD : M2 | C5: ITEM :
B6: CANTIDAD EN EL PROYECTO :
B7: I.- EQUIPOS Y HERRAMIENTAS
B8: TIPO INSUMO | D8: HH/DD/MES | E8: RENDIM. o % | F8: V-UNITARIO | G8: VALOR PARCIAL | I8: V. PARCIAL TOTAL
B9: Herramienta y equipo menor | D9: % | E9: 5 | F9: =SUM(I35) -> 24062.4 | G9: =SUM(F9*5%) -> 1203.12
B10: Elementos de consumo y proteccion | D10: % | E10: 1.5 | F10: =SUM(I35) -> 24062.4 | G10: =SUM(F10*1.5%) -> 360.936
B11: Andamios | D11: Día | E11: 0.4 | F11: 1010 | G11: =SUM(E11*F11) -> 404
G12: SUB TOTAL EQUIPOS | I12: =SUM(G9:G11) -> 1968.056
B13: II.-MATERIALES DE OBRA
B14: TIPO INSUMO | D14: UN | E14: CANTIDAD | F14: DESPERD. % | G14: V. UNITARIO | I14: V. PARCIAL TOTAL
B15: MORTERO 1:4 | D15: M3 | E15: 0.02 | F15: 3 | G15: =348454*1.2 -> 418144.8 | I15: =(E15*(1+F15/100)) * (G15*(1+H15/100)) -> 8613.7829
B16: BLOQUE HUECO 15X19X39 | D16: Und | E16: 13 | G16: =3300*1.2 -> 3960 | I16: =(E16*(1+F16/100)) * (G16*(1+H16/100)) -> 51480
I17: =(E17*(1+F17/100)) * (G17*(1+H17/100)) -> 0
I18: =(E18*(1+F18/100)) * (G18*(1+H18/100)) -> 0
I19: =(E19*(1+F19/100)) * (G19*(1+H19/100)) -> 0
I20: =(E20*(1+F20/100)) * (G20*(1+H20/100)) -> 0
I21: =(E21*(1+F21/100)) * (G21*(1+H21/100)) -> 0
I22: =(E22*(1+F22/100)) * (G22*(1+H22/100)) -> 0
I23: =(E23*(1+F23/100)) * (G23*(1+H23/100)) -> 0
F24: SUB TOTAL MATERIALES | I24: =SUM(I15:I23) -> 60093.783
B25: III.-TRANSPORTES DE MATERIALES
B26: TIPO INSUMO | D26: VOL-PES-DIST | E26: RENDIMIENTO | F26: TARIFA | G26: V. UNITARIO | I26: V. PARCIAL TOTAL
G27: =+D27*F27 -> 0
G28: =+D28*F28 -> 0
F29: SUB TOTAL TRANSPORTE | I29: =SUM(G27:G28) -> 0
B30: IV.- MANO DE OBRA
B31: TIPO INSUMO | D31: UNIDAD | E31: CANTIDAD | F31: V. UNITARIO | G31: RENDIMIENTO | I31: V. PARCIAL TOTAL
B32: CUADRILLA (Jornal + prestaciones) 1 Oficial y 2 Ayudantes | D32: dia | E32: 1 | F32: =+(80000+50000*2)*1.671 -> 300780 | G32: 0.08 | I32: =SUM(F32*E32)*G32 -> 24062.4
I33: =SUM(F33*E33)*G33 -> 0
I34: =SUM(F34*E34)*G34 -> 0
F35: SUB TOTAL MANO DE OBRA | I35: =I32 -> 24062.4
E37: TOTAL COSTO DIRECTO | I37: =ROUND(SUM(I12+I24+I29+I35),0) -> 86124
B38: V.- COSTOS INDIRECTO
B39: FIRMA | D39: DESCRIPCION | F39: % | G39: VALOR
D40: ADMINISTRACION | F40: 25 | G40: =I37*20% -> 17224.8
D41: UTILIDAD | F41: 5 | G41: =I37*5% -> 4306.2
D42: A.U. | F42: =SUM(F40:F41) -> 30 | G42: =SUM(G40:G41) -> 21531
E43: TOTAL COSTO INDIRECTO | I43: =SUM(G42:G42) -> 21531
D44: PRECIO UNITARIO TOTAL | G44: =SUM(I37+I43) -> 107655
B46: ANALISIS DE PRECIOS UNITARIOS
B47: PROPONENTE | C47: MUNICIPIO DE LA JAGUA DE IBIRICO CESAR | G47: FECHA | I47: 45373
B48: OBRA | E48: DESCRIPCION
E49: MURO EN LADRILLO TOLETE RECOCIDO
B50: UNIDAD : M2 | C50: ITEM :
B51: CANTIDAD EN EL PROYECTO :
B52: I.- EQUIPOS Y HERRAMIENTAS
B53: TIPO INSUMO | D53: HH/DD/MES | E53: RENDIM. o % | F53: V-UNITARIO | G53: VALOR PARCIAL | I53: V. PARCIAL TOTAL
B54: Herramienta y equipo menor | D54: % | E54: 5 | F54: =SUM(I80) -> 30078 | G54: =SUM(F54*5%) -> 1503.9
B55: Elementos de consumo y proteccion | D55: % | E55: 1.5 | F55: =SUM(I80) -> 30078 | G55: =SUM(F55*1.5%) -> 451.17
B56: Andamios | D56: Día | E56: 0.4 | F56: 1010 | G56: =SUM(E56*F56) -> 404
G57: SUB TOTAL EQUIPOS | I57: =SUM(G54:G56) -> 2359.07
B58: II.-MATERIALES DE OBRA
B59: TIPO INSUMO | D59: UN | E59: CANTIDAD | F59: DESPERD. % | G59: V. UNITARIO | I59: V. PARCIAL TOTAL
B60: MORTERO 1:4 | D60: M3 | E60: 0.03 | F60: 3 | G60: =348454*1.2 -> 418144.8 | I60: =(E60*(1+F60/100)) * (G60*(1+H60/100)) -> 12920.674
B61: LADRILLO CORRIENTE .07X.11X.22 | D61: Und | E61: 50 | G61: =1100*1.2 -> 1320 | I61: =(E61*(1+F61/100)) * (G61*(1+H61/100)) -> 66000
I62: =(E62*(1+F62/100)) * (G62*(1+H62/100)) -> 0
I63: =(E63*(1+F63/100)) * (G63*(1+H63/100)) -> 0
I64: =(E64*(1+F64/100)) * (G64*(1+H64/100)) -> 0
I65: =(E65*(1+F65/100)) * (G65*(1+H65/100)) -> 0
I66: =(E66*(1+F66/100)) * (G66*(1+H66/100)) -> 0
I67: =(E67*(1+F67/100)) * (G67*(1+H67/100)) -> 0
I68: =(E68*(1+F68/100)) * (G68*(1+H68/100)) -> 0
F69: SUB TOTAL MATERIALES | I69: =SUM(I60:I68) -> 78920.674
B70: III.-TRANSPORTES DE MATERIALES
B71: TIPO INSUMO | D71: VOL-PES-DIST | E71: RENDIMIENTO | F71: TARIFA | G71: V. UNITARIO | I71: V. PARCIAL TOTAL
G72: =+D72*F72 -> 0
G73: =+D73*F73 -> 0
F74: SUB TOTAL TRANSPORTE | I74: =SUM(G72:G73) -> 0
B75: IV.- MANO DE OBRA
B76: TIPO INSUMO | D76: UNIDAD | E76: CANTIDAD | F76: V. UNITARIO | G76: RENDIMIENTO | I76: V. PARCIAL TOTAL
B77: CUADRILLA (Jornal + prestaciones) 1 Oficial y 2 Ayudantes | D77: dia | E77: 1 | F77: =+(80000+50000*2)*1.671 -> 300780 | G77: 0.1 | I77: =SUM(F77*E77)*G77 -> 30078
I78: =SUM(F78*E78)*G78 -> 0
I79: =SUM(F79*E79)*G79 -> 0
F80: SUB TOTAL MANO DE OBRA | I80: =I77 -> 30078
E82: TOTAL COSTO DIRECTO | I82: =ROUND(SUM(I57+I69+I74+I80),0) -> 111358
B83: V.- COSTOS INDIRECTO
B84: FIRMA | D84: DESCRIPCION | F84: % | G84: VALOR
D85: ADMINISTRACION | F85: 25 | G85: =I82*20% -> 22271.6
D86: UTILIDAD | F86: 5 | G86: =I82*5% -> 5567.9
D87: A.U. | F87: =SUM(F85:F86) -> 30 | G87: =SUM(G85:G86) -> 27839.5
E88: TOTAL COSTO INDIRECTO | I88: =SUM(G87:G87) -> 27839.5
D89: PRECIO UNITARIO TOTAL | G89: =SUM(I82+I88) -> 139197.5
B91: ANALISIS DE PRECIOS UNITARIOS
B92: PROPONENTE | C92: MUNICIPIO DE LA JAGUA DE IBIRICO CESAR | G92: FECHA | I92: 45373
B93: OBRA | E93: DESCRIPCION
E94: COLUMNETA CONFINAMIENTO CONCRETO (SIN REFUERZO)
B95: UNIDAD : M3 | C95: ITEM :
B96: CANTIDAD EN EL PROYECTO :
B97: I.- EQUIPOS Y HERRAMIENTAS
B98: TIPO INSUMO | D98: HH/DD/MES | E98: RENDIM. o % | F98: V-UNITARIO | G98: VALOR PARCIAL | I98: V. PARCIAL TOTAL
B99: Herramienta y equipo menor | D99: % | E99: 5 | F99: =SUM(I127) -> 384330 | G99: =SUM(F99*5%) -> 19216.5
B100: Elementos de consumo y proteccion | D100: % | E100: 1.5 | F100: =SUM(I127) -> 384330 | G100: =SUM(F100*1.5%) -> 5764.95
B101: Andamios | D101: Día | E101: 5 | F101: 1010 | G101: =SUM(E101*F101) -> 5050
B102: Formaleta | D102: Und | E102: 1 | F102: 80000 | G102: =SUM(E102*F102) -> 80000
B103: Mezcladora 1 bulto | D103: Día | E103: 0.25 | F103: 90000 | G103: =SUM(E103*F103) -> 22500
G104: SUB TOTAL EQUIPOS | I104: =SUM(G99:H103) -> 132531.45
...

Sheet 5. PISOS
B1: ANALISIS DE PRECIOS UNITARIOS
B2: PROPONENTE | C2: MUNICIPIO DE LA JAGUA DE IBIRICO CESAR | G2: FECHA | I2: 45373
B3: OBRA | E3: DESCRIPCION
E4: ALISTADO PISO 1:5 E=0.04 M
B5: UNIDAD : M2 | C5: ITEM : | D5: 5.1
B6: CANTIDAD EN EL PROYECTO :
B7: I.- EQUIPOS Y HERRAMIENTAS
B8: TIPO INSUMO | D8: HH/DD/MES | E8: RENDIM. o % | F8: V-UNITARIO | G8: VALOR PARCIAL | I8: V. PARCIAL TOTAL
B9: Herramienta y equipo menor | D9: % | E9: 5 | F9: =SUM(I35) -> 15039 | G9: =SUM(F9*5%) -> 751.95
B10: Elementos de consumo y proteccion | D10: % | E10: 1.5 | F10: =SUM(I35) -> 15039 | G10: =SUM(F10*1.5%) -> 225.585
G11: =SUM(E11*F11) -> 0
G12: SUB TOTAL EQUIPOS | I12: =SUM(G9:G11) -> 977.535
B13: II.-MATERIALES DE OBRA
B14: TIPO INSUMO | D14: UN | E14: CANTIDAD | F14: DESPERD. % | G14: V. UNITARIO | I14: V. PARCIAL TOTAL
B15: MORTERO 1:4 | D15: M3 | E15: 0.04 | F15: 3 | G15: =313398*1.2 -> 376077.6 | I15: =(E15*(1+F15/100)) * (G15*(1+H15/100)) -> 15494.397
I16: =(E16*(1+F16/100)) * (G16*(1+H16/100)) -> 0
I17: =(E17*(1+F17/100)) * (G17*(1+H17/100)) -> 0
I18: =(E18*(1+F18/100)) * (G18*(1+H18/100)) -> 0
I19: =(E19*(1+F19/100)) * (G19*(1+H19/100)) -> 0
I20: =(E20*(1+F20/100)) * (G20*(1+H20/100)) -> 0
I21: =(E21*(1+F21/100)) * (G21*(1+H21/100)) -> 0
I22: =(E22*(1+F22/100)) * (G22*(1+H22/100)) -> 0
I23: =(E23*(1+F23/100)) * (G23*(1+H23/100)) -> 0
F24: SUB TOTAL MATERIALES | I24: =SUM(I15:I23) -> 15494.397
B25: III.-TRANSPORTES DE MATERIALES
B26: TIPO INSUMO | D26: VOL-PES-DIST | E26: RENDIMIENTO | F26: TARIFA | G26: V. UNITARIO | I26: V. PARCIAL TOTAL
G27: =+D27*F27 -> 0
G28: =+D28*F28 -> 0
F29: SUB TOTAL TRANSPORTE | I29: =SUM(G27:G28) -> 0
B30: IV.- MANO DE OBRA
B31: TIPO INSUMO | D31: UNIDAD | E31: CANTIDAD | F31: V. UNITARIO | G31: RENDIMIENTO | I31: V. PARCIAL TOTAL
B32: CUADRILLA (Jornal + prestaciones) 1 Oficial y 2 Ayudantes | D32: dia | E32: 1 | F32: =+(80000+50000*2)*1.671 -> 300780 | G32: 0.05 | I32: =SUM(F32*E32)*G32 -> 15039
I33: =SUM(F33*E33)*G33 -> 0
I34: =SUM(F34*E34)*G34 -> 0
F35: SUB TOTAL MANO DE OBRA | I35: =I32 -> 15039
E37: TOTAL COSTO DIRECTO | I37: =ROUND(SUM(I12+I24+I29+I35),0) -> 31511
B38: V.- COSTOS INDIRECTO
B39: FIRMA | D39: DESCRIPCION | F39: % | G39: VALOR
D40: ADMINISTRACION | F40: 25 | G40: =I37*20% -> 6302.2
D41: UTILIDAD | F41: 5 | G41: =I37*5% -> 1575.55
D42: A.U. | F42: =SUM(F40:F41) -> 30 | G42: =SUM(G40:G41) -> 7877.75
E43: TOTAL COSTO INDIRECTO | I43: =SUM(G42:G42) -> 7877.75
D44: PRECIO UNITARIO TOTAL | G44: =SUM(I37+I43) -> 39388.75
B46: ANALISIS DE PRECIOS UNITARIOS
B47: PROPONENTE | C47: MUNICIPIO DE LA JAGUA DE IBIRICO CESAR | G47: FECHA | I47: 45373
B48: OBRA | E48: DESCRIPCION
E49: SUMINISTRO E INSTALACIÓN DE BALDOSIN 20 X 20 CM LINEA INSTITUCIONAL O SIMILAR BLANCO
B50: UNIDAD : M2 | C50: ITEM : | D50: 5.2
B51: CANTIDAD EN EL PROYECTO :
B52: I.- EQUIPOS Y HERRAMIENTAS
B53: TIPO INSUMO | D53: HH/DD/MES | E53: RENDIM. o % | F53: V-UNITARIO | G53: VALOR PARCIAL | I53: V. PARCIAL TOTAL
B54: Herramienta y equipo menor | D54: % | E54: 5 | F54: =SUM(I80) -> 30078 | G54: =SUM(F54*5%) -> 1503.9
B55: Elementos de consumo y proteccion | D55: % | E55: 1.5 | F55: =SUM(I80) -> 30078 | G55: =SUM(F55*1.5%) -> 451.17
G56: =SUM(E56*F56) -> 0
G57: SUB TOTAL EQUIPOS | I57: =SUM(G54:G56) -> 1955.07
B58: II.-MATERIALES DE OBRA
B59: TIPO INSUMO | D59: UN | E59: CANTIDAD | F59: DESPERD. % | G59: V. UNITARIO | I59: V. PARCIAL TOTAL
B60: ENCHAPE BLANCO 20 X 20 CM LINEA INSTITUCIONAL O SIMILAR | D60: M2 | E60: 1 | F60: 3 | G60: =22700*1.4 -> 31780 | I60: =(E60*(1+F60/100)) * (G60*(1+H60/100)) -> 32733.4
B61: PEGACOR BLANCO | D61: Kg | E61: 4 | F61: 3 | G61: =1600*1.3 -> 2080 | I61: =(E61*(1+F61/100)) * (G61*(1+H61/100)) -> 8569.6
B62: CEMENTO BLANCO | D62: Kg | E62: 0.15 | F62: 3 | G62: =1621*1.3 -> 2107.3 | I62: =(E62*(1+F62/100)) * (G62*(1+H62/100)) -> 325.57785
I63: =(E63*(1+F63/100)) * (G63*(1+H63/100)) -> 0
I64: =(E64*(1+F64/100)) * (G64*(1+H64/100)) -> 0
I65: =(E65*(1+F65/100)) * (G65*(1+H65/100)) -> 0
I66: =(E66*(1+F66/100)) * (G66*(1+H66/100)) -> 0
I67: =(E67*(1+F67/100)) * (G67*(1+H67/100)) -> 0
I68: =(E68*(1+F68/100)) * (G68*(1+H68/100)) -> 0
F69: SUB TOTAL MATERIALES | I69: =SUM(I60:I68) -> 41628.578
B70: III.-TRANSPORTES DE MATERIALES
B71: TIPO INSUMO | D71: VOL-PES-DIST | E71: RENDIMIENTO | F71: TARIFA | G71: V. UNITARIO | I71: V. PARCIAL TOTAL
G72: =+D72*F72 -> 0
G73: =+D73*F73 -> 0
F74: SUB TOTAL TRANSPORTE | I74: =SUM(G72:G73) -> 0
B75: IV.- MANO DE OBRA
B76: TIPO INSUMO | D76: UNIDAD | E76: CANTIDAD | F76: V. UNITARIO | G76: RENDIMIENTO | I76: V. PARCIAL TOTAL
B77: CUADRILLA (Jornal + prestaciones) 1 Oficial y 2 Ayudantes | D77: dia | E77: 1 | F77: =+(80000+50000*2)*1.671 -> 300780 | G77: 0.1 | I77: =SUM(F77*E77)*G77 -> 30078
I78: =SUM(F78*E78)*G78 -> 0
I79: =SUM(F79*E79)*G79 -> 0
F80: SUB TOTAL MANO DE OBRA | I80: =I77 -> 30078
E82: TOTAL COSTO DIRECTO | I82: =ROUND(SUM(I57+I69+I74+I80),0) -> 73662
B83: V.- COSTOS INDIRECTO
B84: FIRMA | D84: DESCRIPCION | F84: % | G84: VALOR
D85: ADMINISTRACION | F85: 25 | G85: =I82*20% -> 14732.4
D86: UTILIDAD | F86: 5 | G86: =I82*5% -> 3683.1
D87: A.U. | F87: =SUM(F85:F86) -> 30 | G87: =SUM(G85:G86) -> 18415.5
E88: TOTAL COSTO INDIRECTO | I88: =SUM(G87:G87) -> 18415.5
D89: PRECIO UNITARIO TOTAL | G89: =SUM(I82+I88) -> 92077.5
B91: ANALISIS DE PRECIOS UNITARIOS
B92: PROPONENTE | C92: MUNICIPIO DE LA JAGUA DE IBIRICO CESAR | G92: FECHA | I92: 45373
B93: OBRA | E93: DESCRIPCION
E94: GUARDAESCOBA MEDIA CAÑA EN GRANITO PULIDO
B95: UNIDAD : ML | C95: ITEM : | D95: 5.3
B96: CANTIDAD EN EL PROYECTO :
B97: I.- EQUIPOS Y HERRAMIENTAS
B98: TIPO INSUMO | D98: HH/DD/MES | E98: RENDIM. o % | F98: V-UNITARIO | G98: VALOR PARCIAL | I98: V. PARCIAL TOTAL
B99: Herramienta y equipo menor | D99: % | E99: 5 | F99: =SUM(I125) -> 21054.6 | G99: =SUM(F99*5%) -> 1052.73
B100: Elementos de consumo y proteccion | D100: % | E100: 1.5 | F100: =SUM(I125) -> 21054.6 | G100: =SUM(F100*1.5%) -> 315.819
B101: Pulidora | E101: 0.36 | F101: 30000 | G101: =SUM(E101*F101) -> 10800
G102: SUB TOTAL EQUIPOS | I102: =SUM(G99:H101) -> 12168.549
B103: II.-MATERIALES DE OBRA
B104: TIPO INSUMO | D104: UN | E104: CANTIDAD | F104: DESPERD. % | G104: V. UNITARIO | I104: V. PARCIAL TOTAL
...

Sheet 6. BAÑOS
B1: ANALISIS DE PRECIOS UNITARIOS
B2: PROPONENTE | C2: MUNICIPIO DE LA JAGUA DE IBIRICO CESAR | G2: FECHA | I2: 45373
B3: OBRA | E3: DESCRIPCION
E4: CERAMICA PARED (INCLUYE BOQUILLA COLOR, WING Y LINEALES)
B5: UNIDAD : M2 | C5: ITEM : | D5: 6.1
B6: CANTIDAD EN EL PROYECTO :
B7: I.- EQUIPOS Y HERRAMIENTAS
B8: TIPO INSUMO | D8: HH/DD/MES | E8: RENDIM. o % | F8: V-UNITARIO | G8: VALOR PARCIAL | I8: V. PARCIAL TOTAL
B9: Herramienta y equipo menor | D9: % | E9: 5 | F9: =SUM(I35) -> 15039 | G9: =SUM(F9*5%) -> 751.95
B10: Elementos de consumo y proteccion | D10: % | E10: 1.5 | F10: =SUM(I35) -> 15039 | G10: =SUM(F10*1.5%) -> 225.585
G11: =SUM(E11*F11) -> 0
G12: SUB TOTAL EQUIPOS | I12: =SUM(G9:G11) -> 977.535
B13: II.-MATERIALES DE OBRA
B14: TIPO INSUMO | D14: UN | E14: CANTIDAD | F14: DESPERD. % | G14: V. UNITARIO | I14: V. PARCIAL TOTAL
B15: ENCHAPE DE PARED PRIMERA CALIDAD | D15: M2 | E15: 1 | F15: 3 | G15: 39000 | I15: =(E15*(1+F15/100)) * (G15*(1+H15/100)) -> 40170
B16: PEGACOR BLANCO | D16: Kg | E16: 4 | F16: 3 | G16: 1300 | I16: =(E16*(1+F16/100)) * (G16*(1+H16/100)) -> 5356
B17: CEMENTO BLANCO | D17: Kg | E17: 0.05 | F17: 3 | G17: =1621*1.3 -> 2107.3 | I17: =(E17*(1+F17/100)) * (G17*(1+H17/100)) -> 108.52595
B18: WING | D18: ML | E18: 1 | G18: 3560 | I18: =(E18*(1+F18/100)) * (G18*(1+H18/100)) -> 3560
I19: =(E19*(1+F19/100)) * (G19*(1+H19/100)) -> 0
I20: =(E20*(1+F20/100)) * (G20*(1+H20/100)) -> 0
I21: =(E21*(1+F21/100)) * (G21*(1+H21/100)) -> 0
I22: =(E22*(1+F22/100)) * (G22*(1+H22/100)) -> 0
I23: =(E23*(1+F23/100)) * (G23*(1+H23/100)) -> 0
F24: SUB TOTAL MATERIALES | I24: =SUM(I15:I23) -> 49194.526
B25: III.-TRANSPORTES DE MATERIALES
B26: TIPO INSUMO | D26: VOL-PES-DIST | E26: RENDIMIENTO | F26: TARIFA | G26: V. UNITARIO | I26: V. PARCIAL TOTAL
G27: =+D27*F27 -> 0
G28: =+D28*F28 -> 0
F29: SUB TOTAL TRANSPORTE | I29: =SUM(G27:G28) -> 0
B30: IV.- MANO DE OBRA
B31: TIPO INSUMO | D31: UNIDAD | E31: CANTIDAD | F31: V. UNITARIO | G31: RENDIMIENTO | I31: V. PARCIAL TOTAL
B32: CUADRILLA (Jornal + prestaciones) 1 Oficial y 2 Ayudantes | D32: dia | E32: 1 | F32: =+(80000+50000*2)*1.671 -> 300780 | G32: 0.05 | I32: =SUM(F32*E32)*G32 -> 15039
I33: =SUM(F33*E33)*G33 -> 0
I34: =SUM(F34*E34)*G34 -> 0
F35: SUB TOTAL MANO DE OBRA | I35: =I32 -> 15039
E37: TOTAL COSTO DIRECTO | I37: =ROUND(SUM(I12+I24+I29+I35),0) -> 65211
B38: V.- COSTOS INDIRECTO
B39: FIRMA | D39: DESCRIPCION | F39: % | G39: VALOR
D40: ADMINISTRACION | F40: 25 | G40: =I37*20% -> 13042.2
D41: UTILIDAD | F41: 5 | G41: =I37*5% -> 3260.55
D42: A.U. | F42: =SUM(F40:F41) -> 30 | G42: =SUM(G40:G41) -> 16302.75
E43: TOTAL COSTO INDIRECTO | I43: =SUM(G42:G42) -> 16302.75
D44: PRECIO UNITARIO TOTAL | G44: =SUM(I37+I43) -> 81513.75
B46: ANALISIS DE PRECIOS UNITARIOS
B47: PROPONENTE | C47: MUNICIPIO DE LA JAGUA DE IBIRICO CESAR | G47: FECHA | I47: 45373
B48: OBRA | E48: DESCRIPCION
E49: CERAMICA PISO 33 X 33 CM LINEA INSTITUCIONAL O SIMILAR (INCLUYE BOQUILLA COLOR, LINEALES)
B50: UNIDAD : M2 | C50: ITEM : | D50: 6.2
B51: CANTIDAD EN EL PROYECTO :
B52: I.- EQUIPOS Y HERRAMIENTAS
B53: TIPO INSUMO | D53: HH/DD/MES | E53: RENDIM. o % | F53: V-UNITARIO | G53: VALOR PARCIAL | I53: V. PARCIAL TOTAL
B54: Herramienta y equipo menor | D54: % | E54: 5 | F54: =SUM(I80) -> 30078 | G54: =SUM(F54*5%) -> 1503.9
B55: Elementos de consumo y proteccion | D55: % | E55: 1.5 | F55: =SUM(I80) -> 30078 | G55: =SUM(F55*1.5%) -> 451.17
G56: =SUM(E56*F56) -> 0
G57: SUB TOTAL EQUIPOS | I57: =SUM(G54:G56) -> 1955.07
B58: II.-MATERIALES DE OBRA
B59: TIPO INSUMO | D59: UN | E59: CANTIDAD | F59: DESPERD. % | G59: V. UNITARIO | I59: V. PARCIAL TOTAL
B60: CERÁMICA DUROPISO CORONA ALTO TRAFICO 33 X 33 CM LINEA INSTITUCIONAL O SIMILAR | D60: M2 | E60: 1 | F60: 3 | G60: =39409*1.3 -> 51231.7 | I60: =(E60*(1+F60/100)) * (G60*(1+H60/100)) -> 52768.651
B61: PEGACOR BLANCO | D61: Kg | E61: 3 | F61: 3 | G61: =1600*1.3 -> 2080 | I61: =(E61*(1+F61/100)) * (G61*(1+H61/100)) -> 6427.2
B62: CEMENTO BLANCO | D62: Kg | E62: 0.11 | F62: 3 | G62: =1621*1.3 -> 2107.3 | I62: =(E62*(1+F62/100)) * (G62*(1+H62/100)) -> 238.75709
I63: =(E63*(1+F63/100)) * (G63*(1+H63/100)) -> 0
I64: =(E64*(1+F64/100)) * (G64*(1+H64/100)) -> 0
I65: =(E65*(1+F65/100)) * (G65*(1+H65/100)) -> 0
I66: =(E66*(1+F66/100)) * (G66*(1+H66/100)) -> 0
I67: =(E67*(1+F67/100)) * (G67*(1+H67/100)) -> 0
I68: =(E68*(1+F68/100)) * (G68*(1+H68/100)) -> 0
F69: SUB TOTAL MATERIALES | I69: =SUM(I60:I68) -> 59434.608
B70: III.-TRANSPORTES DE MATERIALES
B71: TIPO INSUMO | D71: VOL-PES-DIST | E71: RENDIMIENTO | F71: TARIFA | G71: V. UNITARIO | I71: V. PARCIAL TOTAL
G72: =+D72*F72 -> 0
G73: =+D73*F73 -> 0
F74: SUB TOTAL TRANSPORTE | I74: =SUM(G72:G73) -> 0
B75: IV.- MANO DE OBRA
B76: TIPO INSUMO | D76: UNIDAD | E76: CANTIDAD | F76: V. UNITARIO | G76: RENDIMIENTO | I76: V. PARCIAL TOTAL
B77: CUADRILLA (Jornal + prestaciones) 1 Oficial y 2 Ayudantes | D77: dia | E77: 1 | F77: =+(80000+50000*2)*1.671 -> 300780 | G77: 0.1 | I77: =SUM(F77*E77)*G77 -> 30078
I78: =SUM(F78*E78)*G78 -> 0
I79: =SUM(F79*E79)*G79 -> 0
F80: SUB TOTAL MANO DE OBRA | I80: =I77 -> 30078
E82: TOTAL COSTO DIRECTO | I82: =ROUND(SUM(I57+I69+I74+I80),0) -> 91468
B83: V.- COSTOS INDIRECTO
B84: FIRMA | D84: DESCRIPCION | F84: % | G84: VALOR
D85: ADMINISTRACION | F85: 25 | G85: =I82*20% -> 18293.6
D86: UTILIDAD | F86: 5 | G86: =I82*5% -> 4573.4
D87: A.U. | F87: =SUM(F85:F86) -> 30 | G87: =SUM(G85:G86) -> 22867
E88: TOTAL COSTO INDIRECTO | I88: =SUM(G87:G87) -> 22867
D89: PRECIO UNITARIO TOTAL | G89: =SUM(I82+I88) -> 114335
B91: ANALISIS DE PRECIOS UNITARIOS
B92: PROPONENTE | C92: MUNICIPIO DE LA JAGUA DE IBIRICO CESAR | G92: FECHA | I92: 45373
B93: OBRA | E93: DESCRIPCION
E94: SUMINISTRO E INSTALACIÓN DE SANITARIO LINEA INSTITUCIONAL O SIMILAR (INCLUYE TODOS LOS ACCESORIOS NECESARIOS PARA SU CORRECTO FUNCIONAMIENTO)
B95: UNIDAD : UND | C95: ITEM : | D95: 6.3
B96: CANTIDAD EN EL PROYECTO :
B97: I.- EQUIPOS Y HERRAMIENTAS
B98: TIPO INSUMO | D98: HH/DD/MES | E98: RENDIM. o % | F98: V-UNITARIO | G98: VALOR PARCIAL | I98: V. PARCIAL TOTAL
B99: Herramienta y equipo menor | D99: % | E99: 5 | F99: =SUM(I125) -> 90150.45 | G99: =SUM(F99*5%) -> 4507.5225
B100: Elementos de consumo y proteccion | D100: % | E100: 1.5 | F100: =SUM(I125) -> 90150.45 | G100: =SUM(F100*1.5%) -> 1352.2568
G101: =SUM(E101*F101) -> 0
G102: SUB TOTAL EQUIPOS | I102: =SUM(G99:H101) -> 5859.7792
B103: II.-MATERIALES DE OBRA
B104: TIPO INSUMO | D104: UN | E104: CANTIDAD | F104: DESPERD. % | G104: V. UNITARIO | I104: V. PARCIAL TOTAL
...

Sheet 7. CARPINTERIA
B1: ANALISIS DE PRECIOS UNITARIOS
B2: PROPONENTE | C2: MUNICIPIO DE LA JAGUA DE IBIRICO CESAR | G2: FECHA | I2: 45373
B3: OBRA | E3: DESCRIPCION
E4: MUEBLE SENCILLO EN MADERA
B5: UNIDAD : ML | C5: ITEM : | D5: 7.1
B6: CANTIDAD EN EL PROYECTO :
B7: I.- EQUIPOS Y HERRAMIENTAS
B8: TIPO INSUMO | D8: HH/DD/MES | E8: RENDIM. o % | F8: V-UNITARIO | G8: VALOR PARCIAL | I8: V. PARCIAL TOTAL
B9: Herramienta y equipo menor | D9: % | E9: 5 | F9: =SUM(I35) -> 152061 | G9: =SUM(F9*5%) -> 7603.05
B10: Elementos de consumo y proteccion | D10: % | E10: 1.5 | F10: =SUM(I35) -> 152061 | G10: =SUM(F10*1.5%) -> 2280.915
G11: =SUM(E11*F11) -> 0
G12: SUB TOTAL EQUIPOS | I12: =SUM(G9:G11) -> 9883.965
B13: II.-MATERIALES DE OBRA
B14: TIPO INSUMO | D14: UN | E14: CANTIDAD | F14: DESPERD. % | G14: V. UNITARIO | I14: V. PARCIAL TOTAL
B15: MUEBLE EN MADERA | D15: ML | E15: 1 | G15: 600000 | I15: =(E15*(1+F15/100)) * (G15*(1+H15/100)) -> 600000
I16: =(E16*(1+F16/100)) * (G16*(1+H16/100)) -> 0
I17: =(E17*(1+F17/100)) * (G17*(1+H17/100)) -> 0
I18: =(E18*(1+F18/100)) * (G18*(1+H18/100)) -> 0
I19: =(E19*(1+F19/100)) * (G19*(1+H19/100)) -> 0
I20: =(E20*(1+F20/100)) * (G20*(1+H20/100)) -> 0
I21: =(E21*(1+F21/100)) * (G21*(1+H21/100)) -> 0
I22: =(E22*(1+F22/100)) * (G22*(1+H22/100)) -> 0
I23: =(E23*(1+F23/100)) * (G23*(1+H23/100)) -> 0
F24: SUB TOTAL MATERIALES | I24: =SUM(I15:I23) -> 600000
B25: III.-TRANSPORTES DE MATERIALES
B26: TIPO INSUMO | D26: VOL-PES-DIST | E26: RENDIMIENTO | F26: TARIFA | G26: V. UNITARIO | I26: V. PARCIAL TOTAL
G27: =+D27*F27 -> 0
G28: =+D28*F28 -> 0
F29: SUB TOTAL TRANSPORTE | I29: =SUM(G27:G28) -> 0
B30: IV.- MANO DE OBRA
B31: TIPO INSUMO | D31: UNIDAD | E31: CANTIDAD | F31: V. UNITARIO | G31: RENDIMIENTO | I31: V. PARCIAL TOTAL
B32: CUADRILLA INSTALADORES (Jornal + prestaciones) 1 Oficial y 1 Ayudantes | D32: dia | E32: 1 | F32: =+(80000+50000*1)*1.671 -> 217230 | G32: 0.7 | I32: =SUM(F32*E32)*G32 -> 152061
I33: =SUM(F33*E33)*G33 -> 0
I34: =SUM(F34*E34)*G34 -> 0
F35: SUB TOTAL MANO DE OBRA | I35: =I32 -> 152061
E37: TOTAL COSTO DIRECTO | I37: =ROUND(SUM(I12+I24+I29+I35),0) -> 761945
B38: V.- COSTOS INDIRECTO
B39: FIRMA | D39: DESCRIPCION | F39: % | G39: VALOR
D40: ADMINISTRACION | F40: 25 | G40: =I37*20% -> 152389
D41: UTILIDAD | F41: 5 | G41: =I37*5% -> 38097.25
D42: A.U. | F42: =SUM(F40:F41) -> 30 | G42: =SUM(G40:G41) -> 190486.25
E43: TOTAL COSTO INDIRECTO | I43: =SUM(G42:G42) -> 190486.25
D44: PRECIO UNITARIO TOTAL | G44: =SUM(I37+I43) -> 952431.25
B46: ANALISIS DE PRECIOS UNITARIOS
B47: PROPONENTE | C47: MUNICIPIO DE LA JAGUA DE IBIRICO CESAR | G47: FECHA | I47: 45373
B48: OBRA | E48: DESCRIPCION
E49: PUERTAS LAMINA CON MARCO CAL. 18, INCL. ANTICORROSIVO Y ACABADO EN ESMALTE, INCLUYE CERRADURA E INSTALACION.
B50: UNIDAD : UND | C50: ITEM : | D50: 7.2
B51: CANTIDAD EN EL PROYECTO :
B52: I.- EQUIPOS Y HERRAMIENTAS
B53: TIPO INSUMO | D53: HH/DD/MES | E53: RENDIM. o % | F53: V-UNITARIO | G53: VALOR PARCIAL | I53: V. PARCIAL TOTAL
B54: Herramienta y equipo menor | D54: % | E54: 5 | F54: =SUM(I80) -> 173784 | G54: =SUM(F54*5%) -> 8689.2
B55: Elementos de consumo y proteccion | D55: % | E55: 1.5 | F55: =SUM(I80) -> 173784 | G55: =SUM(F55*1.5%) -> 2606.76
G56: =SUM(E56*F56) -> 0
G57: SUB TOTAL EQUIPOS | I57: =SUM(G54:G56) -> 11295.96
B58: II.-MATERIALES DE OBRA
B59: TIPO INSUMO | D59: UN | E59: CANTIDAD | F59: DESPERD. % | G59: V. UNITARIO | I59: V. PARCIAL TOTAL
B60: ÁNGULO HIERRO 3/4 X 1/8 | D60: mL | E60: 1.05 | G60: 2690.04 | I60: =(E60*(1+F60/100)) * (G60*(1+H60/100)) -> 2824.542
B61: SOLDADURA 6011X1/8" | D61: kg | E61: 0.7 | G61: 7324 | I61: =(E61*(1+F61/100)) * (G61*(1+H61/100)) -> 5126.8
B62: ANTICORROSIVO 507 GRIS | D62: gl | E62: 0.4 | G62: 44943 | I62: =(E62*(1+F62/100)) * (G62*(1+H62/100)) -> 17977.2
B63: LÁMINA COLD ROLLED 1.00X2.00 CAL.18 | D63: UN | E63: 1 | G63: 83657 | I63: =(E63*(1+F63/100)) * (G63*(1+H63/100)) -> 83657
B64: BISAGRA ALUMINIO EXT 3 | D64: UN | E64: 1.75 | G64: 2881.44 | I64: =(E64*(1+F64/100)) * (G64*(1+H64/100)) -> 5042.52
B65: CERRADURA YALE DE SOBREPONER | D65: UN | E65: 1 | G65: 61712 | I65: =(E65*(1+F65/100)) * (G65*(1+H65/100)) -> 61712
B66: PINTURA ESMALTE SINTET | D66: gl | E66: 1 | G66: 61225 | I66: =(E66*(1+F66/100)) * (G66*(1+H66/100)) -> 61225
B67: DISOLVENTE THINNER | D67: gl | E67: 0.4 | G67: 83427 | I67: =(E67*(1+F67/100)) * (G67*(1+H67/100)) -> 33370.8
I68: =(E68*(1+F68/100)) * (G68*(1+H68/100)) -> 0
F69: SUB TOTAL MATERIALES | I69: =SUM(I60:I68) -> 270935.86
B70: III.-TRANSPORTES DE MATERIALES
B71: TIPO INSUMO | D71: VOL-PES-DIST | E71: RENDIMIENTO | F71: TARIFA | G71: V. UNITARIO | I71: V. PARCIAL TOTAL
G72: =+D72*F72 -> 0
G73: =+D73*F73 -> 0
F74: SUB TOTAL TRANSPORTE | I74: =SUM(G72:G73) -> 0
B75: IV.- MANO DE OBRA
B76: TIPO INSUMO | D76: UNIDAD | E76: CANTIDAD | F76: V. UNITARIO | G76: RENDIMIENTO | I76: V. PARCIAL TOTAL
B77: CUADRILLA INSTALADORES (Jornal + prestaciones) 1 Oficial y 1 Ayudantes | D77: dia | E77: 1 | F77: =+(80000+50000*1)*1.671 -> 217230 | G77: 0.8 | I77: =SUM(F77*E77)*G77 -> 173784
I78: =SUM(F78*E78)*G78 -> 0
I79: =SUM(F79*E79)*G79 -> 0
F80: SUB TOTAL MANO DE OBRA | I80: =I77 -> 173784
E82: TOTAL COSTO DIRECTO | I82: =ROUND(SUM(I57+I69+I74+I80),0) -> 456016
B83: V.- COSTOS INDIRECTO
B84: FIRMA | D84: DESCRIPCION | F84: % | G84: VALOR
D85: ADMINISTRACION | F85: 25 | G85: =I82*20% -> 91203.2
D86: UTILIDAD | F86: 5 | G86: =I82*5% -> 22800.8
D87: A.U. | F87: =SUM(F85:F86) -> 30 | G87: =SUM(G85:G86) -> 114004
E88: TOTAL COSTO INDIRECTO | I88: =SUM(G87:G87) -> 114004
D89: PRECIO UNITARIO TOTAL | G89: =SUM(I82+I88) -> 570020
B91: ANALISIS DE PRECIOS UNITARIOS
B92: PROPONENTE | C92: MUNICIPIO DE LA JAGUA DE IBIRICO CESAR | G92: FECHA | I92: 45373
B93: OBRA | E93: DESCRIPCION
E94: VENTANA EN ALUMINIO
B95: UNIDAD : M2 | C95: ITEM : | D95: 7.3
B96: CANTIDAD EN EL PROYECTO :
B97: I.- EQUIPOS Y HERRAMIENTAS
B98: TIPO INSUMO | D98: HH/DD/MES | E98: RENDIM. o % | F98: V-UNITARIO | G98: VALOR PARCIAL | I98: V. PARCIAL TOTAL
B99: Herramienta y equipo menor | D99: % | E99: 5 | F99: =SUM(I125) -> 83633.55 | G99: =SUM(F99*5%) -> 4181.6775
B100: Elementos de consumo y proteccion | D100: % | E100: 1.5 | F100: =SUM(I125) -> 83633.55 | G100: =SUM(F100*1.5%) -> 1254.5032
B101: Andamios | E101: 8 | F101: 1010 | G101: =SUM(E101*F101) -> 8080
G102: SUB TOTAL EQUIPOS | I102: =SUM(G99:H101) -> 13516.181
B103: II.-MATERIALES DE OBRA
B104: TIPO INSUMO | D104: UN | E104: CANTIDAD | F104: DESPERD. % | G104: V. UNITARIO | I104: V. PARCIAL TOTAL
...

Sheet 8. ELECTRICO
B1: ANALISIS DE PRECIOS UNITARIOS
B2: PROPONENTE | C2: MUNICIPIO DE LA JAGUA DE IBIRICO CESAR | G2: FECHA | I2: 45373
B3: OBRA | E3: DESCRIPCION
E4: =+'P. Adecuación'!C46 -> SUMINISTRO E INSTALACION DE TOMAS ELECTRICOS DOBLES 110V
B5: UNIDAD : UND | C5: ITEM : | D5: 8.1
B6: CANTIDAD EN EL PROYECTO :
B7: I.- EQUIPOS Y HERRAMIENTAS
B8: TIPO INSUMO | D8: HH/DD/MES | E8: RENDIM. o % | F8: V-UNITARIO | G8: VALOR PARCIAL | I8: V. PARCIAL TOTAL
B9: Herramienta y equipo menor | D9: % | E9: 5 | F9: =SUM(I35) -> 52636.5 | G9: =SUM(F9*5%) -> 2631.825
B10: Elementos de consumo y proteccion | D10: % | E10: 1.5 | F10: =SUM(I35) -> 52636.5 | G10: =SUM(F10*1.5%) -> 789.5475
G11: =SUM(E11*F11) -> 0
G12: SUB TOTAL EQUIPOS | I12: =SUM(G9:G11) -> 3421.3725
B13: II.-MATERIALES DE OBRA
B14: TIPO INSUMO | D14: UN | E14: CANTIDAD | F14: DESPERD. % | G14: V. UNITARIO | I14: V. PARCIAL TOTAL
B15: Interruptor polo A tierra sobreponer | D15: UND | E15: 1 | G15: 13900 | I15: =(E15*(1+F15/100)) * (G15*(1+H15/100)) -> 13900
B16: cinta aislante temflex 165 negra 18mts | D16: UND | E16: 0.01 | G16: 6500 | I16: =(E16*(1+F16/100)) * (G16*(1+H16/100)) -> 65
I17: =(E17*(1+F17/100)) * (G17*(1+H17/100)) -> 0
I18: =(E18*(1+F18/100)) * (G18*(1+H18/100)) -> 0
I19: =(E19*(1+F19/100)) * (G19*(1+H19/100)) -> 0
I20: =(E20*(1+F20/100)) * (G20*(1+H20/100)) -> 0
I21: =(E21*(1+F21/100)) * (G21*(1+H21/100)) -> 0
I22: =(E22*(1+F22/100)) * (G22*(1+H22/100)) -> 0
I23: =(E23*(1+F23/100)) * (G23*(1+H23/100)) -> 0
F24: SUB TOTAL MATERIALES | I24: =SUM(I15:I23) -> 13965
B25: III.-TRANSPORTES DE MATERIALES
B26: TIPO INSUMO | D26: VOL-PES-DIST | E26: RENDIMIENTO | F26: TARIFA | G26: V. UNITARIO | I26: V. PARCIAL TOTAL
G27: =+D27*F27 -> 0
G28: =+D28*F28 -> 0
F29: SUB TOTAL TRANSPORTE | I29: =SUM(G27:G28) -> 0
B30: IV.- MANO DE OBRA
B31: TIPO INSUMO | D31: UNIDAD | E31: CANTIDAD | F31: V. UNITARIO | G31: RENDIMIENTO | I31: V. PARCIAL TOTAL
B32: CUADRILLA ELECTRICOS (Jornal + prestaciones) 1 Oficial eléctrico y 1 Ayudantes | D32: dia | E32: 0.7 | F32: =+(90000+60000*1)*1.671 -> 250650 | G32: 0.3 | I32: =SUM(F32*E32)*G32 -> 52636.5
I33: =SUM(F33*E33)*G33 -> 0
I34: =SUM(F34*E34)*G34 -> 0
F35: SUB TOTAL MANO DE OBRA | I35: =I32 -> 52636.5
E37: TOTAL COSTO DIRECTO | I37: =ROUND(SUM(I12+I24+I29+I35),0) -> 70023
B38: V.- COSTOS INDIRECTO
B39: FIRMA | D39: DESCRIPCION | F39: % | G39: VALOR
D40: ADMINISTRACION | F40: 25 | G40: =I37*20% -> 14004.6
D41: UTILIDAD | F41: 5 | G41: =I37*5% -> 3501.15
D42: A.U. | F42: =SUM(F40:F41) -> 30 | G42: =SUM(G40:G41) -> 17505.75
E43: TOTAL COSTO INDIRECTO | I43: =SUM(G42:G42) -> 17505.75
D44: PRECIO UNITARIO TOTAL | G44: =SUM(I37+I43) -> 87528.75
B46: ANALISIS DE PRECIOS UNITARIOS
B47: PROPONENTE | C47: MUNICIPIO DE LA JAGUA DE IBIRICO CESAR | G47: FECHA | I47: 45373
B48: OBRA | E48: DESCRIPCION
E49: =+'P. Adecuación'!C47 -> SUMINISTRO E INSTALACION DE INTERRUPTORES SENCILLOS 110V
B50: UNIDAD : UND | C50: ITEM : | D50: 8.2
B51: CANTIDAD EN EL PROYECTO :
B52: I.- EQUIPOS Y HERRAMIENTAS
B53: TIPO INSUMO | D53: HH/DD/MES | E53: RENDIM. o % | F53: V-UNITARIO | G53: VALOR PARCIAL | I53: V. PARCIAL TOTAL
B54: Herramienta y equipo menor | D54: % | E54: 5 | F54: =SUM(I80) -> 52636.5 | G54: =SUM(F54*5%) -> 2631.825
B55: Elementos de consumo y proteccion | D55: % | E55: 1.5 | F55: =SUM(I80) -> 52636.5 | G55: =SUM(F55*1.5%) -> 789.5475
G56: =SUM(E56*F56) -> 0
G57: SUB TOTAL EQUIPOS | I57: =SUM(G54:G56) -> 3421.3725
B58: II.-MATERIALES DE OBRA
B59: TIPO INSUMO | D59: UN | E59: CANTIDAD | F59: DESPERD. % | G59: V. UNITARIO | I59: V. PARCIAL TOTAL
B60: Interruptor polo A tierra sobreponer | D60: UND | E60: 1 | G60: 13900 | I60: =(E60*(1+F60/100)) * (G60*(1+H60/100)) -> 13900
B61: cinta aislante temflex 165 negra 18mts | D61: UND | E61: 0.01 | G61: 6500 | I61: =(E61*(1+F61/100)) * (G61*(1+H61/100)) -> 65
I64: =(E64*(1+F64/100)) * (G64*(1+H64/100)) -> 0
I65: =(E65*(1+F65/100)) * (G65*(1+H65/100)) -> 0
I66: =(E66*(1+F66/100)) * (G66*(1+H66/100)) -> 0
I67: =(E67*(1+F67/100)) * (G67*(1+H67/100)) -> 0
I68: =(E68*(1+F68/100)) * (G68*(1+H68/100)) -> 0
F69: SUB TOTAL MATERIALES | I69: =SUM(I60:I68) -> 13965
B70: III.-TRANSPORTES DE MATERIALES
B71: TIPO INSUMO | D71: VOL-PES-DIST | E71: RENDIMIENTO | F71: TARIFA | G71: V. UNITARIO | I71: V. PARCIAL TOTAL
G72: =+D72*F72 -> 0
G73: =+D73*F73 -> 0
F74: SUB TOTAL TRANSPORTE | I74: =SUM(G72:G73) -> 0
B75: IV.- MANO DE OBRA
B76: TIPO INSUMO | D76: UNIDAD | E76: CANTIDAD | F76: V. UNITARIO | G76: RENDIMIENTO | I76: V. PARCIAL TOTAL
B77: CUADRILLA ELECTRICOS (Jornal + prestaciones) 1 Oficial eléctrico y 1 Ayudantes | D77: dia | E77: 0.7 | F77: =+(90000+60000*1)*1.671 -> 250650 | G77: 0.3 | I77: =SUM(F77*E77)*G77 -> 52636.5
I78: =SUM(F78*E78)*G78 -> 0
I79: =SUM(F79*E79)*G79 -> 0
F80: SUB TOTAL MANO DE OBRA | I80: =I77 -> 52636.5
E82: TOTAL COSTO DIRECTO | I82: =ROUND(SUM(I57+I69+I74+I80),0) -> 70023
B83: V.- COSTOS INDIRECTO
B84: FIRMA | D84: DESCRIPCION | F84: % | G84: VALOR
D85: ADMINISTRACION | F85: 25 | G85: =I82*20% -> 14004.6
D86: UTILIDAD | F86: 5 | G86: =I82*5% -> 3501.15
D87: A.U. | F87: =SUM(F85:F86) -> 30 | G87: =SUM(G85:G86) -> 17505.75
E88: TOTAL COSTO INDIRECTO | I88: =SUM(G87:G87) -> 17505.75
D89: PRECIO UNITARIO TOTAL | G89: =SUM(I82+I88) -> 87528.75
B91: ANALISIS DE PRECIOS UNITARIOS
B92: PROPONENTE | C92: MUNICIPIO DE LA JAGUA DE IBIRICO CESAR | G92: FECHA | I92: 45373
B93: OBRA | E93: DESCRIPCION
E94: SALIDAS PARA ILUMINACIÓN 120V (INCLUYE CAJA OCTAGONAL, ADAPTADORES, DUCTO EMT DE 1/2 Y/O 3/4", CABLEADO EN #12 AWG + TIERRA E INTERRUPTOR. NO INCLUYE LUMINARIA)
B95: UNIDAD : UND | C95: ITEM : | D95: 8.3
B96: CANTIDAD EN EL PROYECTO :
B97: I.- EQUIPOS Y HERRAMIENTAS
B98: TIPO INSUMO | D98: HH/DD/MES | E98: RENDIM. o % | F98: V-UNITARIO | G98: VALOR PARCIAL | I98: V. PARCIAL TOTAL
B99: Herramienta y equipo menor | D99: % | E99: 5 | F99: =SUM(I125) -> 25065 | G99: =SUM(F99*5%) -> 1253.25
B100: Elementos de consumo y proteccion | D100: % | E100: 1.5 | F100: =SUM(I125) -> 25065 | G100: =SUM(F100*1.5%) -> 375.975
G101: =SUM(E101*F101) -> 0
G102: SUB TOTAL EQUIPOS | I102: =SUM(G99:H101) -> 1629.225
B103: II.-MATERIALES DE OBRA
B104: TIPO INSUMO | D104: UN | E104: CANTIDAD | F104: DESPERD. % | G104: V. UNITARIO | I104: V. PARCIAL TOTAL
B105: SOLDADURA PVC LIQUIDA 1/4 | D105: UND | E105: 0.01 | F105: 5 | G105: =114000*1.3 -> 148200 | I105: =(E105*(1+F105/100)) * (G105*(1+H105/100)) -> 1556.1
B107: TUBO CONDUIT PVC 1/2" | D107: ML | E107: 5 | F107: 5 | G107: =3550*1.3 -> 4615 | I107: =(E107*(1+F107/100)) * (G107*(1+H107/100)) -> 24228.75
...

Sheet 9. HIDROSANITARIAS
B1: ANALISIS DE PRECIOS UNITARIOS
B2: PROPONENTE | C2: MUNICIPIO DE LA JAGUA DE IBIRICO CESAR | G2: FECHA | I2: 45373
B3: OBRA | E3: DESCRIPCION
E4: TUBERÍA 1/2" PVC PRESIÓN. INC. ACCESORIOS
B5: UNIDAD : ML | C5: ITEM : | D5: 9.1
B6: CANTIDAD EN EL PROYECTO :
B7: I.- EQUIPOS Y HERRAMIENTAS
B8: TIPO INSUMO | D8: HH/DD/MES | E8: RENDIM. o % | F8: V-UNITARIO | G8: VALOR PARCIAL | I8: V. PARCIAL TOTAL
B9: Herramienta y equipo menor | D9: % | E9: 5 | F9: =SUM(I35) -> 18046.8 | G9: =SUM(F9*5%) -> 902.34
B10: Elementos de consumo y proteccion | D10: % | E10: 1.5 | F10: =SUM(I35) -> 18046.8 | G10: =SUM(F10*1.5%) -> 270.702
G11: =SUM(E11*F11) -> 0
G12: SUB TOTAL EQUIPOS | I12: =SUM(G9:H11) -> 1173.042
B13: II.-MATERIALES DE OBRA
B14: TIPO INSUMO | D14: UN | E14: CANTIDAD | F14: DESPERD. % | G14: V. UNITARIO | I14: V. PARCIAL TOTAL
B15: TUBO PRESIÓN /9 PVC 1/2 | D15: ML | E15: 1 | F15: 5 | G15: =1616*1.3 -> 2100.8 | I15: =(E15*(1+F15/100)) * (G15*(1+H15/100)) -> 2205.84
B16: CODO 90° PRESIÓN PVC 1/2 | D16: UND | E16: 0.5 | F16: 5 | G16: =501*1.2 -> 601.2 | I16: =(E16*(1+F16/100)) * (G16*(1+H16/100)) -> 315.63
B17: SOLDADURA PVC LIQUIDA 1/4 | D17: UND | E17: 0.005 | F17: 5 | G17: =114000*1.3 -> 148200 | I17: =(E17*(1+F17/100)) * (G17*(1+H17/100)) -> 778.05
B18: LIMPIADOR PVC LIQUIDA 1/4 | D18: UND | E18: 0.005 | F18: 5 | G18: =54768*1.2 -> 65721.6 | I18: =(E18*(1+F18/100)) * (G18*(1+H18/100)) -> 345.0384
B19: UNIÓN PRESIÓN PVC 1/2 | D19: UND | E19: 0.167 | F19: 5 | G19: =550*1.3 -> 715 | I19: =(E19*(1+F19/100)) * (G19*(1+H19/100)) -> 125.37525
I20: =(E20*(1+F20/100)) * (G20*(1+H20/100)) -> 0
I21: =(E21*(1+F21/100)) * (G21*(1+H21/100)) -> 0
I22: =(E22*(1+F22/100)) * (G22*(1+H22/100)) -> 0
I23: =(E23*(1+F23/100)) * (G23*(1+H23/100)) -> 0
F24: SUB TOTAL MATERIALES | I24: =SUM(I15:I23) -> 3769.9337
B25: III.-TRANSPORTES DE MATERIALES
B26: TIPO INSUMO | D26: VOL-PES-DIST | E26: RENDIMIENTO | F26: TARIFA | G26: V. UNITARIO | I26: V. PARCIAL TOTAL
G27: =+D27*F27 -> 0
G28: =+D28*F28 -> 0
F29: SUB TOTAL TRANSPORTE | I29: =SUM(G27:G28) -> 0
B30: IV.- MANO DE OBRA
B31: TIPO INSUMO | D31: UNIDAD | E31: CANTIDAD | F31: V. UNITARIO | G31: RENDIMIENTO | I31: V. PARCIAL TOTAL
B32: CUADRILLA (Jornal + prestaciones) 1 Oficial y 2 Ayudantes | D32: dia | E32: 1 | F32: =+(80000+50000*2)*1.671 -> 300780 | G32: 0.06 | I32: =SUM(F32*E32)*G32 -> 18046.8
I33: =SUM(F33*E33)*G33 -> 0
I34: =SUM(F34*E34)*G34 -> 0
F35: SUB TOTAL MANO DE OBRA | I35: =I32 -> 18046.8
E37: TOTAL COSTO DIRECTO | I37: =ROUND(SUM(I12+I24+I29+I35),0) -> 22990
B38: V.- COSTOS INDIRECTO
B39: FIRMA | D39: DESCRIPCION | F39: % | G39: VALOR
D40: ADMINISTRACION | F40: 25 | G40: =I37*20% -> 4598
D41: UTILIDAD | F41: 5 | G41: =I37*5% -> 1149.5
D42: A.U. | F42: =SUM(F40:F41) -> 30 | G42: =SUM(G40:G41) -> 5747.5
E43: TOTAL COSTO INDIRECTO | I43: =SUM(G42:G42) -> 5747.5
D44: PRECIO UNITARIO TOTAL | G44: =SUM(I37+I43) -> 28737.5
B46: ANALISIS DE PRECIOS UNITARIOS
B47: PROPONENTE | C47: MUNICIPIO DE LA JAGUA DE IBIRICO CESAR | G47: FECHA | I47: 45373
B48: OBRA | E48: DESCRIPCION
E49: PUNTO HIDRÁULICO INODORO TANQUE
B50: UNIDAD : UND | C50: ITEM : | D50: 9.2
B51: CANTIDAD EN EL PROYECTO :
B52: I.- EQUIPOS Y HERRAMIENTAS
B53: TIPO INSUMO | D53: HH/DD/MES | E53: RENDIM. o % | F53: V-UNITARIO | G53: VALOR PARCIAL | I53: V. PARCIAL TOTAL
B54: Herramienta y equipo menor | D54: % | E54: 5 | F54: =SUM(I80) -> 11947.65 | G54: =SUM(F54*5%) -> 597.3825
B55: Elementos de consumo y proteccion | D55: % | E55: 1.5 | F55: =SUM(I80) -> 11947.65 | G55: =SUM(F55*1.5%) -> 179.21475
G56: =SUM(E56*F56) -> 0
G57: SUB TOTAL EQUIPOS | I57: =SUM(G54:H56) -> 776.59725
B58: II.-MATERIALES DE OBRA
B59: TIPO INSUMO | D59: UN | E59: CANTIDAD | F59: DESPERD. % | G59: V. UNITARIO | I59: V. PARCIAL TOTAL
B60: TUBO PRESIÓN /9 PVC 1/2 | D60: ML | E60: 0.3 | F60: 5 | G60: =1616*1.3 -> 2100.8 | I60: =(E60*(1+F60/100)) * (G60*(1+H60/100)) -> 661.752
B61: CODO 90° PRESIÓN PVC 1/2 | D61: UND | E61: 2 | F61: 5 | G61: =501*1.2 -> 601.2 | I61: =(E61*(1+F61/100)) * (G61*(1+H61/100)) -> 1262.52
B62: SOLDADURA PVC LIQUIDA 1/4 | D62: UND | E62: 0.01 | F62: 5 | G62: =114000*1.3 -> 148200 | I62: =(E62*(1+F62/100)) * (G62*(1+H62/100)) -> 1556.1
B63: LIMPIADOR PVC LIQUIDA 1/4 | D63: UND | E63: 0.01 | F63: 5 | G63: =54768*1.2 -> 65721.6 | I63: =(E63*(1+F63/100)) * (G63*(1+H63/100)) -> 690.0768
B64: UNIÓN PRESIÓN PVC 1/2 | D64: UND | E64: 1 | F64: 5 | G64: =550*1.3 -> 715 | I64: =(E64*(1+F64/100)) * (G64*(1+H64/100)) -> 750.75
I65: =(E65*(1+F65/100)) * (G65*(1+H65/100)) -> 0
I66: =(E66*(1+F66/100)) * (G66*(1+H66/100)) -> 0
I67: =(E67*(1+F67/100)) * (G67*(1+H67/100)) -> 0
I68: =(E68*(1+F68/100)) * (G68*(1+H68/100)) -> 0
F69: SUB TOTAL MATERIALES | I69: =SUM(I60:I68) -> 4921.1988
B70: III.-TRANSPORTES DE MATERIALES
B71: TIPO INSUMO | D71: VOL-PES-DIST | E71: RENDIMIENTO | F71: TARIFA | G71: V. UNITARIO | I71: V. PARCIAL TOTAL
G72: =+D72*F72 -> 0
G73: =+D73*F73 -> 0
F74: SUB TOTAL TRANSPORTE | I74: =SUM(G72:G73) -> 0
B75: IV.- MANO DE OBRA
B76: TIPO INSUMO | D76: UNIDAD | E76: CANTIDAD | F76: V. UNITARIO | G76: RENDIMIENTO | I76: V. PARCIAL TOTAL
B77: CUADRILLA (Jornal + prestaciones) 1 Oficial y 1 Ayudantes | D77: dia | E77: 1 | F77: =+(80000+50000*1)*1.671 -> 217230 | G77: 0.055 | I77: =SUM(F77*E77)*G77 -> 11947.65
I78: =SUM(F78*E78)*G78 -> 0
I79: =SUM(F79*E79)*G79 -> 0
F80: SUB TOTAL MANO DE OBRA | I80: =I77 -> 11947.65
E82: TOTAL COSTO DIRECTO | I82: =ROUND(SUM(I57+I69+I74+I80),0) -> 17645
B83: V.- COSTOS INDIRECTO
B84: FIRMA | D84: DESCRIPCION | F84: % | G84: VALOR
D85: ADMINISTRACION | F85: 25 | G85: =I82*20% -> 3529
D86: UTILIDAD | F86: 5 | G86: =I82*5% -> 882.25
D87: A.U. | F87: =SUM(F85:F86) -> 30 | G87: =SUM(G85:G86) -> 4411.25
E88: TOTAL COSTO INDIRECTO | I88: =SUM(G87:G87) -> 4411.25
D89: PRECIO UNITARIO TOTAL | G89: =SUM(I82+I88) -> 22056.25
B91: ANALISIS DE PRECIOS UNITARIOS
B92: PROPONENTE | C92: MUNICIPIO DE LA JAGUA DE IBIRICO CESAR | G92: FECHA | I92: 45373
B93: OBRA | E93: DESCRIPCION
E94: PUNTO HIDRÁULICO LAVAMANOS
B95: UNIDAD : UND | C95: ITEM : | D95: 9.3
B96: CANTIDAD EN EL PROYECTO :
B97: I.- EQUIPOS Y HERRAMIENTAS
B98: TIPO INSUMO | D98: HH/DD/MES | E98: RENDIM. o % | F98: V-UNITARIO | G98: VALOR PARCIAL | I98: V. PARCIAL TOTAL
B99: Herramienta y equipo menor | D99: % | E99: 5 | F99: =SUM(I125) -> 11947.65 | G99: =SUM(F99*5%) -> 597.3825
B100: Elementos de consumo y proteccion | D100: % | E100: 1.5 | F100: =SUM(I125) -> 11947.65 | G100: =SUM(F100*1.5%) -> 179.21475
G101: =SUM(E101*F101) -> 0
G102: SUB TOTAL EQUIPOS | I102: =SUM(G99:G101) -> 776.59725
B103: II.-MATERIALES DE OBRA
B104: TIPO INSUMO | D104: UN | E104: CANTIDAD | F104: DESPERD. % | G104: V. UNITARIO | I104: V. PARCIAL TOTAL
...

Sheet 10. EQUIPOS
B1: ANALISIS DE PRECIOS UNITARIOS
B2: PROPONENTE | C2: MUNICIPIO DE LA JAGUA DE IBIRICO CESAR | G2: FECHA | I2: 45373
B3: OBRA | E3: DESCRIPCION
E4: SUMINISTRO E INSTALACIÓN AIRE ACONDICIONADO 24.000 BTU
B5: UNIDAD : UND | C5: ITEM : | D5: 10.1
B6: CANTIDAD EN EL PROYECTO :
B7: I.- EQUIPOS Y HERRAMIENTAS
B8: TIPO INSUMO | D8: HH/DD/MES | E8: RENDIM. o % | F8: V-UNITARIO | G8: VALOR PARCIAL | I8: V. PARCIAL TOTAL
B9: Herramienta y equipo menor | D9: % | E9: 5 | F9: =SUM(I35) -> 360936 | G9: =SUM(F9*5%) -> 18046.8
B10: Elementos de consumo y proteccion | D10: % | E10: 1.5 | F10: =SUM(I35) -> 360936 | G10: =SUM(F10*1.5%) -> 5414.04
B11: Andamios | E11: 1 | F11: 1010 | G11: =SUM(E11*F11) -> 1010
G12: SUB TOTAL EQUIPOS | I12: =SUM(G9:G11) -> 24470.84
B13: II.-MATERIALES DE OBRA
B14: TIPO INSUMO | D14: UN | E14: CANTIDAD | F14: DESPERD. % | G14: V. UNITARIO | I14: V. PARCIAL TOTAL
B15: AIRE ACONDICIONADO 12.000 BTU | D15: und | E15: 1 | G15: =1820000*1.1 -> 2002000 | I15: =(E15*(1+F15/100)) * (G15*(1+H15/100)) -> 2002000
B16: INSTALACIÓN ÉLECTRICA | D16: Ml | E16: 5 | F16: 5 | G16: 29641 | I16: =(E16*(1+F16/100)) * (G16*(1+H16/100)) -> 155615.25
B17: SALIDA TUBO DE 1/2" | D17: Pto | E17: 1 | F17: 5 | G17: 62645 | I17: =(E17*(1+F17/100)) * (G17*(1+H17/100)) -> 65777.25
I18: =(E18*(1+F18/100)) * (G18*(1+H18/100)) -> 0
I19: =(E19*(1+F19/100)) * (G19*(1+H19/100)) -> 0
I20: =(E20*(1+F20/100)) * (G20*(1+H20/100)) -> 0
I21: =(E21*(1+F21/100)) * (G21*(1+H21/100)) -> 0
I22: =(E22*(1+F22/100)) * (G22*(1+H22/100)) -> 0
I23: =(E23*(1+F23/100)) * (G23*(1+H23/100)) -> 0
F24: SUB TOTAL MATERIALES | I24: =SUM(I15:I23) -> 2223392.5
B25: III.-TRANSPORTES DE MATERIALES
B26: TIPO INSUMO | D26: VOL-PES-DIST | E26: RENDIMIENTO | F26: TARIFA | G26: V. UNITARIO | I26: V. PARCIAL TOTAL
G27: =SUM(E27*F27) -> 0
G28: =F28 -> 0
F29: SUB TOTAL TRANSPORTE | I29: =SUM(G27:G28) -> 0
B30: IV.- MANO DE OBRA
B31: TIPO INSUMO | D31: UNIDAD | E31: CANTIDAD | F31: V. UNITARIO | G31: RENDIMIENTO | I31: V. PARCIAL TOTAL
B32: CUADRILLA (Jornal + prestaciones) 1 Oficial y 2 Ayudantes | D32: dia | E32: 1 | F32: =+(80000+50000*2)*1.671 -> 300780 | G32: 1.2 | I32: =SUM(F32*E32)*G32 -> 360936
I33: =SUM(F33*E33)*G33 -> 0
I34: =SUM(F34*E34)*G34 -> 0
F35: SUB TOTAL MANO DE OBRA | I35: =I32 -> 360936
E37: TOTAL COSTO DIRECTO | I37: =ROUND(SUM(I12+I24+I29+I35),0) -> 2608799
B38: V.- COSTOS INDIRECTO
B39: FIRMA | D39: DESCRIPCION | F39: % | G39: VALOR
D40: ADMINISTRACION | F40: 25 | G40: =I37*20% -> 521759.8
D41: UTILIDAD | F41: 5 | G41: =I37*5% -> 130439.95
D42: A.U. | F42: =SUM(F40:F41) -> 30 | G42: =SUM(G40:G41) -> 652199.75
E43: TOTAL COSTO INDIRECTO | I43: =SUM(G42:G42) -> 652199.75
D44: PRECIO UNITARIO TOTAL | G44: =SUM(I37+I43) -> 3260998.8
B46: ANALISIS DE PRECIOS UNITARIOS
B47: PROPONENTE | C47: MUNICIPIO DE LA JAGUA DE IBIRICO CESAR | G47: FECHA | I47: 45373
B48: OBRA | E48: DESCRIPCION
E49: =+'P. Adecuación'!C64 -> SUMINISTRO E INSTALACION DE LETRERO PANEL LUMINOSO EN ACERO INOXIDABLE, INCLUYE DESMONTE E INSTALACION
B50: UNIDAD : UND | C50: ITEM : | D50: 10.2
B51: CANTIDAD EN EL PROYECTO :
B52: I.- EQUIPOS Y HERRAMIENTAS
B53: TIPO INSUMO | D53: HH/DD/MES | E53: RENDIM. o % | F53: V-UNITARIO | G53: VALOR PARCIAL | I53: V. PARCIAL TOTAL
B54: Herramienta y equipo menor | D54: % | E54: 5 | F54: =SUM(I80) -> 4511.7 | G54: =SUM(F54*5%) -> 225.585
B55: Elementos de consumo y proteccion | D55: % | E55: 1.5 | F55: =SUM(I80) -> 4511.7 | G55: =SUM(F55*1.5%) -> 67.6755
G56: =SUM(E56*F56) -> 0
G57: SUB TOTAL EQUIPOS | I57: =SUM(G54:G56) -> 293.2605
B58: II.-MATERIALES DE OBRA
B59: TIPO INSUMO | D59: UN | E59: CANTIDAD | F59: DESPERD. % | G59: V. UNITARIO | I59: V. PARCIAL TOTAL
B60: AVISO LUMINOSO | D60: UND | E60: 1 | G60: 580000 | I60: =(E60*(1+F60/100)) * (G60*(1+H60/100)) -> 580000
I61: =(E61*(1+F61/100)) * (G61*(1+H61/100)) -> 0
I62: =(E62*(1+F62/100)) * (G62*(1+H62/100)) -> 0
I63: =(E63*(1+F63/100)) * (G63*(1+H63/100)) -> 0
I64: =(E64*(1+F64/100)) * (G64*(1+H64/100)) -> 0
I65: =(E65*(1+F65/100)) * (G65*(1+H65/100)) -> 0
I66: =(E66*(1+F66/100)) * (G66*(1+H66/100)) -> 0
I67: =(E67*(1+F67/100)) * (G67*(1+H67/100)) -> 0
I68: =(E68*(1+F68/100)) * (G68*(1+H68/100)) -> 0
F69: SUB TOTAL MATERIALES | I69: =SUM(I60:I68) -> 580000
B70: III.-TRANSPORTES DE MATERIALES
B71: TIPO INSUMO | D71: VOL-PES-DIST | E71: RENDIMIENTO | F71: TARIFA | G71: V. UNITARIO | I71: V. PARCIAL TOTAL
B72: Transporte escombrera | E72: 0.06 | F72: 150000 | G72: =SUM(E72*F72) -> 9000
G73: =F73 -> 0
F74: SUB TOTAL TRANSPORTE | I74: =SUM(G72:G73) -> 9000
B75: IV.- MANO DE OBRA
B76: TIPO INSUMO | D76: UNIDAD | E76: CANTIDAD | F76: V. UNITARIO | G76: RENDIMIENTO | I76: V. PARCIAL TOTAL
B77: CUADRILLA (Jornal + prestaciones) 1 Oficial y 2 Ayudantes | D77: dia | E77: 0.3 | F77: =+(80000+50000*2)*1.671 -> 300780 | G77: 0.05 | I77: =SUM(F77*E77)*G77 -> 4511.7
I78: =SUM(F78*E78)*G78 -> 0
I79: =SUM(F79*E79)*G79 -> 0
F80: SUB TOTAL MANO DE OBRA | I80: =I77 -> 4511.7
E82: TOTAL COSTO DIRECTO | I82: =ROUND(SUM(I57+I69+I74+I80),0) -> 593805
B83: V.- COSTOS INDIRECTO
B84: FIRMA | D84: DESCRIPCION | F84: % | G84: VALOR
D85: ADMINISTRACION | F85: 25 | G85: =I82*20% -> 118761
D86: UTILIDAD | F86: 5 | G86: =I82*5% -> 29690.25
D87: A.U. | F87: =SUM(F85:F86) -> 30 | G87: =SUM(G85:G86) -> 148451.25
E88: TOTAL COSTO INDIRECTO | I88: =SUM(G87:G87) -> 148451.25
D89: PRECIO UNITARIO TOTAL | G89: =SUM(I82+I88) -> 742256.25
B91: ANALISIS DE PRECIOS UNITARIOS
B92: PROPONENTE | C92: MUNICIPIO DE LA JAGUA DE IBIRICO CESAR | G92: FECHA | I92: 45373
B93: OBRA | E93: DESCRIPCION
E94: DESMONTES (SANITARIOS, CIELO RASOS, CARPINTERIA, ELÉCTRICOS)
B95: UNIDAD : M2 | C95: ITEM : | D95: 1.3
B96: CANTIDAD EN EL PROYECTO :
B97: I.- EQUIPOS Y HERRAMIENTAS
B98: TIPO INSUMO | D98: HH/DD/MES | E98: RENDIM. o % | F98: V-UNITARIO | G98: VALOR PARCIAL | I98: V. PARCIAL TOTAL
B99: Herramienta y equipo menor | D99: % | E99: 5 | F99: =SUM(I125) -> 24062.4 | G99: =SUM(F99*5%) -> 1203.12
B100: Elementos de consumo y proteccion | D100: % | E100: 1.5 | F100: =SUM(I125) -> 24062.4 | G100: =SUM(F100*1.5%) -> 360.936
B101: Andamios | D101: Día | E101: 0.5 | F101: 1010 | G101: =SUM(E101*F101) -> 505
G102: SUB TOTAL EQUIPOS | I102: =SUM(G99:G101) -> 2069.056
B103: II.-MATERIALES DE OBRA
B104: TIPO INSUMO | D104: UN | E104: CANTIDAD | F104: DESPERD. % | G104: V. UNITARIO | I104: V. PARCIAL TOTAL
...

Sheet 11. ASEO
B1: ANALISIS DE PRECIOS UNITARIOS
B2: PROPONENTE | C2: MUNICIPIO DE LA JAGUA DE IBIRICO CESAR | G2: FECHA | I2: 45373
B3: OBRA | E3: DESCRIPCION
E4: ASEO GENERAL ENTREGA
B5: UNIDAD : M2 | C5: ITEM : | D5: 11.1
B6: CANTIDAD EN EL PROYECTO :
B7: I.- EQUIPOS Y HERRAMIENTAS
B8: TIPO INSUMO | D8: HH/DD/MES | E8: RENDIM. o % | F8: V-UNITARIO | G8: VALOR PARCIAL | I8: V. PARCIAL TOTAL
B9: Herramienta y equipo menor | D9: % | E9: 5 | F9: =SUM(I35) -> 1671 | G9: =SUM(F9*5%) -> 83.55
B10: Elementos de consumo y proteccion | D10: % | E10: 1.5 | F10: =SUM(I35) -> 1671 | G10: =SUM(F10*1.5%) -> 25.065
G11: =SUM(E11*F11) -> 0
G12: SUB TOTAL EQUIPOS | I12: =SUM(G9:G11) -> 108.615
B13: II.-MATERIALES DE OBRA
B14: TIPO INSUMO | D14: UN | E14: CANTIDAD | F14: DESPERD. % | G14: V. UNITARIO | I14: V. PARCIAL TOTAL
B15: INSUMOS DE ASEO | D15: und | E15: 1 | F15: 2 | G15: 1500 | I15: =(E15*(1+F15/100)) * (G15*(1+H15/100)) -> 1530
I16: =(E16*(1+F16/100)) * (G16*(1+H16/100)) -> 0
I17: =(E17*(1+F17/100)) * (G17*(1+H17/100)) -> 0
I18: =(E18*(1+F18/100)) * (G18*(1+H18/100)) -> 0
I19: =(E19*(1+F19/100)) * (G19*(1+H19/100)) -> 0
I20: =(E20*(1+F20/100)) * (G20*(1+H20/100)) -> 0
I21: =(E21*(1+F21/100)) * (G21*(1+H21/100)) -> 0
I22: =(E22*(1+F22/100)) * (G22*(1+H22/100)) -> 0
I23: =(E23*(1+F23/100)) * (G23*(1+H23/100)) -> 0
F24: SUB TOTAL MATERIALES | I24: =SUM(I15:I23) -> 1530
B25: III.-TRANSPORTES DE MATERIALES
B26: TIPO INSUMO | D26: VOL-PES-DIST | E26: RENDIMIENTO | F26: TARIFA | G26: V. UNITARIO | I26: V. PARCIAL TOTAL
G27: =SUM(E27*F27) -> 0
G28: =F28 -> 0
F29: SUB TOTAL TRANSPORTE | I29: =SUM(G27:G28) -> 0
B30: IV.- MANO DE OBRA
B31: TIPO INSUMO | D31: UNIDAD | E31: CANTIDAD | F31: V. UNITARIO | G31: RENDIMIENTO | I31: V. PARCIAL TOTAL
B32: CUADRILLA (Jornal + prestaciones) 2 Ayudantes | D32: dia | E32: 1 | F32: =+(50000*2)*1.671 -> 167100 | G32: 0.01 | I32: =SUM(F32*E32)*G32 -> 1671
I33: =SUM(F33*E33)*G33 -> 0
I34: =SUM(F34*E34)*G34 -> 0
F35: SUB TOTAL MANO DE OBRA | I35: =I32 -> 1671
E37: TOTAL COSTO DIRECTO | I37: =ROUND(SUM(I12+I24+I29+I35),0) -> 3310
B38: V.- COSTOS INDIRECTO
B39: FIRMA | D39: DESCRIPCION | F39: % | G39: VALOR
D40: ADMINISTRACION | F40: 25 | G40: =I37*20% -> 662
D41: UTILIDAD | F41: 5 | G41: =I37*5% -> 165.5
D42: A.U. | F42: =SUM(F40:F41) -> 30 | G42: =SUM(G40:G41) -> 827.5
E43: TOTAL COSTO INDIRECTO | I43: =SUM(G42:G42) -> 827.5
D44: PRECIO UNITARIO TOTAL | G44: =SUM(I37+I43) -> 4137.5
B46: ANALISIS DE PRECIOS UNITARIOS
B47: PROPONENTE | C47: MUNICIPIO DE LA JAGUA DE IBIRICO CESAR | G47: FECHA | I47: 45373
B48: OBRA | E48: DESCRIPCION
E49: DEMOLICIONES (MUROS, PISOS)
B50: UNIDAD : M2 | C50: ITEM : | D50: 1.2
B51: CANTIDAD EN EL PROYECTO :
B52: I.- EQUIPOS Y HERRAMIENTAS
B53: TIPO INSUMO | D53: HH/DD/MES | E53: RENDIM. o % | F53: V-UNITARIO | G53: VALOR PARCIAL | I53: V. PARCIAL TOTAL
B54: Herramienta y equipo menor | D54: % | E54: 5 | F54: =SUM(I80) -> 15039 | G54: =SUM(F54*5%) -> 751.95
B55: Elementos de consumo y proteccion | D55: % | E55: 1.5 | F55: =SUM(I80) -> 15039 | G55: =SUM(F55*1.5%) -> 225.585
G56: =SUM(E56*F56) -> 0
G57: SUB TOTAL EQUIPOS | I57: =SUM(G54:G56) -> 977.535
B58: II.-MATERIALES DE OBRA
B59: TIPO INSUMO | D59: UN | E59: CANTIDAD | F59: DESPERD. % | G59: V. UNITARIO | I59: V. PARCIAL TOTAL
I60: =(E60*(1+F60/100)) * (G60*(1+H60/100)) -> 0
I61: =(E61*(1+F61/100)) * (G61*(1+H61/100)) -> 0
I62: =(E62*(1+F62/100)) * (G62*(1+H62/100)) -> 0
I63: =(E63*(1+F63/100)) * (G63*(1+H63/100)) -> 0
I64: =(E64*(1+F64/100)) * (G64*(1+H64/100)) -> 0
I65: =(E65*(1+F65/100)) * (G65*(1+H65/100)) -> 0
I66: =(E66*(1+F66/100)) * (G66*(1+H66/100)) -> 0
I67: =(E67*(1+F67/100)) * (G67*(1+H67/100)) -> 0
I68: =(E68*(1+F68/100)) * (G68*(1+H68/100)) -> 0
F69: SUB TOTAL MATERIALES | I69: =SUM(I60:I68) -> 0
B70: III.-TRANSPORTES DE MATERIALES
B71: TIPO INSUMO | D71: VOL-PES-DIST | E71: RENDIMIENTO | F71: TARIFA | G71: V. UNITARIO | I71: V. PARCIAL TOTAL
B72: Transporte escombrera | E72: 0.06 | F72: 150000 | G72: =SUM(E72*F72) -> 9000
G73: =F73 -> 0
F74: SUB TOTAL TRANSPORTE | I74: =SUM(G72:G73) -> 9000
B75: IV.- MANO DE OBRA
B76: TIPO INSUMO | D76: UNIDAD | E76: CANTIDAD | F76: V. UNITARIO | G76: RENDIMIENTO | I76: V. PARCIAL TOTAL
B77: CUADRILLA (Jornal + prestaciones) 1 Oficial y 2 Ayudantes | D77: dia | E77: 1 | F77: =+(80000+50000*2)*1.671 -> 300780 | G77: 0.05 | I77: =SUM(F77*E77)*G77 -> 15039
I78: =SUM(F78*E78)*G78 -> 0
I79: =SUM(F79*E79)*G79 -> 0
F80: SUB TOTAL MANO DE OBRA | I80: =I77 -> 15039
E82: TOTAL COSTO DIRECTO | I82: =ROUND(SUM(I57+I69+I74+I80),0) -> 25017
B83: V.- COSTOS INDIRECTO
B84: FIRMA | D84: DESCRIPCION | F84: % | G84: VALOR
D85: ADMINISTRACION | F85: 25 | G85: =I82*20% -> 5003.4
D86: UTILIDAD | F86: 5 | G86: =I82*5% -> 1250.85
D87: A.U. | F87: =SUM(F85:F86) -> 30 | G87: =SUM(G85:G86) -> 6254.25
E88: TOTAL COSTO INDIRECTO | I88: =SUM(G87:G87) -> 6254.25
D89: PRECIO UNITARIO TOTAL | G89: =SUM(I82+I88) -> 31271.25
B91: ANALISIS DE PRECIOS UNITARIOS
B92: PROPONENTE | C92: MUNICIPIO DE LA JAGUA DE IBIRICO CESAR | G92: FECHA | I92: 45373
B93: OBRA | E93: DESCRIPCION
E94: DESMONTES (SANITARIOS, CIELO RASOS, CARPINTERIA, ELÉCTRICOS)
B95: UNIDAD : M2 | C95: ITEM : | D95: 1.3
B96: CANTIDAD EN EL PROYECTO :
B97: I.- EQUIPOS Y HERRAMIENTAS
B98: TIPO INSUMO | D98: HH/DD/MES | E98: RENDIM. o % | F98: V-UNITARIO | G98: VALOR PARCIAL | I98: V. PARCIAL TOTAL
B99: Herramienta y equipo menor | D99: % | E99: 5 | F99: =SUM(I125) -> 24062.4 | G99: =SUM(F99*5%) -> 1203.12
B100: Elementos de consumo y proteccion | D100: % | E100: 1.5 | F100: =SUM(I125) -> 24062.4 | G100: =SUM(F100*1.5%) -> 360.936
B101: Andamios | D101: Día | E101: 0.5 | F101: 1010 | G101: =SUM(E101*F101) -> 505
G102: SUB TOTAL EQUIPOS | I102: =SUM(G99:G101) -> 2069.056
B103: II.-MATERIALES DE OBRA
B104: TIPO INSUMO | D104: UN | E104: CANTIDAD | F104: DESPERD. % | G104: V. UNITARIO | I104: V. PARCIAL TOTAL
...
